Workbook

Sheet START HERE 
C2: Instructions
C5: 1. Start off by Entering the address for each rental property on the "Rental Setup" Tab. You can enter up to 10 properties.
C6: 2. Review the "Expense Guide Sheet" tab for a review of which common expenses belong in which expense category
C7: 3. Each month utilize the correlating tab to enter the monthly expenses for your rental property for that month
C8: 4. Each month utilize the correelating tab to enter the monthly repairs completed on your property
C9: 5. All repairs that are likely deductible as a repair vs. renovation will flow through to the "repairs" tab for the month
C10: 6. At the end of the year fill in your "Buiness expenses" tab for those general business expenses, these will allocate amongst your properties
C11: 7. At the end of the year send this workbook to your Tax professional, they will be able to utilize the YTD tabs to see your annual income and expense summaries.

Sheet Expense Guide Sheet
A1: EXPENSES GUIDE SHEET
A2: This is a list of some common rental related expenses for each category.
A3: There may be additional expenses you have but please place them in the most appropiate category based on the examples listed below.
B5: ADVERTISING | C5: Mailers
C6: Signs
C7: Marketing Lists
C8: Business Cards
C9: Facebook ads
C10: Online Ads
C11: Postcards
C12: Postage
C13: Craigslist Ad
B14: CLEANING AND MAINTANCE | C14: Cleaners
C15: Cleaning Supplies
C16: Power washing
C17: filter changes for Ac/Fridge
C18: Paint touch ups | G18: This is a list of some common rental related expenses for each category.
C19: Lightbulbs
B20: COMISSIONS | C20: Typically comissions will | G20: You may have other specific expenses not included on this list.
C21: be paid on the HUD and
C22: rolled into price of property | G22: Please try to place them within the most appropiate category based on the
C23: Not likely to have this
C24: expense | G24: Examples provided here.
B25: INSURANCE | C25: Home owners insurance
C26: Flood insurance
C27: Property Insurance
B28: LEGAL AND PROFESSIONAL | C28: Attorney Fees to draft lease
C29: Atorney fees for eviction
C30: General attorney calls
B31: MANAGEMENT FEES | C31: Property Management
B32: MORTGAGE INTEREST | C32: Monthly mortagage Payment
C33: - Will be reduced on tax
C34: return so only interest(deductible)
C35: is reported not principle
C36: (non deductible) portion.
B37: OTHER INTEREST | C37: Applicable credit card interest
C38: Financing interest on equiptment
B39: REPAIRS | C39: Enter all repair items on the
C40: Repairs page.
B41: SUPPLIES | C41: Any supplies directly related to the rental
C42: If general office supplies put on the
C43: "Business Expenses" Tab to be split among all
C44: properties, paper, printer, pens, ect.
B45: TAXES | C45: Property Taxes
B46: UTILITIES | C46: All Utilities paid on the property which a tenant
C47: does not reimburse you for or pay themselves
A51: All of the following are general expenses which should be entered on the "Business Expenses" tab.
A52: Those general expenses will then be split among your rentals and will flow to the monthly totals for each property.
B54: ALLOCATED EXPENSES | C54: Personal Phone
C55: Personal Internet
C56: Education
C57: Books
C58: Audible or E book subscriptions
C59: Software
C60: Web site and services
C61: Meals
C62: Meetup entry fees
C63: Expo attendance fees
C64: Po box
C65: Bookkeeping
C66: Tax Preparation
... C68: Other

Sheet YTD
A1: YEAR-TO-DATE
A3: =+A1 -> YEAR-TO-DATE | B3: RENTAL 1 | C3: RENTAL 2 | D3: RENTAL 3 | E3: RENTAL 4 | F3: RENTAL 5 | G3: RENTAL 6 | H3: RENTAL 7 | I3: RENTAL 8 | J3: RENTAL 9 | K3: RENTAL 10 | L3: TOTAL
A4: Address | B4: =IF(+'Rental Setup'!B4="","",+'Rental Setup'!B4) | C4: =IF(+'Rental Setup'!C4="","",+'Rental Setup'!C4) | D4: =IF(+'Rental Setup'!D4="","",+'Rental Setup'!D4) | E4: =IF(+'Rental Setup'!E4="","",+'Rental Setup'!E4) | F4: =IF(+'Rental Setup'!F4="","",+'Rental Setup'!F4) | G4: =IF(+'Rental Setup'!G4="","",+'Rental Setup'!G4) | H4: =IF(+'Rental Setup'!H4="","",+'Rental Setup'!H4) | I4: =IF(+'Rental Setup'!I4="","",+'Rental Setup'!I4) | ... K4: =IF(+'Rental Setup'!K4="","",+'Rental Setup'!K4)
A5: City | B5: =IF(+'Rental Setup'!B5="","",+'Rental Setup'!B5) | C5: =IF(+'Rental Setup'!C5="","",+'Rental Setup'!C5) | D5: =IF(+'Rental Setup'!D5="","",+'Rental Setup'!D5) | E5: =IF(+'Rental Setup'!E5="","",+'Rental Setup'!E5) | F5: =IF(+'Rental Setup'!F5="","",+'Rental Setup'!F5) | G5: =IF(+'Rental Setup'!G5="","",+'Rental Setup'!G5) | H5: =IF(+'Rental Setup'!H5="","",+'Rental Setup'!H5) | I5: =IF(+'Rental Setup'!I5="","",+'Rental Setup'!I5) | ... K5: =IF(+'Rental Setup'!K5="","",+'Rental Setup'!K5)
A6: State Zip | B6: =IF(+'Rental Setup'!B6="","",+'Rental Setup'!B6) | C6: =IF(+'Rental Setup'!C6="","",+'Rental Setup'!C6) | D6: =IF(+'Rental Setup'!D6="","",+'Rental Setup'!D6) | E6: =IF(+'Rental Setup'!E6="","",+'Rental Setup'!E6) | F6: =IF(+'Rental Setup'!F6="","",+'Rental Setup'!F6) | G6: =IF(+'Rental Setup'!G6="","",+'Rental Setup'!G6) | H6: =IF(+'Rental Setup'!H6="","",+'Rental Setup'!H6) | I6: =IF(+'Rental Setup'!I6="","",+'Rental Setup'!I6) | ... K6: =IF(+'Rental Setup'!K6="","",+'Rental Setup'!K6)
A8: INCOME | B8: =SUM(B9:B10) -> 0 | C8: =SUM(C9:C10) -> 0 | D8: =SUM(D9:D10) -> 0 | E8: =SUM(E9:E10) -> 0 | F8: =SUM(F9:F10) -> 0 | G8: =SUM(G9:G10) -> 0 | H8: =SUM(H9:H10) -> 0 | I8: =SUM(I9:I10) -> 0 | ... L8: =SUM(L9:L10) -> 0
A9: Rents | B9: =+JAN!B9+FEB!B9+MAR!B9+APR!B9+MAY!B9+JUN!B9+JUL!B9+AUG!B9+SEP!B9+OCT!B9+NOV!B9+DEC!B9 -> 0 | C9: =+JAN!C9+FEB!C9+MAR!C9+APR!C9+MAY!C9+JUN!C9+JUL!C9+AUG!C9+SEP!C9+OCT!C9+NOV!C9+DEC!C9 -> 0 | D9: =+JAN!D9+FEB!D9+MAR!D9+APR!D9+MAY!D9+JUN!D9+JUL!D9+AUG!D9+SEP!D9+OCT!D9+NOV!D9+DEC!D9 -> 0 | E9: =+JAN!E9+FEB!E9+MAR!E9+APR!E9+MAY!E9+JUN!E9+JUL!E9+AUG!E9+SEP!E9+OCT!E9+NOV!E9+DEC!E9 -> 0 | F9: =+JAN!F9+FEB!F9+MAR!F9+APR!F9+MAY!F9+JUN!F9+JUL!F9+AUG!F9+SEP!F9+OCT!F9+NOV!F9+DEC!F9 -> 0 | G9: =+JAN!G9+FEB!G9+MAR!G9+APR!G9+MAY!G9+JUN!G9+JUL!G9+AUG!G9+SEP!G9+OCT!G9+NOV!G9+DEC!G9 -> 0 | H9: =+JAN!H9+FEB!H9+MAR!H9+APR!H9+MAY!H9+JUN!H9+JUL!H9+AUG!H9+SEP!H9+OCT!H9+NOV!H9+DEC!H9 -> 0 | I9: =+JAN!I9+FEB!I9+MAR!I9+APR!I9+MAY!I9+JUN!I9+JUL!I9+AUG!I9+SEP!I9+OCT!I9+NOV!I9+DEC!I9 -> 0 | ... K9: =+JAN!K9+FEB!K9+MAR!K9+APR!K9+MAY!K9+JUN!K9+JUL!K9+AUG!K9+SEP!K9+OCT!K9+NOV!K9+DEC!K9 -> 0 | L9: =SUM(B9:K9) -> 0
A10: Other Income | B10: =+JAN!B10+FEB!B10+MAR!B10+APR!B10+MAY!B10+JUN!B10+JUL!B10+AUG!B10+SEP!B10+OCT!B10+NOV!B10+DEC!B10 -> 0 | C10: =+JAN!C10+FEB!C10+MAR!C10+APR!C10+MAY!C10+JUN!C10+JUL!C10+AUG!C10+SEP!C10+OCT!C10+NOV!C10+DEC!C10 -> 0 | D10: =+JAN!D10+FEB!D10+MAR!D10+APR!D10+MAY!D10+JUN!D10+JUL!D10+AUG!D10+SEP!D10+OCT!D10+NOV!D10+DEC!D10 -> 0 | E10: =+JAN!E10+FEB!E10+MAR!E10+APR!E10+MAY!E10+JUN!E10+JUL!E10+AUG!E10+SEP!E10+OCT!E10+NOV!E10+DEC!E10 -> 0 | F10: =+JAN!F10+FEB!F10+MAR!F10+APR!F10+MAY!F10+JUN!F10+JUL!F10+AUG!F10+SEP!F10+OCT!F10+NOV!F10+DEC!F10 -> 0 | G10: =+JAN!G10+FEB!G10+MAR!G10+APR!G10+MAY!G10+JUN!G10+JUL!G10+AUG!G10+SEP!G10+OCT!G10+NOV!G10+DEC!G10 -> 0 | H10: =+JAN!H10+FEB!H10+MAR!H10+APR!H10+MAY!H10+JUN!H10+JUL!H10+AUG!H10+SEP!H10+OCT!H10+NOV!H10+DEC!H10 -> 0 | I10: =+JAN!I10+FEB!I10+MAR!I10+APR!I10+MAY!I10+JUN!I10+JUL!I10+AUG!I10+SEP!I10+OCT!I10+NOV!I10+DEC!I10 -> 0 | ... K10: =+JAN!K10+FEB!K10+MAR!K10+APR!K10+MAY!K10+JUN!K10+JUL!K10+AUG!K10+SEP!K10+OCT!K10+NOV!K10+DEC!K10 -> 0 | L10: =SUM(B10:K10) -> 0
A12: EXPENSES | B12: =SUM(B13:B26) -> 0 | C12: =SUM(C13:C26) -> 0 | D12: =SUM(D13:D26) -> 0 | E12: =SUM(E13:E26) -> 0 | F12: =SUM(F13:F26) -> 0 | G12: =SUM(G13:G26) -> 0 | H12: =SUM(H13:H26) -> 0 | I12: =SUM(I13:I26) -> 0 | ... L12: =SUM(L13:L26) -> 0
A13: Advertising | B13: =+JAN!B13+FEB!B13+MAR!B13+APR!B13+MAY!B13+JUN!B13+JUL!B13+AUG!B13+SEP!B13+OCT!B13+NOV!B13+DEC!B13 -> 0 | C13: =+JAN!C13+FEB!C13+MAR!C13+APR!C13+MAY!C13+JUN!C13+JUL!C13+AUG!C13+SEP!C13+OCT!C13+NOV!C13+DEC!C13 -> 0 | D13: =+JAN!D13+FEB!D13+MAR!D13+APR!D13+MAY!D13+JUN!D13+JUL!D13+AUG!D13+SEP!D13+OCT!D13+NOV!D13+DEC!D13 -> 0 | E13: =+JAN!E13+FEB!E13+MAR!E13+APR!E13+MAY!E13+JUN!E13+JUL!E13+AUG!E13+SEP!E13+OCT!E13+NOV!E13+DEC!E13 -> 0 | F13: =+JAN!F13+FEB!F13+MAR!F13+APR!F13+MAY!F13+JUN!F13+JUL!F13+AUG!F13+SEP!F13+OCT!F13+NOV!F13+DEC!F13 -> 0 | G13: =+JAN!G13+FEB!G13+MAR!G13+APR!G13+MAY!G13+JUN!G13+JUL!G13+AUG!G13+SEP!G13+OCT!G13+NOV!G13+DEC!G13 -> 0 | H13: =+JAN!H13+FEB!H13+MAR!H13+APR!H13+MAY!H13+JUN!H13+JUL!H13+AUG!H13+SEP!H13+OCT!H13+NOV!H13+DEC!H13 -> 0 | I13: =+JAN!I13+FEB!I13+MAR!I13+APR!I13+MAY!I13+JUN!I13+JUL!I13+AUG!I13+SEP!I13+OCT!I13+NOV!I13+DEC!I13 -> 0 | ... K13: =+JAN!K13+FEB!K13+MAR!K13+APR!K13+MAY!K13+JUN!K13+JUL!K13+AUG!K13+SEP!K13+OCT!K13+NOV!K13+DEC!K13 -> 0 | L13: =SUM(B13:K13) -> 0
A14: Miles Driven | B14: =+JAN!B14+FEB!B14+MAR!B14+APR!B14+MAY!B14+JUN!B14+JUL!B14+AUG!B14+SEP!B14+OCT!B14+NOV!B14+DEC!B14 -> 0 | C14: =+JAN!C14+FEB!C14+MAR!C14+APR!C14+MAY!C14+JUN!C14+JUL!C14+AUG!C14+SEP!C14+OCT!C14+NOV!C14+DEC!C14 -> 0 | D14: =+JAN!D14+FEB!D14+MAR!D14+APR!D14+MAY!D14+JUN!D14+JUL!D14+AUG!D14+SEP!D14+OCT!D14+NOV!D14+DEC!D14 -> 0 | E14: =+JAN!E14+FEB!E14+MAR!E14+APR!E14+MAY!E14+JUN!E14+JUL!E14+AUG!E14+SEP!E14+OCT!E14+NOV!E14+DEC!E14 -> 0 | F14: =+JAN!F14+FEB!F14+MAR!F14+APR!F14+MAY!F14+JUN!F14+JUL!F14+AUG!F14+SEP!F14+OCT!F14+NOV!F14+DEC!F14 -> 0 | G14: =+JAN!G14+FEB!G14+MAR!G14+APR!G14+MAY!G14+JUN!G14+JUL!G14+AUG!G14+SEP!G14+OCT!G14+NOV!G14+DEC!G14 -> 0 | H14: =+JAN!H14+FEB!H14+MAR!H14+APR!H14+MAY!H14+JUN!H14+JUL!H14+AUG!H14+SEP!H14+OCT!H14+NOV!H14+DEC!H14 -> 0 | I14: =+JAN!I14+FEB!I14+MAR!I14+APR!I14+MAY!I14+JUN!I14+JUL!I14+AUG!I14+SEP!I14+OCT!I14+NOV!I14+DEC!I14 -> 0 | ... K14: =+JAN!K14+FEB!K14+MAR!K14+APR!K14+MAY!K14+JUN!K14+JUL!K14+AUG!K14+SEP!K14+OCT!K14+NOV!K14+DEC!K14 -> 0 | L14: =SUM(B14:K14) -> 0
A15: Cleaning and Maintance | B15: =+JAN!B15+FEB!B15+MAR!B15+APR!B15+MAY!B15+JUN!B15+JUL!B15+AUG!B15+SEP!B15+OCT!B15+NOV!B15+DEC!B15 -> 0 | C15: =+JAN!C15+FEB!C15+MAR!C15+APR!C15+MAY!C15+JUN!C15+JUL!C15+AUG!C15+SEP!C15+OCT!C15+NOV!C15+DEC!C15 -> 0 | D15: =+JAN!D15+FEB!D15+MAR!D15+APR!D15+MAY!D15+JUN!D15+JUL!D15+AUG!D15+SEP!D15+OCT!D15+NOV!D15+DEC!D15 -> 0 | E15: =+JAN!E15+FEB!E15+MAR!E15+APR!E15+MAY!E15+JUN!E15+JUL!E15+AUG!E15+SEP!E15+OCT!E15+NOV!E15+DEC!E15 -> 0 | F15: =+JAN!F15+FEB!F15+MAR!F15+APR!F15+MAY!F15+JUN!F15+JUL!F15+AUG!F15+SEP!F15+OCT!F15+NOV!F15+DEC!F15 -> 0 | G15: =+JAN!G15+FEB!G15+MAR!G15+APR!G15+MAY!G15+JUN!G15+JUL!G15+AUG!G15+SEP!G15+OCT!G15+NOV!G15+DEC!G15 -> 0 | H15: =+JAN!H15+FEB!H15+MAR!H15+APR!H15+MAY!H15+JUN!H15+JUL!H15+AUG!H15+SEP!H15+OCT!H15+NOV!H15+DEC!H15 -> 0 | I15: =+JAN!I15+FEB!I15+MAR!I15+APR!I15+MAY!I15+JUN!I15+JUL!I15+AUG!I15+SEP!I15+OCT!I15+NOV!I15+DEC!I15 -> 0 | ... K15: =+JAN!K15+FEB!K15+MAR!K15+APR!K15+MAY!K15+JUN!K15+JUL!K15+AUG!K15+SEP!K15+OCT!K15+NOV!K15+DEC!K15 -> 0 | L15: =SUM(B15:K15) -> 0
A16: Commissions | B16: =JAN!B16+FEB!B16+MAR!B16+APR!B16+MAY!B16+JUN!B16+JUL!B16+AUG!B16+SEP!B16+OCT!B16+NOV!B16+DEC!B16 -> 0 | C16: =+JAN!C16+FEB!C16+MAR!C16+APR!C16+MAY!C16+JUN!C16+JUL!C16+AUG!C16+SEP!C16+OCT!C16+NOV!C16+DEC!C16 -> 0 | D16: =+JAN!D16+FEB!D16+MAR!D16+APR!D16+MAY!D16+JUN!D16+JUL!D16+AUG!D16+SEP!D16+OCT!D16+NOV!D16+DEC!D16 -> 0 | E16: =+JAN!E16+FEB!E16+MAR!E16+APR!E16+MAY!E16+JUN!E16+JUL!E16+AUG!E16+SEP!E16+OCT!E16+NOV!E16+DEC!E16 -> 0 | F16: =+JAN!F16+FEB!F16+MAR!F16+APR!F16+MAY!F16+JUN!F16+JUL!F16+AUG!F16+SEP!F16+OCT!F16+NOV!F16+DEC!F16 -> 0 | G16: =+JAN!G16+FEB!G16+MAR!G16+APR!G16+MAY!G16+JUN!G16+JUL!G16+AUG!G16+SEP!G16+OCT!G16+NOV!G16+DEC!G16 -> 0 | H16: =+JAN!H16+FEB!H16+MAR!H16+APR!H16+MAY!H16+JUN!H16+JUL!H16+AUG!H16+SEP!H16+OCT!H16+NOV!H16+DEC!H16 -> 0 | I16: =+JAN!I16+FEB!I16+MAR!I16+APR!I16+MAY!I16+JUN!I16+JUL!I16+AUG!I16+SEP!I16+OCT!I16+NOV!I16+DEC!I16 -> 0 | J16: =+JAN!J16+FEB!J16+MAR!J16+APR!J16+MAY!J16+JUN!J16+JUL!J16+AUG!J16+SEP!J16+OCT!J16+NOV!J16+DEC!J16 -> 0 | K16: =+JAN!K16+FEB!K16+MAR!K16+APR!K16+MAY!K16+JUN!K16+JUL!K16+AUG!K16+SEP!K16+OCT!K16+NOV!K16+DEC!K16 -> 0 | L16: =SUM(B16:K16) -> 0
A17: Insurance | B17: =JAN!B17+FEB!B17+MAR!B17+APR!B17+MAY!B17+JUN!B17+JUL!B17+AUG!B17+SEP!B17+OCT!B17+NOV!B17+DEC!B17 -> 0 | C17: =+JAN!C17+FEB!C17+MAR!C17+APR!C17+MAY!C17+JUN!C17+JUL!C17+AUG!C17+SEP!C17+OCT!C17+NOV!C17+DEC!C17 -> 0 | D17: =+JAN!D17+FEB!D17+MAR!D17+APR!D17+MAY!D17+JUN!D17+JUL!D17+AUG!D17+SEP!D17+OCT!D17+NOV!D17+DEC!D17 -> 0 | E17: =+JAN!E17+FEB!E17+MAR!E17+APR!E17+MAY!E17+JUN!E17+JUL!E17+AUG!E17+SEP!E17+OCT!E17+NOV!E17+DEC!E17 -> 0 | F17: =+JAN!F17+FEB!F17+MAR!F17+APR!F17+MAY!F17+JUN!F17+JUL!F17+AUG!F17+SEP!F17+OCT!F17+NOV!F17+DEC!F17 -> 0 | G17: =+JAN!G17+FEB!G17+MAR!G17+APR!G17+MAY!G17+JUN!G17+JUL!G17+AUG!G17+SEP!G17+OCT!G17+NOV!G17+DEC!G17 -> 0 | H17: =+JAN!H17+FEB!H17+MAR!H17+APR!H17+MAY!H17+JUN!H17+JUL!H17+AUG!H17+SEP!H17+OCT!H17+NOV!H17+DEC!H17 -> 0 | I17: =+JAN!I17+FEB!I17+MAR!I17+APR!I17+MAY!I17+JUN!I17+JUL!I17+AUG!I17+SEP!I17+OCT!I17+NOV!I17+DEC!I17 -> 0 | J17: =+JAN!J17+FEB!J17+MAR!J17+APR!J17+MAY!J17+JUN!J17+JUL!J17+AUG!J17+SEP!J17+OCT!J17+NOV!J17+DEC!J17 -> 0 | K17: =+JAN!K17+FEB!K17+MAR!K17+APR!K17+MAY!K17+JUN!K17+JUL!K17+AUG!K17+SEP!K17+OCT!K17+NOV!K17+DEC!K17 -> 0 | L17: =SUM(B17:K17) -> 0
A18: Legal and professional Fees | B18: =+JAN!B18+FEB!B18+MAR!B18+APR!B18+MAY!B18+JUN!B18+JUL!B18+AUG!B18+SEP!B18+OCT!B18+NOV!B18+DEC!B18 -> 0 | C18: =+JAN!C18+FEB!C18+MAR!C18+APR!C18+MAY!C18+JUN!C18+JUL!C18+AUG!C18+SEP!C18+OCT!C18+NOV!C18+DEC!C18 -> 0 | D18: =+JAN!D18+FEB!D18+MAR!D18+APR!D18+MAY!D18+JUN!D18+JUL!D18+AUG!D18+SEP!D18+OCT!D18+NOV!D18+DEC!D18 -> 0 | E18: =+JAN!E18+FEB!E18+MAR!E18+APR!E18+MAY!E18+JUN!E18+JUL!E18+AUG!E18+SEP!E18+OCT!E18+NOV!E18+DEC!E18 -> 0 | F18: =+JAN!F18+FEB!F18+MAR!F18+APR!F18+MAY!F18+JUN!F18+JUL!F18+AUG!F18+SEP!F18+OCT!F18+NOV!F18+DEC!F18 -> 0 | G18: =+JAN!G18+FEB!G18+MAR!G18+APR!G18+MAY!G18+JUN!G18+JUL!G18+AUG!G18+SEP!G18+OCT!G18+NOV!G18+DEC!G18 -> 0 | H18: =+JAN!H18+FEB!H18+MAR!H18+APR!H18+MAY!H18+JUN!H18+JUL!H18+AUG!H18+SEP!H18+OCT!H18+NOV!H18+DEC!H18 -> 0 | I18: =+JAN!I18+FEB!I18+MAR!I18+APR!I18+MAY!I18+JUN!I18+JUL!I18+AUG!I18+SEP!I18+OCT!I18+NOV!I18+DEC!I18 -> 0 | ... K18: =+JAN!K18+FEB!K18+MAR!K18+APR!K18+MAY!K18+JUN!K18+JUL!K18+AUG!K18+SEP!K18+OCT!K18+NOV!K18+DEC!K18 -> 0 | L18: =SUM(B18:K18) -> 0
A19: Management Fees | B19: =+JAN!B19+FEB!B19+MAR!B19+APR!B19+MAY!B19+JUN!B19+JUL!B19+AUG!B19+SEP!B19+OCT!B19+NOV!B19+DEC!B19 -> 0 | C19: =+JAN!C19+FEB!C19+MAR!C19+APR!C19+MAY!C19+JUN!C19+JUL!C19+AUG!C19+SEP!C19+OCT!C19+NOV!C19+DEC!C19 -> 0 | D19: =+JAN!D19+FEB!D19+MAR!D19+APR!D19+MAY!D19+JUN!D19+JUL!D19+AUG!D19+SEP!D19+OCT!D19+NOV!D19+DEC!D19 -> 0 | E19: =+JAN!E19+FEB!E19+MAR!E19+APR!E19+MAY!E19+JUN!E19+JUL!E19+AUG!E19+SEP!E19+OCT!E19+NOV!E19+DEC!E19 -> 0 | F19: =+JAN!F19+FEB!F19+MAR!F19+APR!F19+MAY!F19+JUN!F19+JUL!F19+AUG!F19+SEP!F19+OCT!F19+NOV!F19+DEC!F19 -> 0 | G19: =+JAN!G19+FEB!G19+MAR!G19+APR!G19+MAY!G19+JUN!G19+JUL!G19+AUG!G19+SEP!G19+OCT!G19+NOV!G19+DEC!G19 -> 0 | H19: =+JAN!H19+FEB!H19+MAR!H19+APR!H19+MAY!H19+JUN!H19+JUL!H19+AUG!H19+SEP!H19+OCT!H19+NOV!H19+DEC!H19 -> 0 | I19: =+JAN!I19+FEB!I19+MAR!I19+APR!I19+MAY!I19+JUN!I19+JUL!I19+AUG!I19+SEP!I19+OCT!I19+NOV!I19+DEC!I19 -> 0 | ... K19: =+JAN!K19+FEB!K19+MAR!K19+APR!K19+MAY!K19+JUN!K19+JUL!K19+AUG!K19+SEP!K19+OCT!K19+NOV!K19+DEC!K19 -> 0 | L19: =SUM(B19:K19) -> 0
A20: Mortgage Interest | B20: =+JAN!B20+FEB!B20+MAR!B20+APR!B20+MAY!B20+JUN!B20+JUL!B20+AUG!B20+SEP!B20+OCT!B20+NOV!B20+DEC!B20 -> 0 | C20: =+JAN!C20+FEB!C20+MAR!C20+APR!C20+MAY!C20+JUN!C20+JUL!C20+AUG!C20+SEP!C20+OCT!C20+NOV!C20+DEC!C20 -> 0 | D20: =+JAN!D20+FEB!D20+MAR!D20+APR!D20+MAY!D20+JUN!D20+JUL!D20+AUG!D20+SEP!D20+OCT!D20+NOV!D20+DEC!D20 -> 0 | E20: =+JAN!E20+FEB!E20+MAR!E20+APR!E20+MAY!E20+JUN!E20+JUL!E20+AUG!E20+SEP!E20+OCT!E20+NOV!E20+DEC!E20 -> 0 | F20: =+JAN!F20+FEB!F20+MAR!F20+APR!F20+MAY!F20+JUN!F20+JUL!F20+AUG!F20+SEP!F20+OCT!F20+NOV!F20+DEC!F20 -> 0 | G20: =+JAN!G20+FEB!G20+MAR!G20+APR!G20+MAY!G20+JUN!G20+JUL!G20+AUG!G20+SEP!G20+OCT!G20+NOV!G20+DEC!G20 -> 0 | H20: =+JAN!H20+FEB!H20+MAR!H20+APR!H20+MAY!H20+JUN!H20+JUL!H20+AUG!H20+SEP!H20+OCT!H20+NOV!H20+DEC!H20 -> 0 | I20: =+JAN!I20+FEB!I20+MAR!I20+APR!I20+MAY!I20+JUN!I20+JUL!I20+AUG!I20+SEP!I20+OCT!I20+NOV!I20+DEC!I20 -> 0 | ... K20: =+JAN!K20+FEB!K20+MAR!K20+APR!K20+MAY!K20+JUN!K20+JUL!K20+AUG!K20+SEP!K20+OCT!K20+NOV!K20+DEC!K20 -> 0 | L20: =SUM(B20:K20) -> 0
A21: Other Interest | B21: =+JAN!B21+FEB!B21+MAR!B21+APR!B21+MAY!B21+JUN!B21+JUL!B21+AUG!B21+SEP!B21+OCT!B21+NOV!B21+DEC!B21 -> 0 | C21: =+JAN!C21+FEB!C21+MAR!C21+APR!C21+MAY!C21+JUN!C21+JUL!C21+AUG!C21+SEP!C21+OCT!C21+NOV!C21+DEC!C21 -> 0 | D21: =+JAN!D21+FEB!D21+MAR!D21+APR!D21+MAY!D21+JUN!D21+JUL!D21+AUG!D21+SEP!D21+OCT!D21+NOV!D21+DEC!D21 -> 0 | E21: =+JAN!E21+FEB!E21+MAR!E21+APR!E21+MAY!E21+JUN!E21+JUL!E21+AUG!E21+SEP!E21+OCT!E21+NOV!E21+DEC!E21 -> 0 | F21: =+JAN!F21+FEB!F21+MAR!F21+APR!F21+MAY!F21+JUN!F21+JUL!F21+AUG!F21+SEP!F21+OCT!F21+NOV!F21+DEC!F21 -> 0 | G21: =+JAN!G21+FEB!G21+MAR!G21+APR!G21+MAY!G21+JUN!G21+JUL!G21+AUG!G21+SEP!G21+OCT!G21+NOV!G21+DEC!G21 -> 0 | H21: =+JAN!H21+FEB!H21+MAR!H21+APR!H21+MAY!H21+JUN!H21+JUL!H21+AUG!H21+SEP!H21+OCT!H21+NOV!H21+DEC!H21 -> 0 | I21: =+JAN!I21+FEB!I21+MAR!I21+APR!I21+MAY!I21+JUN!I21+JUL!I21+AUG!I21+SEP!I21+OCT!I21+NOV!I21+DEC!I21 -> 0 | ... K21: =+JAN!K21+FEB!K21+MAR!K21+APR!K21+MAY!K21+JUN!K21+JUL!K21+AUG!K21+SEP!K21+OCT!K21+NOV!K21+DEC!K21 -> 0 | L21: =SUM(B21:K21) -> 0
A22: Repairs | B22: =+JAN!B22+FEB!B22+MAR!B22+APR!B22+MAY!B22+JUN!B22+JUL!B22+AUG!B22+SEP!B22+OCT!B22+NOV!B22+DEC!B22 -> 0 | C22: =+JAN!C22+FEB!C22+MAR!C22+APR!C22+MAY!C22+JUN!C22+JUL!C22+AUG!C22+SEP!C22+OCT!C22+NOV!C22+DEC!C22 -> 0 | D22: =+JAN!D22+FEB!D22+MAR!D22+APR!D22+MAY!D22+JUN!D22+JUL!D22+AUG!D22+SEP!D22+OCT!D22+NOV!D22+DEC!D22 -> 0 | E22: =+JAN!E22+FEB!E22+MAR!E22+APR!E22+MAY!E22+JUN!E22+JUL!E22+AUG!E22+SEP!E22+OCT!E22+NOV!E22+DEC!E22 -> 0 | F22: =+JAN!F22+FEB!F22+MAR!F22+APR!F22+MAY!F22+JUN!F22+JUL!F22+AUG!F22+SEP!F22+OCT!F22+NOV!F22+DEC!F22 -> 0 | G22: =+JAN!G22+FEB!G22+MAR!G22+APR!G22+MAY!G22+JUN!G22+JUL!G22+AUG!G22+SEP!G22+OCT!G22+NOV!G22+DEC!G22 -> 0 | H22: =+JAN!H22+FEB!H22+MAR!H22+APR!H22+MAY!H22+JUN!H22+JUL!H22+AUG!H22+SEP!H22+OCT!H22+NOV!H22+DEC!H22 -> 0 | I22: =+JAN!I22+FEB!I22+MAR!I22+APR!I22+MAY!I22+JUN!I22+JUL!I22+AUG!I22+SEP!I22+OCT!I22+NOV!I22+DEC!I22 -> 0 | ... K22: =+JAN!K22+FEB!K22+MAR!K22+APR!K22+MAY!K22+JUN!K22+JUL!K22+AUG!K22+SEP!K22+OCT!K22+NOV!K22+DEC!K22 -> 0 | L22: =SUM(B22:K22) -> 0
A23: Supplies | B23: =+JAN!B23+FEB!B23+MAR!B23+APR!B23+MAY!B23+JUN!B23+JUL!B23+AUG!B23+SEP!B23+OCT!B23+NOV!B23+DEC!B23 -> 0 | C23: =+JAN!C23+FEB!C23+MAR!C23+APR!C23+MAY!C23+JUN!C23+JUL!C23+AUG!C23+SEP!C23+OCT!C23+NOV!C23+DEC!C23 -> 0 | D23: =+JAN!D23+FEB!D23+MAR!D23+APR!D23+MAY!D23+JUN!D23+JUL!D23+AUG!D23+SEP!D23+OCT!D23+NOV!D23+DEC!D23 -> 0 | E23: =+JAN!E23+FEB!E23+MAR!E23+APR!E23+MAY!E23+JUN!E23+JUL!E23+AUG!E23+SEP!E23+OCT!E23+NOV!E23+DEC!E23 -> 0 | F23: =+JAN!F23+FEB!F23+MAR!F23+APR!F23+MAY!F23+JUN!F23+JUL!F23+AUG!F23+SEP!F23+OCT!F23+NOV!F23+DEC!F23 -> 0 | G23: =+JAN!G23+FEB!G23+MAR!G23+APR!G23+MAY!G23+JUN!G23+JUL!G23+AUG!G23+SEP!G23+OCT!G23+NOV!G23+DEC!G23 -> 0 | H23: =+JAN!H23+FEB!H23+MAR!H23+APR!H23+MAY!H23+JUN!H23+JUL!H23+AUG!H23+SEP!H23+OCT!H23+NOV!H23+DEC!H23 -> 0 | I23: =+JAN!I23+FEB!I23+MAR!I23+APR!I23+MAY!I23+JUN!I23+JUL!I23+AUG!I23+SEP!I23+OCT!I23+NOV!I23+DEC!I23 -> 0 | ... K23: =+JAN!K23+FEB!K23+MAR!K23+APR!K23+MAY!K23+JUN!K23+JUL!K23+AUG!K23+SEP!K23+OCT!K23+NOV!K23+DEC!K23 -> 0 | L23: =SUM(B23:K23) -> 0
A24: Taxes | B24: =JAN!B24+FEB!B24+MAR!B24+APR!B24+MAY!B24+JUN!B24+JUL!B24+AUG!B24+SEP!B24+OCT!B24+NOV!B24+DEC!B24 -> 0 | C24: =JAN!C24+FEB!C24+MAR!C24+APR!C24+MAY!C24+JUN!C24+JUL!C24+AUG!C24+SEP!C24+OCT!C24+NOV!C24+DEC!C24 -> 0 | D24: =JAN!D24+FEB!D24+MAR!D24+APR!D24+MAY!D24+JUN!D24+JUL!D24+AUG!D24+SEP!D24+OCT!D24+NOV!D24+DEC!D24 -> 0 | E24: =JAN!E24+FEB!E24+MAR!E24+APR!E24+MAY!E24+JUN!E24+JUL!E24+AUG!E24+SEP!E24+OCT!E24+NOV!E24+DEC!E24 -> 0 | F24: =JAN!F24+FEB!F24+MAR!F24+APR!F24+MAY!F24+JUN!F24+JUL!F24+AUG!F24+SEP!F24+OCT!F24+NOV!F24+DEC!F24 -> 0 | G24: =JAN!G24+FEB!G24+MAR!G24+APR!G24+MAY!G24+JUN!G24+JUL!G24+AUG!G24+SEP!G24+OCT!G24+NOV!G24+DEC!G24 -> 0 | H24: =JAN!H24+FEB!H24+MAR!H24+APR!H24+MAY!H24+JUN!H24+JUL!H24+AUG!H24+SEP!H24+OCT!H24+NOV!H24+DEC!H24 -> 0 | I24: =+JAN!I24+FEB!I24+MAR!I24+APR!I24+MAY!I24+JUN!I24+JUL!I24+AUG!I24+SEP!I24+OCT!I24+NOV!I24+DEC!I24 -> 0 | J24: =+JAN!J24+FEB!J24+MAR!J24+APR!J24+MAY!J24+JUN!J24+JUL!J24+AUG!J24+SEP!J24+OCT!J24+NOV!J24+DEC!J24 -> 0 | K24: =+JAN!K24+FEB!K24+MAR!K24+APR!K24+MAY!K24+JUN!K24+JUL!K24+AUG!K24+SEP!K24+OCT!K24+NOV!K24+DEC!K24 -> 0 | L24: =SUM(B24:K24) -> 0
A25: Utilities | B25: =+JAN!B25+FEB!B25+MAR!B25+APR!B25+MAY!B25+JUN!B25+JUL!B25+AUG!B25+SEP!B25+OCT!B25+NOV!B25+DEC!B25 -> 0 | C25: =+JAN!C25+FEB!C25+MAR!C25+APR!C25+MAY!C25+JUN!C25+JUL!C25+AUG!C25+SEP!C25+OCT!C25+NOV!C25+DEC!C25 -> 0 | D25: =+JAN!D25+FEB!D25+MAR!D25+APR!D25+MAY!D25+JUN!D25+JUL!D25+AUG!D25+SEP!D25+OCT!D25+NOV!D25+DEC!D25 -> 0 | E25: =+JAN!E25+FEB!E25+MAR!E25+APR!E25+MAY!E25+JUN!E25+JUL!E25+AUG!E25+SEP!E25+OCT!E25+NOV!E25+DEC!E25 -> 0 | F25: =+JAN!F25+FEB!F25+MAR!F25+APR!F25+MAY!F25+JUN!F25+JUL!F25+AUG!F25+SEP!F25+OCT!F25+NOV!F25+DEC!F25 -> 0 | G25: =+JAN!G25+FEB!G25+MAR!G25+APR!G25+MAY!G25+JUN!G25+JUL!G25+AUG!G25+SEP!G25+OCT!G25+NOV!G25+DEC!G25 -> 0 | H25: =+JAN!H25+FEB!H25+MAR!H25+APR!H25+MAY!H25+JUN!H25+JUL!H25+AUG!H25+SEP!H25+OCT!H25+NOV!H25+DEC!H25 -> 0 | I25: =+JAN!I25+FEB!I25+MAR!I25+APR!I25+MAY!I25+JUN!I25+JUL!I25+AUG!I25+SEP!I25+OCT!I25+NOV!I25+DEC!I25 -> 0 | ... K25: =+JAN!K25+FEB!K25+MAR!K25+APR!K25+MAY!K25+JUN!K25+JUL!K25+AUG!K25+SEP!K25+OCT!K25+NOV!K25+DEC!K25 -> 0 | L25: =SUM(B25:K25) -> 0
A26: Other | B26: =+JAN!B26+FEB!B26+MAR!B26+APR!B26+MAY!B26+JUN!B26+JUL!B26+AUG!B26+SEP!B26+OCT!B26+NOV!B26+DEC!B26 -> 0 | C26: =+JAN!C26+FEB!C26+MAR!C26+APR!C26+MAY!C26+JUN!C26+JUL!C26+AUG!C26+SEP!C26+OCT!C26+NOV!C26+DEC!C26 -> 0 | D26: =+JAN!D26+FEB!D26+MAR!D26+APR!D26+MAY!D26+JUN!D26+JUL!D26+AUG!D26+SEP!D26+OCT!D26+NOV!D26+DEC!D26 -> 0 | E26: =+JAN!E26+FEB!E26+MAR!E26+APR!E26+MAY!E26+JUN!E26+JUL!E26+AUG!E26+SEP!E26+OCT!E26+NOV!E26+DEC!E26 -> 0 | F26: =+JAN!F26+FEB!F26+MAR!F26+APR!F26+MAY!F26+JUN!F26+JUL!F26+AUG!F26+SEP!F26+OCT!F26+NOV!F26+DEC!F26 -> 0 | G26: =+JAN!G26+FEB!G26+MAR!G26+APR!G26+MAY!G26+JUN!G26+JUL!G26+AUG!G26+SEP!G26+OCT!G26+NOV!G26+DEC!G26 -> 0 | H26: =+JAN!H26+FEB!H26+MAR!H26+APR!H26+MAY!H26+JUN!H26+JUL!H26+AUG!H26+SEP!H26+OCT!H26+NOV!H26+DEC!H26 -> 0 | I26: =+JAN!I26+FEB!I26+MAR!I26+APR!I26+MAY!I26+JUN!I26+JUL!I26+AUG!I26+SEP!I26+OCT!I26+NOV!I26+DEC!I26 -> 0 | ... K26: =+JAN!K26+FEB!K26+MAR!K26+APR!K26+MAY!K26+JUN!K26+JUL!K26+AUG!K26+SEP!K26+OCT!K26+NOV!K26+DEC!K26 -> 0 | L26: =SUM(B26:K26) -> 0
A28: ALLOCATED EXPENSES | B28: =SUM(B29:B43) -> 0 | C28: =SUM(C29:C43) -> 0 | D28: =SUM(D29:D43) -> 0 | E28: =SUM(E29:E43) -> 0 | F28: =SUM(F29:F43) -> 0 | G28: =SUM(G29:G43) -> 0 | H28: =SUM(H29:H43) -> 0 | I28: =SUM(I29:I43) -> 0 | ... L28: =SUM(L29:L43) -> 0
A29: Personal Phone | B29: =+JAN!B29+FEB!B29+MAR!B29+APR!B29+MAY!B29+JUN!B29+JUL!B29+AUG!B29+SEP!B29+OCT!B29+NOV!B29+DEC!B29 -> 0 | C29: =+JAN!C29+FEB!C29+MAR!C29+APR!C29+MAY!C29+JUN!C29+JUL!C29+AUG!C29+SEP!C29+OCT!C29+NOV!C29+DEC!C29 -> 0 | D29: =+JAN!D29+FEB!D29+MAR!D29+APR!D29+MAY!D29+JUN!D29+JUL!D29+AUG!D29+SEP!D29+OCT!D29+NOV!D29+DEC!D29 -> 0 | E29: =+JAN!E29+FEB!E29+MAR!E29+APR!E29+MAY!E29+JUN!E29+JUL!E29+AUG!E29+SEP!E29+OCT!E29+NOV!E29+DEC!E29 -> 0 | F29: =+JAN!F29+FEB!F29+MAR!F29+APR!F29+MAY!F29+JUN!F29+JUL!F29+AUG!F29+SEP!F29+OCT!F29+NOV!F29+DEC!F29 -> 0 | G29: =+JAN!G29+FEB!G29+MAR!G29+APR!G29+MAY!G29+JUN!G29+JUL!G29+AUG!G29+SEP!G29+OCT!G29+NOV!G29+DEC!G29 -> 0 | H29: =+JAN!H29+FEB!H29+MAR!H29+APR!H29+MAY!H29+JUN!H29+JUL!H29+AUG!H29+SEP!H29+OCT!H29+NOV!H29+DEC!H29 -> 0 | I29: =+JAN!I29+FEB!I29+MAR!I29+APR!I29+MAY!I29+JUN!I29+JUL!I29+AUG!I29+SEP!I29+OCT!I29+NOV!I29+DEC!I29 -> 0 | ... K29: =+JAN!K29+FEB!K29+MAR!K29+APR!K29+MAY!K29+JUN!K29+JUL!K29+AUG!K29+SEP!K29+OCT!K29+NOV!K29+DEC!K29 -> 0 | L29: =SUM(B29:K29) -> 0
A30: Personal Internet | B30: =+JAN!B30+FEB!B30+MAR!B30+APR!B30+MAY!B30+JUN!B30+JUL!B30+AUG!B30+SEP!B30+OCT!B30+NOV!B30+DEC!B30 -> 0 | C30: =+JAN!C30+FEB!C30+MAR!C30+APR!C30+MAY!C30+JUN!C30+JUL!C30+AUG!C30+SEP!C30+OCT!C30+NOV!C30+DEC!C30 -> 0 | D30: =+JAN!D30+FEB!D30+MAR!D30+APR!D30+MAY!D30+JUN!D30+JUL!D30+AUG!D30+SEP!D30+OCT!D30+NOV!D30+DEC!D30 -> 0 | E30: =+JAN!E30+FEB!E30+MAR!E30+APR!E30+MAY!E30+JUN!E30+JUL!E30+AUG!E30+SEP!E30+OCT!E30+NOV!E30+DEC!E30 -> 0 | F30: =+JAN!F30+FEB!F30+MAR!F30+APR!F30+MAY!F30+JUN!F30+JUL!F30+AUG!F30+SEP!F30+OCT!F30+NOV!F30+DEC!F30 -> 0 | G30: =+JAN!G30+FEB!G30+MAR!G30+APR!G30+MAY!G30+JUN!G30+JUL!G30+AUG!G30+SEP!G30+OCT!G30+NOV!G30+DEC!G30 -> 0 | H30: =+JAN!H30+FEB!H30+MAR!H30+APR!H30+MAY!H30+JUN!H30+JUL!H30+AUG!H30+SEP!H30+OCT!H30+NOV!H30+DEC!H30 -> 0 | I30: =+JAN!I30+FEB!I30+MAR!I30+APR!I30+MAY!I30+JUN!I30+JUL!I30+AUG!I30+SEP!I30+OCT!I30+NOV!I30+DEC!I30 -> 0 | ... K30: =+JAN!K30+FEB!K30+MAR!K30+APR!K30+MAY!K30+JUN!K30+JUL!K30+AUG!K30+SEP!K30+OCT!K30+NOV!K30+DEC!K30 -> 0 | L30: =SUM(B30:K30) -> 0
A31: Education | B31: =+JAN!B31+FEB!B31+MAR!B31+APR!B31+MAY!B31+JUN!B31+JUL!B31+AUG!B31+SEP!B31+OCT!B31+NOV!B31+DEC!B31 -> 0 | C31: =+JAN!C31+FEB!C31+MAR!C31+APR!C31+MAY!C31+JUN!C31+JUL!C31+AUG!C31+SEP!C31+OCT!C31+NOV!C31+DEC!C31 -> 0 | D31: =+JAN!D31+FEB!D31+MAR!D31+APR!D31+MAY!D31+JUN!D31+JUL!D31+AUG!D31+SEP!D31+OCT!D31+NOV!D31+DEC!D31 -> 0 | E31: =+JAN!E31+FEB!E31+MAR!E31+APR!E31+MAY!E31+JUN!E31+JUL!E31+AUG!E31+SEP!E31+OCT!E31+NOV!E31+DEC!E31 -> 0 | F31: =+JAN!F31+FEB!F31+MAR!F31+APR!F31+MAY!F31+JUN!F31+JUL!F31+AUG!F31+SEP!F31+OCT!F31+NOV!F31+DEC!F31 -> 0 | G31: =+JAN!G31+FEB!G31+MAR!G31+APR!G31+MAY!G31+JUN!G31+JUL!G31+AUG!G31+SEP!G31+OCT!G31+NOV!G31+DEC!G31 -> 0 | H31: =+JAN!H31+FEB!H31+MAR!H31+APR!H31+MAY!H31+JUN!H31+JUL!H31+AUG!H31+SEP!H31+OCT!H31+NOV!H31+DEC!H31 -> 0 | I31: =+JAN!I31+FEB!I31+MAR!I31+APR!I31+MAY!I31+JUN!I31+JUL!I31+AUG!I31+SEP!I31+OCT!I31+NOV!I31+DEC!I31 -> 0 | ... K31: =+JAN!K31+FEB!K31+MAR!K31+APR!K31+MAY!K31+JUN!K31+JUL!K31+AUG!K31+SEP!K31+OCT!K31+NOV!K31+DEC!K31 -> 0 | L31: =SUM(B31:K31) -> 0
A32: Books | B32: =+JAN!B32+FEB!B32+MAR!B32+APR!B32+MAY!B32+JUN!B32+JUL!B32+AUG!B32+SEP!B32+OCT!B32+NOV!B32+DEC!B32 -> 0 | C32: =+JAN!C32+FEB!C32+MAR!C32+APR!C32+MAY!C32+JUN!C32+JUL!C32+AUG!C32+SEP!C32+OCT!C32+NOV!C32+DEC!C32 -> 0 | D32: =+JAN!D32+FEB!D32+MAR!D32+APR!D32+MAY!D32+JUN!D32+JUL!D32+AUG!D32+SEP!D32+OCT!D32+NOV!D32+DEC!D32 -> 0 | E32: =+JAN!E32+FEB!E32+MAR!E32+APR!E32+MAY!E32+JUN!E32+JUL!E32+AUG!E32+SEP!E32+OCT!E32+NOV!E32+DEC!E32 -> 0 | F32: =+JAN!F32+FEB!F32+MAR!F32+APR!F32+MAY!F32+JUN!F32+JUL!F32+AUG!F32+SEP!F32+OCT!F32+NOV!F32+DEC!F32 -> 0 | G32: =+JAN!G32+FEB!G32+MAR!G32+APR!G32+MAY!G32+JUN!G32+JUL!G32+AUG!G32+SEP!G32+OCT!G32+NOV!G32+DEC!G32 -> 0 | H32: =+JAN!H32+FEB!H32+MAR!H32+APR!H32+MAY!H32+JUN!H32+JUL!H32+AUG!H32+SEP!H32+OCT!H32+NOV!H32+DEC!H32 -> 0 | I32: =+JAN!I32+FEB!I32+MAR!I32+APR!I32+MAY!I32+JUN!I32+JUL!I32+AUG!I32+SEP!I32+OCT!I32+NOV!I32+DEC!I32 -> 0 | ... K32: =+JAN!K32+FEB!K32+MAR!K32+APR!K32+MAY!K32+JUN!K32+JUL!K32+AUG!K32+SEP!K32+OCT!K32+NOV!K32+DEC!K32 -> 0 | L32: =SUM(B32:K32) -> 0
A33: Audible or E book subscriptions | B33: =+JAN!B33+FEB!B33+MAR!B33+APR!B33+MAY!B33+JUN!B33+JUL!B33+AUG!B33+SEP!B33+OCT!B33+NOV!B33+DEC!B33 -> 0 | C33: =+JAN!C33+FEB!C33+MAR!C33+APR!C33+MAY!C33+JUN!C33+JUL!C33+AUG!C33+SEP!C33+OCT!C33+NOV!C33+DEC!C33 -> 0 | D33: =+JAN!D33+FEB!D33+MAR!D33+APR!D33+MAY!D33+JUN!D33+JUL!D33+AUG!D33+SEP!D33+OCT!D33+NOV!D33+DEC!D33 -> 0 | E33: =+JAN!E33+FEB!E33+MAR!E33+APR!E33+MAY!E33+JUN!E33+JUL!E33+AUG!E33+SEP!E33+OCT!E33+NOV!E33+DEC!E33 -> 0 | F33: =+JAN!F33+FEB!F33+MAR!F33+APR!F33+MAY!F33+JUN!F33+JUL!F33+AUG!F33+SEP!F33+OCT!F33+NOV!F33+DEC!F33 -> 0 | G33: =+JAN!G33+FEB!G33+MAR!G33+APR!G33+MAY!G33+JUN!G33+JUL!G33+AUG!G33+SEP!G33+OCT!G33+NOV!G33+DEC!G33 -> 0 | H33: =+JAN!H33+FEB!H33+MAR!H33+APR!H33+MAY!H33+JUN!H33+JUL!H33+AUG!H33+SEP!H33+OCT!H33+NOV!H33+DEC!H33 -> 0 | I33: =+JAN!I33+FEB!I33+MAR!I33+APR!I33+MAY!I33+JUN!I33+JUL!I33+AUG!I33+SEP!I33+OCT!I33+NOV!I33+DEC!I33 -> 0 | ... K33: =+JAN!K33+FEB!K33+MAR!K33+APR!K33+MAY!K33+JUN!K33+JUL!K33+AUG!K33+SEP!K33+OCT!K33+NOV!K33+DEC!K33 -> 0 | L33: =SUM(B33:K33) -> 0
A34: Software | B34: =+JAN!B34+FEB!B34+MAR!B34+APR!B34+MAY!B34+JUN!B34+JUL!B34+AUG!B34+SEP!B34+OCT!B34+NOV!B34+DEC!B34 -> 0 | C34: =+JAN!C34+FEB!C34+MAR!C34+APR!C34+MAY!C34+JUN!C34+JUL!C34+AUG!C34+SEP!C34+OCT!C34+NOV!C34+DEC!C34 -> 0 | D34: =+JAN!D34+FEB!D34+MAR!D34+APR!D34+MAY!D34+JUN!D34+JUL!D34+AUG!D34+SEP!D34+OCT!D34+NOV!D34+DEC!D34 -> 0 | E34: =+JAN!E34+FEB!E34+MAR!E34+APR!E34+MAY!E34+JUN!E34+JUL!E34+AUG!E34+SEP!E34+OCT!E34+NOV!E34+DEC!E34 -> 0 | F34: =+JAN!F34+FEB!F34+MAR!F34+APR!F34+MAY!F34+JUN!F34+JUL!F34+AUG!F34+SEP!F34+OCT!F34+NOV!F34+DEC!F34 -> 0 | G34: =+JAN!G34+FEB!G34+MAR!G34+APR!G34+MAY!G34+JUN!G34+JUL!G34+AUG!G34+SEP!G34+OCT!G34+NOV!G34+DEC!G34 -> 0 | H34: =+JAN!H34+FEB!H34+MAR!H34+APR!H34+MAY!H34+JUN!H34+JUL!H34+AUG!H34+SEP!H34+OCT!H34+NOV!H34+DEC!H34 -> 0 | I34: =+JAN!I34+FEB!I34+MAR!I34+APR!I34+MAY!I34+JUN!I34+JUL!I34+AUG!I34+SEP!I34+OCT!I34+NOV!I34+DEC!I34 -> 0 | ... K34: =+JAN!K34+FEB!K34+MAR!K34+APR!K34+MAY!K34+JUN!K34+JUL!K34+AUG!K34+SEP!K34+OCT!K34+NOV!K34+DEC!K34 -> 0 | L34: =SUM(B34:K34) -> 0
A35: Web site and services | B35: =+JAN!B35+FEB!B35+MAR!B35+APR!B35+MAY!B35+JUN!B35+JUL!B35+AUG!B35+SEP!B35+OCT!B35+NOV!B35+DEC!B35 -> 0 | C35: =+JAN!C35+FEB!C35+MAR!C35+APR!C35+MAY!C35+JUN!C35+JUL!C35+AUG!C35+SEP!C35+OCT!C35+NOV!C35+DEC!C35 -> 0 | D35: =+JAN!D35+FEB!D35+MAR!D35+APR!D35+MAY!D35+JUN!D35+JUL!D35+AUG!D35+SEP!D35+OCT!D35+NOV!D35+DEC!D35 -> 0 | E35: =+JAN!E35+FEB!E35+MAR!E35+APR!E35+MAY!E35+JUN!E35+JUL!E35+AUG!E35+SEP!E35+OCT!E35+NOV!E35+DEC!E35 -> 0 | F35: =+JAN!F35+FEB!F35+MAR!F35+APR!F35+MAY!F35+JUN!F35+JUL!F35+AUG!F35+SEP!F35+OCT!F35+NOV!F35+DEC!F35 -> 0 | G35: =+JAN!G35+FEB!G35+MAR!G35+APR!G35+MAY!G35+JUN!G35+JUL!G35+AUG!G35+SEP!G35+OCT!G35+NOV!G35+DEC!G35 -> 0 | H35: =+JAN!H35+FEB!H35+MAR!H35+APR!H35+MAY!H35+JUN!H35+JUL!H35+AUG!H35+SEP!H35+OCT!H35+NOV!H35+DEC!H35 -> 0 | I35: =+JAN!I35+FEB!I35+MAR!I35+APR!I35+MAY!I35+JUN!I35+JUL!I35+AUG!I35+SEP!I35+OCT!I35+NOV!I35+DEC!I35 -> 0 | ... K35: =+JAN!K35+FEB!K35+MAR!K35+APR!K35+MAY!K35+JUN!K35+JUL!K35+AUG!K35+SEP!K35+OCT!K35+NOV!K35+DEC!K35 -> 0 | L35: =SUM(B35:K35) -> 0
A36: Meals | B36: =+JAN!B36+FEB!B36+MAR!B36+APR!B36+MAY!B36+JUN!B36+JUL!B36+AUG!B36+SEP!B36+OCT!B36+NOV!B36+DEC!B36 -> 0 | C36: =+JAN!C36+FEB!C36+MAR!C36+APR!C36+MAY!C36+JUN!C36+JUL!C36+AUG!C36+SEP!C36+OCT!C36+NOV!C36+DEC!C36 -> 0 | D36: =+JAN!D36+FEB!D36+MAR!D36+APR!D36+MAY!D36+JUN!D36+JUL!D36+AUG!D36+SEP!D36+OCT!D36+NOV!D36+DEC!D36 -> 0 | E36: =+JAN!E36+FEB!E36+MAR!E36+APR!E36+MAY!E36+JUN!E36+JUL!E36+AUG!E36+SEP!E36+OCT!E36+NOV!E36+DEC!E36 -> 0 | F36: =+JAN!F36+FEB!F36+MAR!F36+APR!F36+MAY!F36+JUN!F36+JUL!F36+AUG!F36+SEP!F36+OCT!F36+NOV!F36+DEC!F36 -> 0 | G36: =+JAN!G36+FEB!G36+MAR!G36+APR!G36+MAY!G36+JUN!G36+JUL!G36+AUG!G36+SEP!G36+OCT!G36+NOV!G36+DEC!G36 -> 0 | H36: =+JAN!H36+FEB!H36+MAR!H36+APR!H36+MAY!H36+JUN!H36+JUL!H36+AUG!H36+SEP!H36+OCT!H36+NOV!H36+DEC!H36 -> 0 | I36: =+JAN!I36+FEB!I36+MAR!I36+APR!I36+MAY!I36+JUN!I36+JUL!I36+AUG!I36+SEP!I36+OCT!I36+NOV!I36+DEC!I36 -> 0 | ... K36: =+JAN!K36+FEB!K36+MAR!K36+APR!K36+MAY!K36+JUN!K36+JUL!K36+AUG!K36+SEP!K36+OCT!K36+NOV!K36+DEC!K36 -> 0 | L36: =SUM(B36:K36) -> 0
A37: Meetup entry fees | B37: =+JAN!B37+FEB!B37+MAR!B37+APR!B37+MAY!B37+JUN!B37+JUL!B37+AUG!B37+SEP!B37+OCT!B37+NOV!B37+DEC!B37 -> 0 | C37: =+JAN!C37+FEB!C37+MAR!C37+APR!C37+MAY!C37+JUN!C37+JUL!C37+AUG!C37+SEP!C37+OCT!C37+NOV!C37+DEC!C37 -> 0 | D37: =+JAN!D37+FEB!D37+MAR!D37+APR!D37+MAY!D37+JUN!D37+JUL!D37+AUG!D37+SEP!D37+OCT!D37+NOV!D37+DEC!D37 -> 0 | E37: =+JAN!E37+FEB!E37+MAR!E37+APR!E37+MAY!E37+JUN!E37+JUL!E37+AUG!E37+SEP!E37+OCT!E37+NOV!E37+DEC!E37 -> 0 | F37: =+JAN!F37+FEB!F37+MAR!F37+APR!F37+MAY!F37+JUN!F37+JUL!F37+AUG!F37+SEP!F37+OCT!F37+NOV!F37+DEC!F37 -> 0 | G37: =+JAN!G37+FEB!G37+MAR!G37+APR!G37+MAY!G37+JUN!G37+JUL!G37+AUG!G37+SEP!G37+OCT!G37+NOV!G37+DEC!G37 -> 0 | H37: =+JAN!H37+FEB!H37+MAR!H37+APR!H37+MAY!H37+JUN!H37+JUL!H37+AUG!H37+SEP!H37+OCT!H37+NOV!H37+DEC!H37 -> 0 | I37: =+JAN!I37+FEB!I37+MAR!I37+APR!I37+MAY!I37+JUN!I37+JUL!I37+AUG!I37+SEP!I37+OCT!I37+NOV!I37+DEC!I37 -> 0 | ... K37: =+JAN!K37+FEB!K37+MAR!K37+APR!K37+MAY!K37+JUN!K37+JUL!K37+AUG!K37+SEP!K37+OCT!K37+NOV!K37+DEC!K37 -> 0 | L37: =SUM(B37:K37) -> 0
A38: Expo attendance fees | B38: =+JAN!B38+FEB!B38+MAR!B38+APR!B38+MAY!B38+JUN!B38+JUL!B38+AUG!B38+SEP!B38+OCT!B38+NOV!B38+DEC!B38 -> 0 | C38: =+JAN!C38+FEB!C38+MAR!C38+APR!C38+MAY!C38+JUN!C38+JUL!C38+AUG!C38+SEP!C38+OCT!C38+NOV!C38+DEC!C38 -> 0 | D38: =+JAN!D38+FEB!D38+MAR!D38+APR!D38+MAY!D38+JUN!D38+JUL!D38+AUG!D38+SEP!D38+OCT!D38+NOV!D38+DEC!D38 -> 0 | E38: =+JAN!E38+FEB!E38+MAR!E38+APR!E38+MAY!E38+JUN!E38+JUL!E38+AUG!E38+SEP!E38+OCT!E38+NOV!E38+DEC!E38 -> 0 | F38: =+JAN!F38+FEB!F38+MAR!F38+APR!F38+MAY!F38+JUN!F38+JUL!F38+AUG!F38+SEP!F38+OCT!F38+NOV!F38+DEC!F38 -> 0 | G38: =+JAN!G38+FEB!G38+MAR!G38+APR!G38+MAY!G38+JUN!G38+JUL!G38+AUG!G38+SEP!G38+OCT!G38+NOV!G38+DEC!G38 -> 0 | H38: =+JAN!H38+FEB!H38+MAR!H38+APR!H38+MAY!H38+JUN!H38+JUL!H38+AUG!H38+SEP!H38+OCT!H38+NOV!H38+DEC!H38 -> 0 | I38: =+JAN!I38+FEB!I38+MAR!I38+APR!I38+MAY!I38+JUN!I38+JUL!I38+AUG!I38+SEP!I38+OCT!I38+NOV!I38+DEC!I38 -> 0 | ... K38: =+JAN!K38+FEB!K38+MAR!K38+APR!K38+MAY!K38+JUN!K38+JUL!K38+AUG!K38+SEP!K38+OCT!K38+NOV!K38+DEC!K38 -> 0 | L38: =SUM(B38:K38) -> 0
A39: Po box | B39: =+JAN!B39+FEB!B39+MAR!B39+APR!B39+MAY!B39+JUN!B39+JUL!B39+AUG!B39+SEP!B39+OCT!B39+NOV!B39+DEC!B39 -> 0 | C39: =+JAN!C39+FEB!C39+MAR!C39+APR!C39+MAY!C39+JUN!C39+JUL!C39+AUG!C39+SEP!C39+OCT!C39+NOV!C39+DEC!C39 -> 0 | D39: =+JAN!D39+FEB!D39+MAR!D39+APR!D39+MAY!D39+JUN!D39+JUL!D39+AUG!D39+SEP!D39+OCT!D39+NOV!D39+DEC!D39 -> 0 | E39: =+JAN!E39+FEB!E39+MAR!E39+APR!E39+MAY!E39+JUN!E39+JUL!E39+AUG!E39+SEP!E39+OCT!E39+NOV!E39+DEC!E39 -> 0 | F39: =+JAN!F39+FEB!F39+MAR!F39+APR!F39+MAY!F39+JUN!F39+JUL!F39+AUG!F39+SEP!F39+OCT!F39+NOV!F39+DEC!F39 -> 0 | G39: =+JAN!G39+FEB!G39+MAR!G39+APR!G39+MAY!G39+JUN!G39+JUL!G39+AUG!G39+SEP!G39+OCT!G39+NOV!G39+DEC!G39 -> 0 | H39: =+JAN!H39+FEB!H39+MAR!H39+APR!H39+MAY!H39+JUN!H39+JUL!H39+AUG!H39+SEP!H39+OCT!H39+NOV!H39+DEC!H39 -> 0 | I39: =+JAN!I39+FEB!I39+MAR!I39+APR!I39+MAY!I39+JUN!I39+JUL!I39+AUG!I39+SEP!I39+OCT!I39+NOV!I39+DEC!I39 -> 0 | ... K39: =+JAN!K39+FEB!K39+MAR!K39+APR!K39+MAY!K39+JUN!K39+JUL!K39+AUG!K39+SEP!K39+OCT!K39+NOV!K39+DEC!K39 -> 0 | L39: =SUM(B39:K39) -> 0
A40: Bookkeeping | B40: =+JAN!B40+FEB!B40+MAR!B40+APR!B40+MAY!B40+JUN!B40+JUL!B40+AUG!B40+SEP!B40+OCT!B40+NOV!B40+DEC!B40 -> 0 | C40: =+JAN!C40+FEB!C40+MAR!C40+APR!C40+MAY!C40+JUN!C40+JUL!C40+AUG!C40+SEP!C40+OCT!C40+NOV!C40+DEC!C40 -> 0 | D40: =+JAN!D40+FEB!D40+MAR!D40+APR!D40+MAY!D40+JUN!D40+JUL!D40+AUG!D40+SEP!D40+OCT!D40+NOV!D40+DEC!D40 -> 0 | E40: =+JAN!E40+FEB!E40+MAR!E40+APR!E40+MAY!E40+JUN!E40+JUL!E40+AUG!E40+SEP!E40+OCT!E40+NOV!E40+DEC!E40 -> 0 | F40: =+JAN!F40+FEB!F40+MAR!F40+APR!F40+MAY!F40+JUN!F40+JUL!F40+AUG!F40+SEP!F40+OCT!F40+NOV!F40+DEC!F40 -> 0 | G40: =+JAN!G40+FEB!G40+MAR!G40+APR!G40+MAY!G40+JUN!G40+JUL!G40+AUG!G40+SEP!G40+OCT!G40+NOV!G40+DEC!G40 -> 0 | H40: =+JAN!H40+FEB!H40+MAR!H40+APR!H40+MAY!H40+JUN!H40+JUL!H40+AUG!H40+SEP!H40+OCT!H40+NOV!H40+DEC!H40 -> 0 | I40: =+JAN!I40+FEB!I40+MAR!I40+APR!I40+MAY!I40+JUN!I40+JUL!I40+AUG!I40+SEP!I40+OCT!I40+NOV!I40+DEC!I40 -> 0 | ... K40: =+JAN!K40+FEB!K40+MAR!K40+APR!K40+MAY!K40+JUN!K40+JUL!K40+AUG!K40+SEP!K40+OCT!K40+NOV!K40+DEC!K40 -> 0 | L40: =SUM(B40:K40) -> 0
... A43: Other | B43: =+JAN!B43+FEB!B43+MAR!B43+APR!B43+MAY!B43+JUN!B43+JUL!B43+AUG!B43+SEP!B43+OCT!B43+NOV!B43+DEC!B43 -> 0 | C43: =+JAN!C43+FEB!C43+MAR!C43+APR!C43+MAY!C43+JUN!C43+JUL!C43+AUG!C43+SEP!C43+OCT!C43+NOV!C43+DEC!C43 -> 0 | D43: =+JAN!D43+FEB!D43+MAR!D43+APR!D43+MAY!D43+JUN!D43+JUL!D43+AUG!D43+SEP!D43+OCT!D43+NOV!D43+DEC!D43 -> 0 | E43: =+JAN!E43+FEB!E43+MAR!E43+APR!E43+MAY!E43+JUN!E43+JUL!E43+AUG!E43+SEP!E43+OCT!E43+NOV!E43+DEC!E43 -> 0 | F43: =+JAN!F43+FEB!F43+MAR!F43+APR!F43+MAY!F43+JUN!F43+JUL!F43+AUG!F43+SEP!F43+OCT!F43+NOV!F43+DEC!F43 -> 0 | G43: =+JAN!G43+FEB!G43+MAR!G43+APR!G43+MAY!G43+JUN!G43+JUL!G43+AUG!G43+SEP!G43+OCT!G43+NOV!G43+DEC!G43 -> 0 | H43: =+JAN!H43+FEB!H43+MAR!H43+APR!H43+MAY!H43+JUN!H43+JUL!H43+AUG!H43+SEP!H43+OCT!H43+NOV!H43+DEC!H43 -> 0 | I43: =+JAN!I43+FEB!I43+MAR!I43+APR!I43+MAY!I43+JUN!I43+JUL!I43+AUG!I43+SEP!I43+OCT!I43+NOV!I43+DEC!I43 -> 0 | ... K43: =+JAN!K43+FEB!K43+MAR!K43+APR!K43+MAY!K43+JUN!K43+JUL!K43+AUG!K43+SEP!K43+OCT!K43+NOV!K43+DEC!K43 -> 0 | L43: =SUM(B43:K43) -> 0
A45: Net Income or Loss | B45: =B8-B12-B28 -> 0 | C45: =C8-C12-C28 -> 0 | D45: =D8-D12-D28 -> 0 | E45: =E8-E12-E28 -> 0 | F45: =F8-F12-F28 -> 0 | G45: =G8-G12-G28 -> 0 | H45: =H8-H12-H28 -> 0 | I45: =I8-I12-I28 -> 0 | ... L45: =L8-L12-L28 -> 0

Sheet YTD - Repairs
A1: REPAIRS
A2: Some elements of renovations can be expensed all at once, and do not need to be capitalized. Please provide the details for renovations/repair
A3: costs related to each property here. Include the total cost of supplies and labor related to each item.
A5: REPAIRS | B5: RENTAL 1 | C5: RENTAL 2 | D5: RENTAL 3 | E5: RENTAL 4 | F5: RENTAL 5 | G5: RENTAL 6 | H5: RENTAL 7 | I5: RENTAL 8 | J5: RENTAL 9 | K5: RENTAL 10 | L5: TOTAL
A6: Address | B6: =IF(+'Rental Setup'!B4="","",+'Rental Setup'!B4) | C6: =IF(+'Rental Setup'!C4="","",+'Rental Setup'!C4) | D6: =IF(+'Rental Setup'!D4="","",+'Rental Setup'!D4) | E6: =IF(+'Rental Setup'!E4="","",+'Rental Setup'!E4) | F6: =IF(+'Rental Setup'!F4="","",+'Rental Setup'!F4) | G6: =IF(+'Rental Setup'!G4="","",+'Rental Setup'!G4) | H6: =IF(+'Rental Setup'!H4="","",+'Rental Setup'!H4) | I6: =IF(+'Rental Setup'!I4="","",+'Rental Setup'!I4) | ... K6: =IF(+'Rental Setup'!K4="","",+'Rental Setup'!K4)
A7: City | B7: =IF(+'Rental Setup'!B5="","",+'Rental Setup'!B5) | C7: =IF(+'Rental Setup'!C5="","",+'Rental Setup'!C5) | D7: =IF(+'Rental Setup'!D5="","",+'Rental Setup'!D5) | E7: =IF(+'Rental Setup'!E5="","",+'Rental Setup'!E5) | F7: =IF(+'Rental Setup'!F5="","",+'Rental Setup'!F5) | G7: =IF(+'Rental Setup'!G5="","",+'Rental Setup'!G5) | H7: =IF(+'Rental Setup'!H5="","",+'Rental Setup'!H5) | I7: =IF(+'Rental Setup'!I5="","",+'Rental Setup'!I5) | ... K7: =IF(+'Rental Setup'!K5="","",+'Rental Setup'!K5)
A8: State Zip | B8: =IF(+'Rental Setup'!B6="","",+'Rental Setup'!B6) | C8: =IF(+'Rental Setup'!C6="","",+'Rental Setup'!C6) | D8: =IF(+'Rental Setup'!D6="","",+'Rental Setup'!D6) | E8: =IF(+'Rental Setup'!E6="","",+'Rental Setup'!E6) | F8: =IF(+'Rental Setup'!F6="","",+'Rental Setup'!F6) | G8: =IF(+'Rental Setup'!G6="","",+'Rental Setup'!G6) | H8: =IF(+'Rental Setup'!H6="","",+'Rental Setup'!H6) | I8: =IF(+'Rental Setup'!I6="","",+'Rental Setup'!I6) | ... K8: =IF(+'Rental Setup'!K6="","",+'Rental Setup'!K6)
A10: GENERAL | B10: =SUM(B11:B18) -> 0 | C10: =SUM(C11:C18) -> 0 | D10: =SUM(D11:D18) -> 0 | E10: =SUM(E11:E18) -> 0 | F10: =SUM(F11:F18) -> 0 | G10: =SUM(G11:G18) -> 0 | H10: =SUM(H11:H18) -> 0 | I10: =SUM(I11:I18) -> 0 | ... L10: =SUM(L11:L18) -> 0
A11: Appliances | B11: =+'JAN - Repairs'!B11+'FEB - Repairs'!B11+'MAR - Repairs'!B11+'APR - Repairs'!B11+'MAY - Repairs'!B11+'JUN - Repairs'!B11+'JUL - Repairs'!B11+'AUG - Repairs'!B11+'SEP - Repairs'!B11+'OCT - Repairs'!B11+'NOV - Repairs'!B11+'DEC - Repairs'!B11 -> 0 | C11: =+'JAN - Repairs'!C11+'FEB - Repairs'!C11+'MAR - Repairs'!C11+'APR - Repairs'!C11+'MAY - Repairs'!C11+'JUN - Repairs'!C11+'JUL - Repairs'!C11+'AUG - Repairs'!C11+'SEP - Repairs'!C11+'OCT - Repairs'!C11+'NOV - Repairs'!C11+'DEC - Repairs'!C11 -> 0 | D11: =+'JAN - Repairs'!D11+'FEB - Repairs'!D11+'MAR - Repairs'!D11+'APR - Repairs'!D11+'MAY - Repairs'!D11+'JUN - Repairs'!D11+'JUL - Repairs'!D11+'AUG - Repairs'!D11+'SEP - Repairs'!D11+'OCT - Repairs'!D11+'NOV - Repairs'!D11+'DEC - Repairs'!D11 -> 0 | E11: =+'JAN - Repairs'!E11+'FEB - Repairs'!E11+'MAR - Repairs'!E11+'APR - Repairs'!E11+'MAY - Repairs'!E11+'JUN - Repairs'!E11+'JUL - Repairs'!E11+'AUG - Repairs'!E11+'SEP - Repairs'!E11+'OCT - Repairs'!E11+'NOV - Repairs'!E11+'DEC - Repairs'!E11 -> 0 | F11: =+'JAN - Repairs'!F11+'FEB - Repairs'!F11+'MAR - Repairs'!F11+'APR - Repairs'!F11+'MAY - Repairs'!F11+'JUN - Repairs'!F11+'JUL - Repairs'!F11+'AUG - Repairs'!F11+'SEP - Repairs'!F11+'OCT - Repairs'!F11+'NOV - Repairs'!F11+'DEC - Repairs'!F11 -> 0 | G11: =+'JAN - Repairs'!G11+'FEB - Repairs'!G11+'MAR - Repairs'!G11+'APR - Repairs'!G11+'MAY - Repairs'!G11+'JUN - Repairs'!G11+'JUL - Repairs'!G11+'AUG - Repairs'!G11+'SEP - Repairs'!G11+'OCT - Repairs'!G11+'NOV - Repairs'!G11+'DEC - Repairs'!G11 -> 0 | H11: =+'JAN - Repairs'!H11+'FEB - Repairs'!H11+'MAR - Repairs'!H11+'APR - Repairs'!H11+'MAY - Repairs'!H11+'JUN - Repairs'!H11+'JUL - Repairs'!H11+'AUG - Repairs'!H11+'SEP - Repairs'!H11+'OCT - Repairs'!H11+'NOV - Repairs'!H11+'DEC - Repairs'!H11 -> 0 | I11: =+'JAN - Repairs'!I11+'FEB - Repairs'!I11+'MAR - Repairs'!I11+'APR - Repairs'!I11+'MAY - Repairs'!I11+'JUN - Repairs'!I11+'JUL - Repairs'!I11+'AUG - Repairs'!I11+'SEP - Repairs'!I11+'OCT - Repairs'!I11+'NOV - Repairs'!I11+'DEC - Repairs'!I11 -> 0 | ... K11: =+'JAN - Repairs'!K11+'FEB - Repairs'!K11+'MAR - Repairs'!K11+'APR - Repairs'!K11+'MAY - Repairs'!K11+'JUN - Repairs'!K11+'JUL - Repairs'!K11+'AUG - Repairs'!K11+'SEP - Repairs'!K11+'OCT - Repairs'!K11+'NOV - Repairs'!K11+'DEC - Repairs'!K11 -> 0 | L11: =SUM(B11:K11) -> 0
A12: Carpet (Not other flooring) | B12: =+'JAN - Repairs'!B12+'FEB - Repairs'!B12+'MAR - Repairs'!B12+'APR - Repairs'!B12+'MAY - Repairs'!B12+'JUN - Repairs'!B12+'JUL - Repairs'!B12+'AUG - Repairs'!B12+'SEP - Repairs'!B12+'OCT - Repairs'!B12+'NOV - Repairs'!B12+'DEC - Repairs'!B12 -> 0 | C12: =+'JAN - Repairs'!C12+'FEB - Repairs'!C12+'MAR - Repairs'!C12+'APR - Repairs'!C12+'MAY - Repairs'!C12+'JUN - Repairs'!C12+'JUL - Repairs'!C12+'AUG - Repairs'!C12+'SEP - Repairs'!C12+'OCT - Repairs'!C12+'NOV - Repairs'!C12+'DEC - Repairs'!C12 -> 0 | D12: =+'JAN - Repairs'!D12+'FEB - Repairs'!D12+'MAR - Repairs'!D12+'APR - Repairs'!D12+'MAY - Repairs'!D12+'JUN - Repairs'!D12+'JUL - Repairs'!D12+'AUG - Repairs'!D12+'SEP - Repairs'!D12+'OCT - Repairs'!D12+'NOV - Repairs'!D12+'DEC - Repairs'!D12 -> 0 | E12: =+'JAN - Repairs'!E12+'FEB - Repairs'!E12+'MAR - Repairs'!E12+'APR - Repairs'!E12+'MAY - Repairs'!E12+'JUN - Repairs'!E12+'JUL - Repairs'!E12+'AUG - Repairs'!E12+'SEP - Repairs'!E12+'OCT - Repairs'!E12+'NOV - Repairs'!E12+'DEC - Repairs'!E12 -> 0 | F12: =+'JAN - Repairs'!F12+'FEB - Repairs'!F12+'MAR - Repairs'!F12+'APR - Repairs'!F12+'MAY - Repairs'!F12+'JUN - Repairs'!F12+'JUL - Repairs'!F12+'AUG - Repairs'!F12+'SEP - Repairs'!F12+'OCT - Repairs'!F12+'NOV - Repairs'!F12+'DEC - Repairs'!F12 -> 0 | G12: =+'JAN - Repairs'!G12+'FEB - Repairs'!G12+'MAR - Repairs'!G12+'APR - Repairs'!G12+'MAY - Repairs'!G12+'JUN - Repairs'!G12+'JUL - Repairs'!G12+'AUG - Repairs'!G12+'SEP - Repairs'!G12+'OCT - Repairs'!G12+'NOV - Repairs'!G12+'DEC - Repairs'!G12 -> 0 | H12: =+'JAN - Repairs'!H12+'FEB - Repairs'!H12+'MAR - Repairs'!H12+'APR - Repairs'!H12+'MAY - Repairs'!H12+'JUN - Repairs'!H12+'JUL - Repairs'!H12+'AUG - Repairs'!H12+'SEP - Repairs'!H12+'OCT - Repairs'!H12+'NOV - Repairs'!H12+'DEC - Repairs'!H12 -> 0 | I12: =+'JAN - Repairs'!I12+'FEB - Repairs'!I12+'MAR - Repairs'!I12+'APR - Repairs'!I12+'MAY - Repairs'!I12+'JUN - Repairs'!I12+'JUL - Repairs'!I12+'AUG - Repairs'!I12+'SEP - Repairs'!I12+'OCT - Repairs'!I12+'NOV - Repairs'!I12+'DEC - Repairs'!I12 -> 0 | ... K12: =+'JAN - Repairs'!K12+'FEB - Repairs'!K12+'MAR - Repairs'!K12+'APR - Repairs'!K12+'MAY - Repairs'!K12+'JUN - Repairs'!K12+'JUL - Repairs'!K12+'AUG - Repairs'!K12+'SEP - Repairs'!K12+'OCT - Repairs'!K12+'NOV - Repairs'!K12+'DEC - Repairs'!K12 -> 0 | L12: =SUM(B12:K12) -> 0
A13: Paint | B13: =+'JAN - Repairs'!B13+'FEB - Repairs'!B13+'MAR - Repairs'!B13+'APR - Repairs'!B13+'MAY - Repairs'!B13+'JUN - Repairs'!B13+'JUL - Repairs'!B13+'AUG - Repairs'!B13+'SEP - Repairs'!B13+'OCT - Repairs'!B13+'NOV - Repairs'!B13+'DEC - Repairs'!B13 -> 0 | C13: =+'JAN - Repairs'!C13+'FEB - Repairs'!C13+'MAR - Repairs'!C13+'APR - Repairs'!C13+'MAY - Repairs'!C13+'JUN - Repairs'!C13+'JUL - Repairs'!C13+'AUG - Repairs'!C13+'SEP - Repairs'!C13+'OCT - Repairs'!C13+'NOV - Repairs'!C13+'DEC - Repairs'!C13 -> 0 | D13: =+'JAN - Repairs'!D13+'FEB - Repairs'!D13+'MAR - Repairs'!D13+'APR - Repairs'!D13+'MAY - Repairs'!D13+'JUN - Repairs'!D13+'JUL - Repairs'!D13+'AUG - Repairs'!D13+'SEP - Repairs'!D13+'OCT - Repairs'!D13+'NOV - Repairs'!D13+'DEC - Repairs'!D13 -> 0 | E13: =+'JAN - Repairs'!E13+'FEB - Repairs'!E13+'MAR - Repairs'!E13+'APR - Repairs'!E13+'MAY - Repairs'!E13+'JUN - Repairs'!E13+'JUL - Repairs'!E13+'AUG - Repairs'!E13+'SEP - Repairs'!E13+'OCT - Repairs'!E13+'NOV - Repairs'!E13+'DEC - Repairs'!E13 -> 0 | F13: =+'JAN - Repairs'!F13+'FEB - Repairs'!F13+'MAR - Repairs'!F13+'APR - Repairs'!F13+'MAY - Repairs'!F13+'JUN - Repairs'!F13+'JUL - Repairs'!F13+'AUG - Repairs'!F13+'SEP - Repairs'!F13+'OCT - Repairs'!F13+'NOV - Repairs'!F13+'DEC - Repairs'!F13 -> 0 | G13: =+'JAN - Repairs'!G13+'FEB - Repairs'!G13+'MAR - Repairs'!G13+'APR - Repairs'!G13+'MAY - Repairs'!G13+'JUN - Repairs'!G13+'JUL - Repairs'!G13+'AUG - Repairs'!G13+'SEP - Repairs'!G13+'OCT - Repairs'!G13+'NOV - Repairs'!G13+'DEC - Repairs'!G13 -> 0 | H13: =+'JAN - Repairs'!H13+'FEB - Repairs'!H13+'MAR - Repairs'!H13+'APR - Repairs'!H13+'MAY - Repairs'!H13+'JUN - Repairs'!H13+'JUL - Repairs'!H13+'AUG - Repairs'!H13+'SEP - Repairs'!H13+'OCT - Repairs'!H13+'NOV - Repairs'!H13+'DEC - Repairs'!H13 -> 0 | I13: =+'JAN - Repairs'!I13+'FEB - Repairs'!I13+'MAR - Repairs'!I13+'APR - Repairs'!I13+'MAY - Repairs'!I13+'JUN - Repairs'!I13+'JUL - Repairs'!I13+'AUG - Repairs'!I13+'SEP - Repairs'!I13+'OCT - Repairs'!I13+'NOV - Repairs'!I13+'DEC - Repairs'!I13 -> 0 | ... K13: =+'JAN - Repairs'!K13+'FEB - Repairs'!K13+'MAR - Repairs'!K13+'APR - Repairs'!K13+'MAY - Repairs'!K13+'JUN - Repairs'!K13+'JUL - Repairs'!K13+'AUG - Repairs'!K13+'SEP - Repairs'!K13+'OCT - Repairs'!K13+'NOV - Repairs'!K13+'DEC - Repairs'!K13 -> 0 | L13: =SUM(B13:K13) -> 0
A14: Landscaping/ fencing/ paving | B14: =+'JAN - Repairs'!B14+'FEB - Repairs'!B14+'MAR - Repairs'!B14+'APR - Repairs'!B14+'MAY - Repairs'!B14+'JUN - Repairs'!B14+'JUL - Repairs'!B14+'AUG - Repairs'!B14+'SEP - Repairs'!B14+'OCT - Repairs'!B14+'NOV - Repairs'!B14+'DEC - Repairs'!B14 -> 0 | C14: =+'JAN - Repairs'!C14+'FEB - Repairs'!C14+'MAR - Repairs'!C14+'APR - Repairs'!C14+'MAY - Repairs'!C14+'JUN - Repairs'!C14+'JUL - Repairs'!C14+'AUG - Repairs'!C14+'SEP - Repairs'!C14+'OCT - Repairs'!C14+'NOV - Repairs'!C14+'DEC - Repairs'!C14 -> 0 | D14: =+'JAN - Repairs'!D14+'FEB - Repairs'!D14+'MAR - Repairs'!D14+'APR - Repairs'!D14+'MAY - Repairs'!D14+'JUN - Repairs'!D14+'JUL - Repairs'!D14+'AUG - Repairs'!D14+'SEP - Repairs'!D14+'OCT - Repairs'!D14+'NOV - Repairs'!D14+'DEC - Repairs'!D14 -> 0 | E14: =+'JAN - Repairs'!E14+'FEB - Repairs'!E14+'MAR - Repairs'!E14+'APR - Repairs'!E14+'MAY - Repairs'!E14+'JUN - Repairs'!E14+'JUL - Repairs'!E14+'AUG - Repairs'!E14+'SEP - Repairs'!E14+'OCT - Repairs'!E14+'NOV - Repairs'!E14+'DEC - Repairs'!E14 -> 0 | F14: =+'JAN - Repairs'!F14+'FEB - Repairs'!F14+'MAR - Repairs'!F14+'APR - Repairs'!F14+'MAY - Repairs'!F14+'JUN - Repairs'!F14+'JUL - Repairs'!F14+'AUG - Repairs'!F14+'SEP - Repairs'!F14+'OCT - Repairs'!F14+'NOV - Repairs'!F14+'DEC - Repairs'!F14 -> 0 | G14: =+'JAN - Repairs'!G14+'FEB - Repairs'!G14+'MAR - Repairs'!G14+'APR - Repairs'!G14+'MAY - Repairs'!G14+'JUN - Repairs'!G14+'JUL - Repairs'!G14+'AUG - Repairs'!G14+'SEP - Repairs'!G14+'OCT - Repairs'!G14+'NOV - Repairs'!G14+'DEC - Repairs'!G14 -> 0 | H14: =+'JAN - Repairs'!H14+'FEB - Repairs'!H14+'MAR - Repairs'!H14+'APR - Repairs'!H14+'MAY - Repairs'!H14+'JUN - Repairs'!H14+'JUL - Repairs'!H14+'AUG - Repairs'!H14+'SEP - Repairs'!H14+'OCT - Repairs'!H14+'NOV - Repairs'!H14+'DEC - Repairs'!H14 -> 0 | I14: =+'JAN - Repairs'!I14+'FEB - Repairs'!I14+'MAR - Repairs'!I14+'APR - Repairs'!I14+'MAY - Repairs'!I14+'JUN - Repairs'!I14+'JUL - Repairs'!I14+'AUG - Repairs'!I14+'SEP - Repairs'!I14+'OCT - Repairs'!I14+'NOV - Repairs'!I14+'DEC - Repairs'!I14 -> 0 | ... K14: =+'JAN - Repairs'!K14+'FEB - Repairs'!K14+'MAR - Repairs'!K14+'APR - Repairs'!K14+'MAY - Repairs'!K14+'JUN - Repairs'!K14+'JUL - Repairs'!K14+'AUG - Repairs'!K14+'SEP - Repairs'!K14+'OCT - Repairs'!K14+'NOV - Repairs'!K14+'DEC - Repairs'!K14 -> 0 | L14: =SUM(B14:K14) -> 0
A15: Window Treatments | B15: =+'JAN - Repairs'!B15+'FEB - Repairs'!B15+'MAR - Repairs'!B15+'APR - Repairs'!B15+'MAY - Repairs'!B15+'JUN - Repairs'!B15+'JUL - Repairs'!B15+'AUG - Repairs'!B15+'SEP - Repairs'!B15+'OCT - Repairs'!B15+'NOV - Repairs'!B15+'DEC - Repairs'!B15 -> 0 | C15: =+'JAN - Repairs'!C15+'FEB - Repairs'!C15+'MAR - Repairs'!C15+'APR - Repairs'!C15+'MAY - Repairs'!C15+'JUN - Repairs'!C15+'JUL - Repairs'!C15+'AUG - Repairs'!C15+'SEP - Repairs'!C15+'OCT - Repairs'!C15+'NOV - Repairs'!C15+'DEC - Repairs'!C15 -> 0 | D15: =+'JAN - Repairs'!D15+'FEB - Repairs'!D15+'MAR - Repairs'!D15+'APR - Repairs'!D15+'MAY - Repairs'!D15+'JUN - Repairs'!D15+'JUL - Repairs'!D15+'AUG - Repairs'!D15+'SEP - Repairs'!D15+'OCT - Repairs'!D15+'NOV - Repairs'!D15+'DEC - Repairs'!D15 -> 0 | E15: =+'JAN - Repairs'!E15+'FEB - Repairs'!E15+'MAR - Repairs'!E15+'APR - Repairs'!E15+'MAY - Repairs'!E15+'JUN - Repairs'!E15+'JUL - Repairs'!E15+'AUG - Repairs'!E15+'SEP - Repairs'!E15+'OCT - Repairs'!E15+'NOV - Repairs'!E15+'DEC - Repairs'!E15 -> 0 | F15: =+'JAN - Repairs'!F15+'FEB - Repairs'!F15+'MAR - Repairs'!F15+'APR - Repairs'!F15+'MAY - Repairs'!F15+'JUN - Repairs'!F15+'JUL - Repairs'!F15+'AUG - Repairs'!F15+'SEP - Repairs'!F15+'OCT - Repairs'!F15+'NOV - Repairs'!F15+'DEC - Repairs'!F15 -> 0 | G15: =+'JAN - Repairs'!G15+'FEB - Repairs'!G15+'MAR - Repairs'!G15+'APR - Repairs'!G15+'MAY - Repairs'!G15+'JUN - Repairs'!G15+'JUL - Repairs'!G15+'AUG - Repairs'!G15+'SEP - Repairs'!G15+'OCT - Repairs'!G15+'NOV - Repairs'!G15+'DEC - Repairs'!G15 -> 0 | H15: =+'JAN - Repairs'!H15+'FEB - Repairs'!H15+'MAR - Repairs'!H15+'APR - Repairs'!H15+'MAY - Repairs'!H15+'JUN - Repairs'!H15+'JUL - Repairs'!H15+'AUG - Repairs'!H15+'SEP - Repairs'!H15+'OCT - Repairs'!H15+'NOV - Repairs'!H15+'DEC - Repairs'!H15 -> 0 | I15: =+'JAN - Repairs'!I15+'FEB - Repairs'!I15+'MAR - Repairs'!I15+'APR - Repairs'!I15+'MAY - Repairs'!I15+'JUN - Repairs'!I15+'JUL - Repairs'!I15+'AUG - Repairs'!I15+'SEP - Repairs'!I15+'OCT - Repairs'!I15+'NOV - Repairs'!I15+'DEC - Repairs'!I15 -> 0 | ... K15: =+'JAN - Repairs'!K15+'FEB - Repairs'!K15+'MAR - Repairs'!K15+'APR - Repairs'!K15+'MAY - Repairs'!K15+'JUN - Repairs'!K15+'JUL - Repairs'!K15+'AUG - Repairs'!K15+'SEP - Repairs'!K15+'OCT - Repairs'!K15+'NOV - Repairs'!K15+'DEC - Repairs'!K15 -> 0 | L15: =SUM(B15:K15) -> 0
A16: Kitchen Cabinets | B16: =+'JAN - Repairs'!B16+'FEB - Repairs'!B16+'MAR - Repairs'!B16+'APR - Repairs'!B16+'MAY - Repairs'!B16+'JUN - Repairs'!B16+'JUL - Repairs'!B16+'AUG - Repairs'!B16+'SEP - Repairs'!B16+'OCT - Repairs'!B16+'NOV - Repairs'!B16+'DEC - Repairs'!B16 -> 0 | C16: =+'JAN - Repairs'!C16+'FEB - Repairs'!C16+'MAR - Repairs'!C16+'APR - Repairs'!C16+'MAY - Repairs'!C16+'JUN - Repairs'!C16+'JUL - Repairs'!C16+'AUG - Repairs'!C16+'SEP - Repairs'!C16+'OCT - Repairs'!C16+'NOV - Repairs'!C16+'DEC - Repairs'!C16 -> 0 | D16: =+'JAN - Repairs'!D16+'FEB - Repairs'!D16+'MAR - Repairs'!D16+'APR - Repairs'!D16+'MAY - Repairs'!D16+'JUN - Repairs'!D16+'JUL - Repairs'!D16+'AUG - Repairs'!D16+'SEP - Repairs'!D16+'OCT - Repairs'!D16+'NOV - Repairs'!D16+'DEC - Repairs'!D16 -> 0 | E16: =+'JAN - Repairs'!E16+'FEB - Repairs'!E16+'MAR - Repairs'!E16+'APR - Repairs'!E16+'MAY - Repairs'!E16+'JUN - Repairs'!E16+'JUL - Repairs'!E16+'AUG - Repairs'!E16+'SEP - Repairs'!E16+'OCT - Repairs'!E16+'NOV - Repairs'!E16+'DEC - Repairs'!E16 -> 0 | F16: =+'JAN - Repairs'!F16+'FEB - Repairs'!F16+'MAR - Repairs'!F16+'APR - Repairs'!F16+'MAY - Repairs'!F16+'JUN - Repairs'!F16+'JUL - Repairs'!F16+'AUG - Repairs'!F16+'SEP - Repairs'!F16+'OCT - Repairs'!F16+'NOV - Repairs'!F16+'DEC - Repairs'!F16 -> 0 | G16: =+'JAN - Repairs'!G16+'FEB - Repairs'!G16+'MAR - Repairs'!G16+'APR - Repairs'!G16+'MAY - Repairs'!G16+'JUN - Repairs'!G16+'JUL - Repairs'!G16+'AUG - Repairs'!G16+'SEP - Repairs'!G16+'OCT - Repairs'!G16+'NOV - Repairs'!G16+'DEC - Repairs'!G16 -> 0 | H16: =+'JAN - Repairs'!H16+'FEB - Repairs'!H16+'MAR - Repairs'!H16+'APR - Repairs'!H16+'MAY - Repairs'!H16+'JUN - Repairs'!H16+'JUL - Repairs'!H16+'AUG - Repairs'!H16+'SEP - Repairs'!H16+'OCT - Repairs'!H16+'NOV - Repairs'!H16+'DEC - Repairs'!H16 -> 0 | I16: =+'JAN - Repairs'!I16+'FEB - Repairs'!I16+'MAR - Repairs'!I16+'APR - Repairs'!I16+'MAY - Repairs'!I16+'JUN - Repairs'!I16+'JUL - Repairs'!I16+'AUG - Repairs'!I16+'SEP - Repairs'!I16+'OCT - Repairs'!I16+'NOV - Repairs'!I16+'DEC - Repairs'!I16 -> 0 | ... K16: =+'JAN - Repairs'!K16+'FEB - Repairs'!K16+'MAR - Repairs'!K16+'APR - Repairs'!K16+'MAY - Repairs'!K16+'JUN - Repairs'!K16+'JUL - Repairs'!K16+'AUG - Repairs'!K16+'SEP - Repairs'!K16+'OCT - Repairs'!K16+'NOV - Repairs'!K16+'DEC - Repairs'!K16 -> 0 | L16: =SUM(B16:K16) -> 0
A17: Kitchen Counters | B17: =+'JAN - Repairs'!B17+'FEB - Repairs'!B17+'MAR - Repairs'!B17+'APR - Repairs'!B17+'MAY - Repairs'!B17+'JUN - Repairs'!B17+'JUL - Repairs'!B17+'AUG - Repairs'!B17+'SEP - Repairs'!B17+'OCT - Repairs'!B17+'NOV - Repairs'!B17+'DEC - Repairs'!B17 -> 0 | C17: =+'JAN - Repairs'!C17+'FEB - Repairs'!C17+'MAR - Repairs'!C17+'APR - Repairs'!C17+'MAY - Repairs'!C17+'JUN - Repairs'!C17+'JUL - Repairs'!C17+'AUG - Repairs'!C17+'SEP - Repairs'!C17+'OCT - Repairs'!C17+'NOV - Repairs'!C17+'DEC - Repairs'!C17 -> 0 | D17: =+'JAN - Repairs'!D17+'FEB - Repairs'!D17+'MAR - Repairs'!D17+'APR - Repairs'!D17+'MAY - Repairs'!D17+'JUN - Repairs'!D17+'JUL - Repairs'!D17+'AUG - Repairs'!D17+'SEP - Repairs'!D17+'OCT - Repairs'!D17+'NOV - Repairs'!D17+'DEC - Repairs'!D17 -> 0 | E17: =+'JAN - Repairs'!E17+'FEB - Repairs'!E17+'MAR - Repairs'!E17+'APR - Repairs'!E17+'MAY - Repairs'!E17+'JUN - Repairs'!E17+'JUL - Repairs'!E17+'AUG - Repairs'!E17+'SEP - Repairs'!E17+'OCT - Repairs'!E17+'NOV - Repairs'!E17+'DEC - Repairs'!E17 -> 0 | F17: =+'JAN - Repairs'!F17+'FEB - Repairs'!F17+'MAR - Repairs'!F17+'APR - Repairs'!F17+'MAY - Repairs'!F17+'JUN - Repairs'!F17+'JUL - Repairs'!F17+'AUG - Repairs'!F17+'SEP - Repairs'!F17+'OCT - Repairs'!F17+'NOV - Repairs'!F17+'DEC - Repairs'!F17 -> 0 | G17: =+'JAN - Repairs'!G17+'FEB - Repairs'!G17+'MAR - Repairs'!G17+'APR - Repairs'!G17+'MAY - Repairs'!G17+'JUN - Repairs'!G17+'JUL - Repairs'!G17+'AUG - Repairs'!G17+'SEP - Repairs'!G17+'OCT - Repairs'!G17+'NOV - Repairs'!G17+'DEC - Repairs'!G17 -> 0 | H17: =+'JAN - Repairs'!H17+'FEB - Repairs'!H17+'MAR - Repairs'!H17+'APR - Repairs'!H17+'MAY - Repairs'!H17+'JUN - Repairs'!H17+'JUL - Repairs'!H17+'AUG - Repairs'!H17+'SEP - Repairs'!H17+'OCT - Repairs'!H17+'NOV - Repairs'!H17+'DEC - Repairs'!H17 -> 0 | I17: =+'JAN - Repairs'!I17+'FEB - Repairs'!I17+'MAR - Repairs'!I17+'APR - Repairs'!I17+'MAY - Repairs'!I17+'JUN - Repairs'!I17+'JUL - Repairs'!I17+'AUG - Repairs'!I17+'SEP - Repairs'!I17+'OCT - Repairs'!I17+'NOV - Repairs'!I17+'DEC - Repairs'!I17 -> 0 | ... K17: =+'JAN - Repairs'!K17+'FEB - Repairs'!K17+'MAR - Repairs'!K17+'APR - Repairs'!K17+'MAY - Repairs'!K17+'JUN - Repairs'!K17+'JUL - Repairs'!K17+'AUG - Repairs'!K17+'SEP - Repairs'!K17+'OCT - Repairs'!K17+'NOV - Repairs'!K17+'DEC - Repairs'!K17 -> 0 | L17: =SUM(B17:K17) -> 0
A18: Light Fixtures | B18: =+'JAN - Repairs'!B18+'FEB - Repairs'!B18+'MAR - Repairs'!B18+'APR - Repairs'!B18+'MAY - Repairs'!B18+'JUN - Repairs'!B18+'JUL - Repairs'!B18+'AUG - Repairs'!B18+'SEP - Repairs'!B18+'OCT - Repairs'!B18+'NOV - Repairs'!B18+'DEC - Repairs'!B18 -> 0 | C18: =+'JAN - Repairs'!C18+'FEB - Repairs'!C18+'MAR - Repairs'!C18+'APR - Repairs'!C18+'MAY - Repairs'!C18+'JUN - Repairs'!C18+'JUL - Repairs'!C18+'AUG - Repairs'!C18+'SEP - Repairs'!C18+'OCT - Repairs'!C18+'NOV - Repairs'!C18+'DEC - Repairs'!C18 -> 0 | D18: =+'JAN - Repairs'!D18+'FEB - Repairs'!D18+'MAR - Repairs'!D18+'APR - Repairs'!D18+'MAY - Repairs'!D18+'JUN - Repairs'!D18+'JUL - Repairs'!D18+'AUG - Repairs'!D18+'SEP - Repairs'!D18+'OCT - Repairs'!D18+'NOV - Repairs'!D18+'DEC - Repairs'!D18 -> 0 | E18: =+'JAN - Repairs'!E18+'FEB - Repairs'!E18+'MAR - Repairs'!E18+'APR - Repairs'!E18+'MAY - Repairs'!E18+'JUN - Repairs'!E18+'JUL - Repairs'!E18+'AUG - Repairs'!E18+'SEP - Repairs'!E18+'OCT - Repairs'!E18+'NOV - Repairs'!E18+'DEC - Repairs'!E18 -> 0 | F18: =+'JAN - Repairs'!F18+'FEB - Repairs'!F18+'MAR - Repairs'!F18+'APR - Repairs'!F18+'MAY - Repairs'!F18+'JUN - Repairs'!F18+'JUL - Repairs'!F18+'AUG - Repairs'!F18+'SEP - Repairs'!F18+'OCT - Repairs'!F18+'NOV - Repairs'!F18+'DEC - Repairs'!F18 -> 0 | G18: =+'JAN - Repairs'!G18+'FEB - Repairs'!G18+'MAR - Repairs'!G18+'APR - Repairs'!G18+'MAY - Repairs'!G18+'JUN - Repairs'!G18+'JUL - Repairs'!G18+'AUG - Repairs'!G18+'SEP - Repairs'!G18+'OCT - Repairs'!G18+'NOV - Repairs'!G18+'DEC - Repairs'!G18 -> 0 | H18: =+'JAN - Repairs'!H18+'FEB - Repairs'!H18+'MAR - Repairs'!H18+'APR - Repairs'!H18+'MAY - Repairs'!H18+'JUN - Repairs'!H18+'JUL - Repairs'!H18+'AUG - Repairs'!H18+'SEP - Repairs'!H18+'OCT - Repairs'!H18+'NOV - Repairs'!H18+'DEC - Repairs'!H18 -> 0 | I18: =+'JAN - Repairs'!I18+'FEB - Repairs'!I18+'MAR - Repairs'!I18+'APR - Repairs'!I18+'MAY - Repairs'!I18+'JUN - Repairs'!I18+'JUL - Repairs'!I18+'AUG - Repairs'!I18+'SEP - Repairs'!I18+'OCT - Repairs'!I18+'NOV - Repairs'!I18+'DEC - Repairs'!I18 -> 0 | ... K18: =+'JAN - Repairs'!K18+'FEB - Repairs'!K18+'MAR - Repairs'!K18+'APR - Repairs'!K18+'MAY - Repairs'!K18+'JUN - Repairs'!K18+'JUL - Repairs'!K18+'AUG - Repairs'!K18+'SEP - Repairs'!K18+'OCT - Repairs'!K18+'NOV - Repairs'!K18+'DEC - Repairs'!K18 -> 0 | L18: =SUM(B18:K18) -> 0
A20: REPAIRS UNDER $2,500 | B20: =+'JAN - Repairs'!B20+'FEB - Repairs'!B20+'MAR - Repairs'!B20+'APR - Repairs'!B20+'MAY - Repairs'!B20+'JUN - Repairs'!B20+'JUL - Repairs'!B20+'AUG - Repairs'!B20+'SEP - Repairs'!B20+'OCT - Repairs'!B20+'NOV - Repairs'!B20+'DEC - Repairs'!B20 -> 0 | C20: =+'JAN - Repairs'!C20+'FEB - Repairs'!C20+'MAR - Repairs'!C20+'APR - Repairs'!C20+'MAY - Repairs'!C20+'JUN - Repairs'!C20+'JUL - Repairs'!C20+'AUG - Repairs'!C20+'SEP - Repairs'!C20+'OCT - Repairs'!C20+'NOV - Repairs'!C20+'DEC - Repairs'!C20 -> 0 | D20: =+'JAN - Repairs'!D20+'FEB - Repairs'!D20+'MAR - Repairs'!D20+'APR - Repairs'!D20+'MAY - Repairs'!D20+'JUN - Repairs'!D20+'JUL - Repairs'!D20+'AUG - Repairs'!D20+'SEP - Repairs'!D20+'OCT - Repairs'!D20+'NOV - Repairs'!D20+'DEC - Repairs'!D20 -> 0 | E20: =+'JAN - Repairs'!E20+'FEB - Repairs'!E20+'MAR - Repairs'!E20+'APR - Repairs'!E20+'MAY - Repairs'!E20+'JUN - Repairs'!E20+'JUL - Repairs'!E20+'AUG - Repairs'!E20+'SEP - Repairs'!E20+'OCT - Repairs'!E20+'NOV - Repairs'!E20+'DEC - Repairs'!E20 -> 0 | F20: =+'JAN - Repairs'!F20+'FEB - Repairs'!F20+'MAR - Repairs'!F20+'APR - Repairs'!F20+'MAY - Repairs'!F20+'JUN - Repairs'!F20+'JUL - Repairs'!F20+'AUG - Repairs'!F20+'SEP - Repairs'!F20+'OCT - Repairs'!F20+'NOV - Repairs'!F20+'DEC - Repairs'!F20 -> 0 | G20: =+'JAN - Repairs'!G20+'FEB - Repairs'!G20+'MAR - Repairs'!G20+'APR - Repairs'!G20+'MAY - Repairs'!G20+'JUN - Repairs'!G20+'JUL - Repairs'!G20+'AUG - Repairs'!G20+'SEP - Repairs'!G20+'OCT - Repairs'!G20+'NOV - Repairs'!G20+'DEC - Repairs'!G20 -> 0 | H20: =+'JAN - Repairs'!H20+'FEB - Repairs'!H20+'MAR - Repairs'!H20+'APR - Repairs'!H20+'MAY - Repairs'!H20+'JUN - Repairs'!H20+'JUL - Repairs'!H20+'AUG - Repairs'!H20+'SEP - Repairs'!H20+'OCT - Repairs'!H20+'NOV - Repairs'!H20+'DEC - Repairs'!H20 -> 0 | I20: =+'JAN - Repairs'!I20+'FEB - Repairs'!I20+'MAR - Repairs'!I20+'APR - Repairs'!I20+'MAY - Repairs'!I20+'JUN - Repairs'!I20+'JUL - Repairs'!I20+'AUG - Repairs'!I20+'SEP - Repairs'!I20+'OCT - Repairs'!I20+'NOV - Repairs'!I20+'DEC - Repairs'!I20 -> 0 | ... L20: =+'JAN - Repairs'!L20+'FEB - Repairs'!L20+'MAR - Repairs'!L20+'APR - Repairs'!L20+'MAY - Repairs'!L20+'JUN - Repairs'!L20+'JUL - Repairs'!L20+'AUG - Repairs'!L20+'SEP - Repairs'!L20+'OCT - Repairs'!L20+'NOV - Repairs'!L20+'DEC - Repairs'!L20 -> 0
A22: TOTAL RENOVATIONS | B22: =SUM(B23:B50) -> 0 | C22: =SUM(C23:C50) -> 0 | D22: =SUM(D23:D50) -> 0 | E22: =SUM(E23:E50) -> 0 | F22: =SUM(F23:F50) -> 0 | G22: =SUM(G23:G50) -> 0 | H22: =SUM(H23:H50) -> 0 | I22: =SUM(I23:I50) -> 0 | ... L22: =SUM(L23:L50) -> 0
L23: =SUM(B23:K23) -> 0
L24: =SUM(B24:K24) -> 0
L25: =SUM(B25:K25) -> 0
L26: =SUM(B26:K26) -> 0
L27: =SUM(B27:K27) -> 0
L28: =SUM(B28:K28) -> 0
L29: =SUM(B29:K29) -> 0
L30: =SUM(B30:K30) -> 0
L31: =SUM(B31:K31) -> 0
L32: =SUM(B32:K32) -> 0
L33: =SUM(B33:K33) -> 0
L34: =SUM(B34:K34) -> 0
... L50: =SUM(B50:K50) -> 0

Sheet Rental Setup
A1: RENTAL SETUP | B1: =COUNTA(B4:K4) -> 0
A3: RENTAL SETUP | B3: RENTAL 1 | C3: RENTAL 2 | D3: RENTAL 3 | E3: RENTAL 4 | F3: RENTAL 5 | G3: RENTAL 6 | H3: RENTAL 7 | I3: RENTAL 8 | J3: RENTAL 9 | K3: RENTAL 10
A4: Address
A5: City
A6: State Zip
B12: Use the above boxes to enter the address, City, State & Zip For each rental property.
B13: This information will flow through to each month of the workbook for easy tracking.

Sheet Business Expenses
A1: GENERAL EXPENSES not related to a specific property
A2: They will be allocated proportionally to each of your rental properties.
A4: GENERAL EXPENSES | B4: ANNUAL TOTAL AMOUNT | C4: MONTHLY AMOUNT
A5: Personal Phone | C5: =+B5/12 -> 0
A6: Personal Internet | C6: =+B6/12 -> 0
A7: Education | C7: =+B7/12 -> 0
A8: Books | C8: =+B8/12 -> 0
A9: Audible or E book subscriptions | C9: =+B9/12 -> 0
A10: Software | C10: =+B10/12 -> 0
A11: Web site and services | C11: =+B11/12 -> 0 | E11: Enter all of your general bsiness expenses here
A12: Meals | C12: =+B12/12 -> 0 | E12: The amounts will be allocated proportionally between
A13: Meetup entry fees | C13: =+B13/12 -> 0 | E13: all of your properties.
A14: Expo attendance fees | C14: =+B14/12 -> 0
A15: Po box | C15: =+B15/12 -> 0 | E15: Enter the Annual Totals for each general business expense here.
A16: Bookkeeping | C16: =+B16/12 -> 0
A17: Tax Preparation | C17: =+B17/12 -> 0
A18: Legal Fees | C18: =+B18/12 -> 0
A19: Other | C19: =+B19/12 -> 0

Sheet JAN
A1: JANUARY
A3: =+A1 -> JANUARY | B3: RENTAL 1 | C3: RENTAL 2 | D3: RENTAL 3 | E3: RENTAL 4 | F3: RENTAL 5 | G3: RENTAL 6 | H3: RENTAL 7 | I3: RENTAL 8 | J3: RENTAL 9 | K3: RENTAL 10 | L3: TOTAL
A4: Address | B4: =IF(+'Rental Setup'!B4="","",+'Rental Setup'!B4) | C4: =IF(+'Rental Setup'!C4="","",+'Rental Setup'!C4) | D4: =IF(+'Rental Setup'!D4="","",+'Rental Setup'!D4) | E4: =IF(+'Rental Setup'!E4="","",+'Rental Setup'!E4) | F4: =IF(+'Rental Setup'!F4="","",+'Rental Setup'!F4) | G4: =IF(+'Rental Setup'!G4="","",+'Rental Setup'!G4) | H4: =IF(+'Rental Setup'!H4="","",+'Rental Setup'!H4) | I4: =IF(+'Rental Setup'!I4="","",+'Rental Setup'!I4) | ... K4: =IF(+'Rental Setup'!K4="","",+'Rental Setup'!K4)
A5: City | B5: =IF(+'Rental Setup'!B5="","",+'Rental Setup'!B5) | C5: =IF(+'Rental Setup'!C5="","",+'Rental Setup'!C5) | D5: =IF(+'Rental Setup'!D5="","",+'Rental Setup'!D5) | E5: =IF(+'Rental Setup'!E5="","",+'Rental Setup'!E5) | F5: =IF(+'Rental Setup'!F5="","",+'Rental Setup'!F5) | G5: =IF(+'Rental Setup'!G5="","",+'Rental Setup'!G5) | H5: =IF(+'Rental Setup'!H5="","",+'Rental Setup'!H5) | I5: =IF(+'Rental Setup'!I5="","",+'Rental Setup'!I5) | ... K5: =IF(+'Rental Setup'!K5="","",+'Rental Setup'!K5)
A6: State Zip | B6: =IF(+'Rental Setup'!B6="","",+'Rental Setup'!B6) | C6: =IF(+'Rental Setup'!C6="","",+'Rental Setup'!C6) | D6: =IF(+'Rental Setup'!D6="","",+'Rental Setup'!D6) | E6: =IF(+'Rental Setup'!E6="","",+'Rental Setup'!E6) | F6: =IF(+'Rental Setup'!F6="","",+'Rental Setup'!F6) | G6: =IF(+'Rental Setup'!G6="","",+'Rental Setup'!G6) | H6: =IF(+'Rental Setup'!H6="","",+'Rental Setup'!H6) | I6: =IF(+'Rental Setup'!I6="","",+'Rental Setup'!I6) | ... K6: =IF(+'Rental Setup'!K6="","",+'Rental Setup'!K6)
A8: INCOME | B8: =SUM(B9:B10) -> 0 | C8: =SUM(C9:C10) -> 0 | D8: =SUM(D9:D10) -> 0 | E8: =SUM(E9:E10) -> 0 | F8: =SUM(F9:F10) -> 0 | G8: =SUM(G9:G10) -> 0 | H8: =SUM(H9:H10) -> 0 | I8: =SUM(I9:I10) -> 0 | ... L8: =SUM(L9:L10) -> 0
A9: Rents | E9: 0 | G9: 0 | L9: =SUM(B9:K9) -> 0
A10: Other Income | L10: =SUM(B10:K10) -> 0
A12: EXPENSES | B12: =SUM(B13:B26) -> 0 | C12: =SUM(C13:C26) -> 0 | D12: =SUM(D13:D26) -> 0 | E12: =SUM(E13:E26) -> 0 | F12: =SUM(F13:F26) -> 0 | G12: =SUM(G13:G26) -> 0 | H12: =SUM(H13:H26) -> 0 | I12: =SUM(I13:I26) -> 0 | ... L12: =SUM(L13:L26) -> 0
A13: Advertising | L13: =SUM(B13:K13) -> 0
A14: Miles Driven | L14: =SUM(B14:K14) -> 0
A15: Cleaning and Maintance | L15: =SUM(B15:K15) -> 0
A16: Commissions | L16: =SUM(B16:K16) -> 0
A17: Insurance | L17: =SUM(B17:K17) -> 0
A18: Legal and professional Fees | L18: =SUM(B18:K18) -> 0
A19: Management Fees | L19: =SUM(B19:K19) -> 0
A20: Mortgage Interest | L20: =SUM(B20:K20) -> 0
A21: Other Interest | L21: =SUM(B21:K21) -> 0
A22: Repairs | B22: =+'JAN - Repairs'!B10+'JAN - Repairs'!B20 -> 0 | C22: =+'JAN - Repairs'!C10+'JAN - Repairs'!C20 -> 0 | D22: =+'JAN - Repairs'!D10+'JAN - Repairs'!D20 -> 0 | E22: =+'JAN - Repairs'!E10+'JAN - Repairs'!E20 -> 0 | F22: =+'JAN - Repairs'!F10+'JAN - Repairs'!F20 -> 0 | G22: =+'JAN - Repairs'!G10+'JAN - Repairs'!G20 -> 0 | H22: =+'JAN - Repairs'!H10+'JAN - Repairs'!H20 -> 0 | I22: =+'JAN - Repairs'!I10+'JAN - Repairs'!I20 -> 0 | ... K22: =+'JAN - Repairs'!K10+'JAN - Repairs'!K20 -> 0 | L22: =SUM(B22:K22) -> 0
A23: Supplies | L23: =SUM(B23:K23) -> 0
A24: Taxes | L24: =SUM(B24:K24) -> 0
A25: Utilities | L25: =SUM(B25:K25) -> 0
A26: Other | L26: =SUM(B26:K26) -> 0
A28: ALLOCATED EXPENSES | B28: =SUM(B29:B43) -> 0 | C28: =SUM(C29:C43) -> 0 | D28: =SUM(D29:D43) -> 0 | E28: =SUM(E29:E43) -> 0 | F28: =SUM(F29:F43) -> 0 | G28: =SUM(G29:G43) -> 0 | H28: =SUM(H29:H43) -> 0 | I28: =SUM(I29:I43) -> 0 | ... L28: =SUM(L29:L43) -> 0
A29: Personal Phone | B29: =IF(B$4="",0,+'Business Expenses'!$C5/'Rental Setup'!$B$1) -> 0 | C29: =IF(C$4="",0,+'Business Expenses'!$C5/'Rental Setup'!$B$1) -> 0 | D29: =IF(D$4="",0,+'Business Expenses'!$C5/'Rental Setup'!$B$1) -> 0 | E29: =IF(E$4="",0,+'Business Expenses'!$C5/'Rental Setup'!$B$1) -> 0 | F29: =IF(F$4="",0,+'Business Expenses'!$C5/'Rental Setup'!$B$1) -> 0 | G29: =IF(G$4="",0,+'Business Expenses'!$C5/'Rental Setup'!$B$1) -> 0 | H29: =IF(H$4="",0,+'Business Expenses'!$C5/'Rental Setup'!$B$1) -> 0 | I29: =IF(I$4="",0,+'Business Expenses'!$C5/'Rental Setup'!$B$1) -> 0 | ... K29: =IF(K$4="",0,+'Business Expenses'!$C5/'Rental Setup'!$B$1) -> 0 | L29: =SUM(B29:K29) -> 0
A30: Personal Internet | B30: =IF(B$4="",0,+'Business Expenses'!$C6/'Rental Setup'!$B$1) -> 0 | C30: =IF(C$4="",0,+'Business Expenses'!$C6/'Rental Setup'!$B$1) -> 0 | D30: =IF(D$4="",0,+'Business Expenses'!$C6/'Rental Setup'!$B$1) -> 0 | E30: =IF(E$4="",0,+'Business Expenses'!$C6/'Rental Setup'!$B$1) -> 0 | F30: =IF(F$4="",0,+'Business Expenses'!$C6/'Rental Setup'!$B$1) -> 0 | G30: =IF(G$4="",0,+'Business Expenses'!$C6/'Rental Setup'!$B$1) -> 0 | H30: =IF(H$4="",0,+'Business Expenses'!$C6/'Rental Setup'!$B$1) -> 0 | I30: =IF(I$4="",0,+'Business Expenses'!$C6/'Rental Setup'!$B$1) -> 0 | ... K30: =IF(K$4="",0,+'Business Expenses'!$C6/'Rental Setup'!$B$1) -> 0 | L30: =SUM(B30:K30) -> 0
A31: Education | B31: =IF(B$4="",0,+'Business Expenses'!$C7/'Rental Setup'!$B$1) -> 0 | C31: =IF(C$4="",0,+'Business Expenses'!$C7/'Rental Setup'!$B$1) -> 0 | D31: =IF(D$4="",0,+'Business Expenses'!$C7/'Rental Setup'!$B$1) -> 0 | E31: =IF(E$4="",0,+'Business Expenses'!$C7/'Rental Setup'!$B$1) -> 0 | F31: =IF(F$4="",0,+'Business Expenses'!$C7/'Rental Setup'!$B$1) -> 0 | G31: =IF(G$4="",0,+'Business Expenses'!$C7/'Rental Setup'!$B$1) -> 0 | H31: =IF(H$4="",0,+'Business Expenses'!$C7/'Rental Setup'!$B$1) -> 0 | I31: =IF(I$4="",0,+'Business Expenses'!$C7/'Rental Setup'!$B$1) -> 0 | ... K31: =IF(K$4="",0,+'Business Expenses'!$C7/'Rental Setup'!$B$1) -> 0 | L31: =SUM(B31:K31) -> 0
A32: Books | B32: =IF(B$4="",0,+'Business Expenses'!$C8/'Rental Setup'!$B$1) -> 0 | C32: =IF(C$4="",0,+'Business Expenses'!$C8/'Rental Setup'!$B$1) -> 0 | D32: =IF(D$4="",0,+'Business Expenses'!$C8/'Rental Setup'!$B$1) -> 0 | E32: =IF(E$4="",0,+'Business Expenses'!$C8/'Rental Setup'!$B$1) -> 0 | F32: =IF(F$4="",0,+'Business Expenses'!$C8/'Rental Setup'!$B$1) -> 0 | G32: =IF(G$4="",0,+'Business Expenses'!$C8/'Rental Setup'!$B$1) -> 0 | H32: =IF(H$4="",0,+'Business Expenses'!$C8/'Rental Setup'!$B$1) -> 0 | I32: =IF(I$4="",0,+'Business Expenses'!$C8/'Rental Setup'!$B$1) -> 0 | ... K32: =IF(K$4="",0,+'Business Expenses'!$C8/'Rental Setup'!$B$1) -> 0 | L32: =SUM(B32:K32) -> 0
A33: Audible or E book subscriptions | B33: =IF(B$4="",0,+'Business Expenses'!$C9/'Rental Setup'!$B$1) -> 0 | C33: =IF(C$4="",0,+'Business Expenses'!$C9/'Rental Setup'!$B$1) -> 0 | D33: =IF(D$4="",0,+'Business Expenses'!$C9/'Rental Setup'!$B$1) -> 0 | E33: =IF(E$4="",0,+'Business Expenses'!$C9/'Rental Setup'!$B$1) -> 0 | F33: =IF(F$4="",0,+'Business Expenses'!$C9/'Rental Setup'!$B$1) -> 0 | G33: =IF(G$4="",0,+'Business Expenses'!$C9/'Rental Setup'!$B$1) -> 0 | H33: =IF(H$4="",0,+'Business Expenses'!$C9/'Rental Setup'!$B$1) -> 0 | I33: =IF(I$4="",0,+'Business Expenses'!$C9/'Rental Setup'!$B$1) -> 0 | ... K33: =IF(K$4="",0,+'Business Expenses'!$C9/'Rental Setup'!$B$1) -> 0 | L33: =SUM(B33:K33) -> 0
A34: Software | B34: =IF(B$4="",0,+'Business Expenses'!$C10/'Rental Setup'!$B$1) -> 0 | C34: =IF(C$4="",0,+'Business Expenses'!$C10/'Rental Setup'!$B$1) -> 0 | D34: =IF(D$4="",0,+'Business Expenses'!$C10/'Rental Setup'!$B$1) -> 0 | E34: =IF(E$4="",0,+'Business Expenses'!$C10/'Rental Setup'!$B$1) -> 0 | F34: =IF(F$4="",0,+'Business Expenses'!$C10/'Rental Setup'!$B$1) -> 0 | G34: =IF(G$4="",0,+'Business Expenses'!$C10/'Rental Setup'!$B$1) -> 0 | H34: =IF(H$4="",0,+'Business Expenses'!$C10/'Rental Setup'!$B$1) -> 0 | I34: =IF(I$4="",0,+'Business Expenses'!$C10/'Rental Setup'!$B$1) -> 0 | ... K34: =IF(K$4="",0,+'Business Expenses'!$C10/'Rental Setup'!$B$1) -> 0 | L34: =SUM(B34:K34) -> 0
A35: Web site and services | B35: =IF(B$4="",0,+'Business Expenses'!$C11/'Rental Setup'!$B$1) -> 0 | C35: =IF(C$4="",0,+'Business Expenses'!$C11/'Rental Setup'!$B$1) -> 0 | D35: =IF(D$4="",0,+'Business Expenses'!$C11/'Rental Setup'!$B$1) -> 0 | E35: =IF(E$4="",0,+'Business Expenses'!$C11/'Rental Setup'!$B$1) -> 0 | F35: =IF(F$4="",0,+'Business Expenses'!$C11/'Rental Setup'!$B$1) -> 0 | G35: =IF(G$4="",0,+'Business Expenses'!$C11/'Rental Setup'!$B$1) -> 0 | H35: =IF(H$4="",0,+'Business Expenses'!$C11/'Rental Setup'!$B$1) -> 0 | I35: =IF(I$4="",0,+'Business Expenses'!$C11/'Rental Setup'!$B$1) -> 0 | ... K35: =IF(K$4="",0,+'Business Expenses'!$C11/'Rental Setup'!$B$1) -> 0 | L35: =SUM(B35:K35) -> 0
A36: Meals | B36: =IF(B$4="",0,+'Business Expenses'!$C12/'Rental Setup'!$B$1) -> 0 | C36: =IF(C$4="",0,+'Business Expenses'!$C12/'Rental Setup'!$B$1) -> 0 | D36: =IF(D$4="",0,+'Business Expenses'!$C12/'Rental Setup'!$B$1) -> 0 | E36: =IF(E$4="",0,+'Business Expenses'!$C12/'Rental Setup'!$B$1) -> 0 | F36: =IF(F$4="",0,+'Business Expenses'!$C12/'Rental Setup'!$B$1) -> 0 | G36: =IF(G$4="",0,+'Business Expenses'!$C12/'Rental Setup'!$B$1) -> 0 | H36: =IF(H$4="",0,+'Business Expenses'!$C12/'Rental Setup'!$B$1) -> 0 | I36: =IF(I$4="",0,+'Business Expenses'!$C12/'Rental Setup'!$B$1) -> 0 | ... K36: =IF(K$4="",0,+'Business Expenses'!$C12/'Rental Setup'!$B$1) -> 0 | L36: =SUM(B36:K36) -> 0
A37: Meetup entry fees | B37: =IF(B$4="",0,+'Business Expenses'!$C13/'Rental Setup'!$B$1) -> 0 | C37: =IF(C$4="",0,+'Business Expenses'!$C13/'Rental Setup'!$B$1) -> 0 | D37: =IF(D$4="",0,+'Business Expenses'!$C13/'Rental Setup'!$B$1) -> 0 | E37: =IF(E$4="",0,+'Business Expenses'!$C13/'Rental Setup'!$B$1) -> 0 | F37: =IF(F$4="",0,+'Business Expenses'!$C13/'Rental Setup'!$B$1) -> 0 | G37: =IF(G$4="",0,+'Business Expenses'!$C13/'Rental Setup'!$B$1) -> 0 | H37: =IF(H$4="",0,+'Business Expenses'!$C13/'Rental Setup'!$B$1) -> 0 | I37: =IF(I$4="",0,+'Business Expenses'!$C13/'Rental Setup'!$B$1) -> 0 | ... K37: =IF(K$4="",0,+'Business Expenses'!$C13/'Rental Setup'!$B$1) -> 0 | L37: =SUM(B37:K37) -> 0
A38: Expo attendance fees | B38: =IF(B$4="",0,+'Business Expenses'!$C14/'Rental Setup'!$B$1) -> 0 | C38: =IF(C$4="",0,+'Business Expenses'!$C14/'Rental Setup'!$B$1) -> 0 | D38: =IF(D$4="",0,+'Business Expenses'!$C14/'Rental Setup'!$B$1) -> 0 | E38: =IF(E$4="",0,+'Business Expenses'!$C14/'Rental Setup'!$B$1) -> 0 | F38: =IF(F$4="",0,+'Business Expenses'!$C14/'Rental Setup'!$B$1) -> 0 | G38: =IF(G$4="",0,+'Business Expenses'!$C14/'Rental Setup'!$B$1) -> 0 | H38: =IF(H$4="",0,+'Business Expenses'!$C14/'Rental Setup'!$B$1) -> 0 | I38: =IF(I$4="",0,+'Business Expenses'!$C14/'Rental Setup'!$B$1) -> 0 | ... K38: =IF(K$4="",0,+'Business Expenses'!$C14/'Rental Setup'!$B$1) -> 0 | L38: =SUM(B38:K38) -> 0
A39: Po box | B39: =IF(B$4="",0,+'Business Expenses'!$C15/'Rental Setup'!$B$1) -> 0 | C39: =IF(C$4="",0,+'Business Expenses'!$C15/'Rental Setup'!$B$1) -> 0 | D39: =IF(D$4="",0,+'Business Expenses'!$C15/'Rental Setup'!$B$1) -> 0 | E39: =IF(E$4="",0,+'Business Expenses'!$C15/'Rental Setup'!$B$1) -> 0 | F39: =IF(F$4="",0,+'Business Expenses'!$C15/'Rental Setup'!$B$1) -> 0 | G39: =IF(G$4="",0,+'Business Expenses'!$C15/'Rental Setup'!$B$1) -> 0 | H39: =IF(H$4="",0,+'Business Expenses'!$C15/'Rental Setup'!$B$1) -> 0 | I39: =IF(I$4="",0,+'Business Expenses'!$C15/'Rental Setup'!$B$1) -> 0 | ... K39: =IF(K$4="",0,+'Business Expenses'!$C15/'Rental Setup'!$B$1) -> 0 | L39: =SUM(B39:K39) -> 0
A40: Bookkeeping | B40: =IF(B$4="",0,+'Business Expenses'!$C16/'Rental Setup'!$B$1) -> 0 | C40: =IF(C$4="",0,+'Business Expenses'!$C16/'Rental Setup'!$B$1) -> 0 | D40: =IF(D$4="",0,+'Business Expenses'!$C16/'Rental Setup'!$B$1) -> 0 | E40: =IF(E$4="",0,+'Business Expenses'!$C16/'Rental Setup'!$B$1) -> 0 | F40: =IF(F$4="",0,+'Business Expenses'!$C16/'Rental Setup'!$B$1) -> 0 | G40: =IF(G$4="",0,+'Business Expenses'!$C16/'Rental Setup'!$B$1) -> 0 | H40: =IF(H$4="",0,+'Business Expenses'!$C16/'Rental Setup'!$B$1) -> 0 | I40: =IF(I$4="",0,+'Business Expenses'!$C16/'Rental Setup'!$B$1) -> 0 | ... K40: =IF(K$4="",0,+'Business Expenses'!$C16/'Rental Setup'!$B$1) -> 0 | L40: =SUM(B40:K40) -> 0
... A43: Other | B43: =IF(B$4="",0,+'Business Expenses'!$C19/'Rental Setup'!$B$1) -> 0 | C43: =IF(C$4="",0,+'Business Expenses'!$C19/'Rental Setup'!$B$1) -> 0 | D43: =IF(D$4="",0,+'Business Expenses'!$C19/'Rental Setup'!$B$1) -> 0 | E43: =IF(E$4="",0,+'Business Expenses'!$C19/'Rental Setup'!$B$1) -> 0 | F43: =IF(F$4="",0,+'Business Expenses'!$C19/'Rental Setup'!$B$1) -> 0 | G43: =IF(G$4="",0,+'Business Expenses'!$C19/'Rental Setup'!$B$1) -> 0 | H43: =IF(H$4="",0,+'Business Expenses'!$C19/'Rental Setup'!$B$1) -> 0 | I43: =IF(I$4="",0,+'Business Expenses'!$C19/'Rental Setup'!$B$1) -> 0 | ... K43: =IF(K$4="",0,+'Business Expenses'!$C19/'Rental Setup'!$B$1) -> 0 | L43: =SUM(B43:K43) -> 0
A45: Net Income or Loss | B45: =B8-B12-B28 -> 0 | C45: =C8-C12-C28 -> 0 | D45: =D8-D12-D28 -> 0 | E45: =E8-E12-E28 -> 0 | F45: =F8-F12-F28 -> 0 | G45: =G8-G12-G28 -> 0 | H45: =H8-H12-H28 -> 0 | I45: =I8-I12-I28 -> 0 | ... L45: =L8-L12-L28 -> 0

Sheet JAN - Repairs
A1: REPAIRS
A2: Some elements of renovations can be expensed all at once, and do not need to be capitalized. Please provide the details for renovations/repair
A3: costs related to each property here. Include the total cost of supplies and labor related to each item.
A5: REPAIRS | B5: RENTAL 1 | C5: RENTAL 2 | D5: RENTAL 3 | E5: RENTAL 4 | F5: RENTAL 5 | G5: RENTAL 6 | H5: RENTAL 7 | I5: RENTAL 8 | J5: RENTAL 9 | K5: RENTAL 10 | L5: TOTAL
A6: Address | B6: =IF(+'Rental Setup'!B4="","",+'Rental Setup'!B4) | C6: =IF(+'Rental Setup'!C4="","",+'Rental Setup'!C4) | D6: =IF(+'Rental Setup'!D4="","",+'Rental Setup'!D4) | E6: =IF(+'Rental Setup'!E4="","",+'Rental Setup'!E4) | F6: =IF(+'Rental Setup'!F4="","",+'Rental Setup'!F4) | G6: =IF(+'Rental Setup'!G4="","",+'Rental Setup'!G4) | H6: =IF(+'Rental Setup'!H4="","",+'Rental Setup'!H4) | I6: =IF(+'Rental Setup'!I4="","",+'Rental Setup'!I4) | ... K6: =IF(+'Rental Setup'!K4="","",+'Rental Setup'!K4)
A7: City | B7: =IF(+'Rental Setup'!B5="","",+'Rental Setup'!B5) | C7: =IF(+'Rental Setup'!C5="","",+'Rental Setup'!C5) | D7: =IF(+'Rental Setup'!D5="","",+'Rental Setup'!D5) | E7: =IF(+'Rental Setup'!E5="","",+'Rental Setup'!E5) | F7: =IF(+'Rental Setup'!F5="","",+'Rental Setup'!F5) | G7: =IF(+'Rental Setup'!G5="","",+'Rental Setup'!G5) | H7: =IF(+'Rental Setup'!H5="","",+'Rental Setup'!H5) | I7: =IF(+'Rental Setup'!I5="","",+'Rental Setup'!I5) | ... K7: =IF(+'Rental Setup'!K5="","",+'Rental Setup'!K5)
A8: State Zip | B8: =IF(+'Rental Setup'!B6="","",+'Rental Setup'!B6) | C8: =IF(+'Rental Setup'!C6="","",+'Rental Setup'!C6) | D8: =IF(+'Rental Setup'!D6="","",+'Rental Setup'!D6) | E8: =IF(+'Rental Setup'!E6="","",+'Rental Setup'!E6) | F8: =IF(+'Rental Setup'!F6="","",+'Rental Setup'!F6) | G8: =IF(+'Rental Setup'!G6="","",+'Rental Setup'!G6) | H8: =IF(+'Rental Setup'!H6="","",+'Rental Setup'!H6) | I8: =IF(+'Rental Setup'!I6="","",+'Rental Setup'!I6) | ... K8: =IF(+'Rental Setup'!K6="","",+'Rental Setup'!K6)
A10: GENERAL | B10: =SUM(B11:B18) -> 0 | C10: =SUM(C11:C18) -> 0 | D10: =SUM(D11:D18) -> 0 | E10: =SUM(E11:E18) -> 0 | F10: =SUM(F11:F18) -> 0 | G10: =SUM(G11:G18) -> 0 | H10: =SUM(H11:H18) -> 0 | I10: =SUM(I11:I18) -> 0 | ... L10: =SUM(L11:L18) -> 0
A11: Appliances | L11: =SUM(B11:K11) -> 0
A12: Carpet (Not other flooring) | L12: =SUM(B12:K12) -> 0
A13: Paint | L13: =SUM(B13:K13) -> 0
A14: Landscaping/ fencing/ paving | L14: =SUM(B14:K14) -> 0
A15: Window Treatments | L15: =SUM(B15:K15) -> 0
A16: Kitchen Cabinets | L16: =SUM(B16:K16) -> 0
A17: Kitchen Counters | L17: =SUM(B17:K17) -> 0
A18: Light Fixtures | L18: =SUM(B18:K18) -> 0
A20: REPAIRS UNDER $2,500 | B20: =SUM(B21:B40) -> 0 | C20: =SUM(C21:C40) -> 0 | D20: =SUM(D21:D40) -> 0 | E20: =SUM(E21:E40) -> 0 | F20: =SUM(F21:F40) -> 0 | G20: =SUM(G21:G40) -> 0 | H20: =SUM(H21:H40) -> 0 | I20: =SUM(I21:I40) -> 0 | ... L20: =SUM(L21:L40) -> 0
L21: =SUM(B21:K21) -> 0
L22: =SUM(B22:K22) -> 0
L23: =SUM(B23:K23) -> 0
L24: =SUM(B24:K24) -> 0
L25: =SUM(B25:K25) -> 0
L26: =SUM(B26:K26) -> 0
L27: =SUM(B27:K27) -> 0
L28: =SUM(B28:K28) -> 0
L29: =SUM(B29:K29) -> 0
L30: =SUM(B30:K30) -> 0
L31: =SUM(B31:K31) -> 0
L32: =SUM(B32:K32) -> 0
... L40: =SUM(B40:K40) -> 0
A42: TOTAL RENOVATIONS (NOT including the items) separated out above | B42: =SUM(B43:B70) -> 0 | C42: =SUM(C43:C70) -> 0 | D42: =SUM(D43:D70) -> 0 | E42: =SUM(E43:E70) -> 0 | F42: =SUM(F43:F70) -> 0 | G42: =SUM(G43:G70) -> 0 | H42: =SUM(H43:H70) -> 0 | I42: =SUM(I43:I70) -> 0 | ... L42: =SUM(L43:L70) -> 0
L43: =SUM(B43:K43) -> 0
L44: =SUM(B44:K44) -> 0
L45: =SUM(B45:K45) -> 0
L46: =SUM(B46:K46) -> 0
L47: =SUM(B47:K47) -> 0
L48: =SUM(B48:K48) -> 0
L49: =SUM(B49:K49) -> 0
L50: =SUM(B50:K50) -> 0
L51: =SUM(B51:K51) -> 0
L52: =SUM(B52:K52) -> 0
L53: =SUM(B53:K53) -> 0
L54: =SUM(B54:K54) -> 0
... L70: =SUM(B70:K70) -> 0

Sheet FEB
A1: FEBRUARY
A3: =+A1 -> FEBRUARY | B3: RENTAL 1 | C3: RENTAL 2 | D3: RENTAL 3 | E3: RENTAL 4 | F3: RENTAL 5 | G3: RENTAL 6 | H3: RENTAL 7 | I3: RENTAL 8 | J3: RENTAL 9 | K3: RENTAL 10 | L3: TOTAL
A4: Address | B4: =IF(+'Rental Setup'!B4="","",+'Rental Setup'!B4) | C4: =IF(+'Rental Setup'!C4="","",+'Rental Setup'!C4) | D4: =IF(+'Rental Setup'!D4="","",+'Rental Setup'!D4) | E4: =IF(+'Rental Setup'!E4="","",+'Rental Setup'!E4) | F4: =IF(+'Rental Setup'!F4="","",+'Rental Setup'!F4) | G4: =IF(+'Rental Setup'!G4="","",+'Rental Setup'!G4) | H4: =IF(+'Rental Setup'!H4="","",+'Rental Setup'!H4) | I4: =IF(+'Rental Setup'!I4="","",+'Rental Setup'!I4) | ... K4: =IF(+'Rental Setup'!K4="","",+'Rental Setup'!K4)
A5: City | B5: =IF(+'Rental Setup'!B5="","",+'Rental Setup'!B5) | C5: =IF(+'Rental Setup'!C5="","",+'Rental Setup'!C5) | D5: =IF(+'Rental Setup'!D5="","",+'Rental Setup'!D5) | E5: =IF(+'Rental Setup'!E5="","",+'Rental Setup'!E5) | F5: =IF(+'Rental Setup'!F5="","",+'Rental Setup'!F5) | G5: =IF(+'Rental Setup'!G5="","",+'Rental Setup'!G5) | H5: =IF(+'Rental Setup'!H5="","",+'Rental Setup'!H5) | I5: =IF(+'Rental Setup'!I5="","",+'Rental Setup'!I5) | ... K5: =IF(+'Rental Setup'!K5="","",+'Rental Setup'!K5)
A6: State Zip | B6: =IF(+'Rental Setup'!B6="","",+'Rental Setup'!B6) | C6: =IF(+'Rental Setup'!C6="","",+'Rental Setup'!C6) | D6: =IF(+'Rental Setup'!D6="","",+'Rental Setup'!D6) | E6: =IF(+'Rental Setup'!E6="","",+'Rental Setup'!E6) | F6: =IF(+'Rental Setup'!F6="","",+'Rental Setup'!F6) | G6: =IF(+'Rental Setup'!G6="","",+'Rental Setup'!G6) | H6: =IF(+'Rental Setup'!H6="","",+'Rental Setup'!H6) | I6: =IF(+'Rental Setup'!I6="","",+'Rental Setup'!I6) | ... K6: =IF(+'Rental Setup'!K6="","",+'Rental Setup'!K6)
A8: INCOME | B8: =SUM(B9:B10) -> 0 | C8: =SUM(C9:C10) -> 0 | D8: =SUM(D9:D10) -> 0 | E8: =SUM(E9:E10) -> 0 | F8: 0 | G8: =SUM(G9:G10) -> 0 | H8: =SUM(H9:H10) -> 0 | I8: =SUM(I9:I10) -> 0 | J8: =SUM(J9:J10) -> 0 | K8: =SUM(K9:K10) -> 0 | L8: =SUM(L9:L10) -> 0
A9: Rents | L9: =SUM(B9:K9) -> 0
A10: Other Income | L10: =SUM(B10:K10) -> 0
A12: EXPENSES | B12: =SUM(B13:B26) -> 0 | C12: =SUM(C13:C26) -> 0 | D12: =SUM(D13:D26) -> 0 | E12: =SUM(E13:E26) -> 0 | F12: =SUM(F13:F26) -> 0 | G12: =SUM(G13:G26) -> 0 | H12: =SUM(H13:H26) -> 0 | I12: =SUM(I13:I26) -> 0 | ... L12: =SUM(L13:L26) -> 0
A13: Advertising | L13: =SUM(B13:K13) -> 0
A14: Miles Driven | L14: =SUM(B14:K14) -> 0
A15: Cleaning and Maintance | L15: =SUM(B15:K15) -> 0
A16: Commissions | L16: =SUM(B16:K16) -> 0
A17: Insurance | L17: =SUM(B17:K17) -> 0
A18: Legal and professional Fees | L18: =SUM(B18:K18) -> 0
A19: Management Fees | L19: =SUM(B19:K19) -> 0
A20: Mortgage Interest | L20: =SUM(B20:K20) -> 0
A21: Other Interest | L21: =SUM(B21:K21) -> 0
A22: Repairs | B22: =+'FEB - Repairs'!B10+'FEB - Repairs'!B20 -> 0 | C22: =+'FEB - Repairs'!C10+'FEB - Repairs'!C20 -> 0 | D22: =+'FEB - Repairs'!D10+'FEB - Repairs'!D20 -> 0 | E22: =+'FEB - Repairs'!E10+'FEB - Repairs'!E20 -> 0 | F22: =+'FEB - Repairs'!F10+'FEB - Repairs'!F20 -> 0 | G22: =+'FEB - Repairs'!G10+'FEB - Repairs'!G20 -> 0 | H22: =+'FEB - Repairs'!H10+'FEB - Repairs'!H20 -> 0 | I22: =+'FEB - Repairs'!I10+'FEB - Repairs'!I20 -> 0 | ... K22: =+'FEB - Repairs'!K10+'FEB - Repairs'!K20 -> 0 | L22: =SUM(B22:K22) -> 0
A23: Supplies | L23: =SUM(B23:K23) -> 0
A24: Taxes | L24: =SUM(B24:K24) -> 0
A25: Utilities | L25: =SUM(B25:K25) -> 0
A26: Other | L26: =SUM(B26:K26) -> 0
A28: ALLOCATED EXPENSES | B28: =SUM(B29:B43) -> 0 | C28: =SUM(C29:C43) -> 0 | D28: =SUM(D29:D43) -> 0 | E28: =SUM(E29:E43) -> 0 | F28: =SUM(F29:F43) -> 0 | G28: =SUM(G29:G43) -> 0 | H28: =SUM(H29:H43) -> 0 | I28: =SUM(I29:I43) -> 0 | ... L28: =SUM(L29:L43) -> 0
A29: Personal Phone | B29: =IF(B$4="",0,+'Business Expenses'!$C5/'Rental Setup'!$B$1) -> 0 | C29: =IF(C$4="",0,+'Business Expenses'!$C5/'Rental Setup'!$B$1) -> 0 | D29: =IF(D$4="",0,+'Business Expenses'!$C5/'Rental Setup'!$B$1) -> 0 | E29: =IF(E$4="",0,+'Business Expenses'!$C5/'Rental Setup'!$B$1) -> 0 | F29: =IF(F$4="",0,+'Business Expenses'!$C5/'Rental Setup'!$B$1) -> 0 | G29: =IF(G$4="",0,+'Business Expenses'!$C5/'Rental Setup'!$B$1) -> 0 | H29: =IF(H$4="",0,+'Business Expenses'!$C5/'Rental Setup'!$B$1) -> 0 | I29: =IF(I$4="",0,+'Business Expenses'!$C5/'Rental Setup'!$B$1) -> 0 | ... K29: =IF(K$4="",0,+'Business Expenses'!$C5/'Rental Setup'!$B$1) -> 0 | L29: =SUM(B29:K29) -> 0
A30: Personal Internet | B30: =IF(B$4="",0,+'Business Expenses'!$C6/'Rental Setup'!$B$1) -> 0 | C30: =IF(C$4="",0,+'Business Expenses'!$C6/'Rental Setup'!$B$1) -> 0 | D30: =IF(D$4="",0,+'Business Expenses'!$C6/'Rental Setup'!$B$1) -> 0 | E30: =IF(E$4="",0,+'Business Expenses'!$C6/'Rental Setup'!$B$1) -> 0 | F30: =IF(F$4="",0,+'Business Expenses'!$C6/'Rental Setup'!$B$1) -> 0 | G30: =IF(G$4="",0,+'Business Expenses'!$C6/'Rental Setup'!$B$1) -> 0 | H30: =IF(H$4="",0,+'Business Expenses'!$C6/'Rental Setup'!$B$1) -> 0 | I30: =IF(I$4="",0,+'Business Expenses'!$C6/'Rental Setup'!$B$1) -> 0 | ... K30: =IF(K$4="",0,+'Business Expenses'!$C6/'Rental Setup'!$B$1) -> 0 | L30: =SUM(B30:K30) -> 0
A31: Education | B31: =IF(B$4="",0,+'Business Expenses'!$C7/'Rental Setup'!$B$1) -> 0 | C31: =IF(C$4="",0,+'Business Expenses'!$C7/'Rental Setup'!$B$1) -> 0 | D31: =IF(D$4="",0,+'Business Expenses'!$C7/'Rental Setup'!$B$1) -> 0 | E31: =IF(E$4="",0,+'Business Expenses'!$C7/'Rental Setup'!$B$1) -> 0 | F31: =IF(F$4="",0,+'Business Expenses'!$C7/'Rental Setup'!$B$1) -> 0 | G31: =IF(G$4="",0,+'Business Expenses'!$C7/'Rental Setup'!$B$1) -> 0 | H31: =IF(H$4="",0,+'Business Expenses'!$C7/'Rental Setup'!$B$1) -> 0 | I31: =IF(I$4="",0,+'Business Expenses'!$C7/'Rental Setup'!$B$1) -> 0 | ... K31: =IF(K$4="",0,+'Business Expenses'!$C7/'Rental Setup'!$B$1) -> 0 | L31: =SUM(B31:K31) -> 0
A32: Books | B32: =IF(B$4="",0,+'Business Expenses'!$C8/'Rental Setup'!$B$1) -> 0 | C32: =IF(C$4="",0,+'Business Expenses'!$C8/'Rental Setup'!$B$1) -> 0 | D32: =IF(D$4="",0,+'Business Expenses'!$C8/'Rental Setup'!$B$1) -> 0 | E32: =IF(E$4="",0,+'Business Expenses'!$C8/'Rental Setup'!$B$1) -> 0 | F32: =IF(F$4="",0,+'Business Expenses'!$C8/'Rental Setup'!$B$1) -> 0 | G32: =IF(G$4="",0,+'Business Expenses'!$C8/'Rental Setup'!$B$1) -> 0 | H32: =IF(H$4="",0,+'Business Expenses'!$C8/'Rental Setup'!$B$1) -> 0 | I32: =IF(I$4="",0,+'Business Expenses'!$C8/'Rental Setup'!$B$1) -> 0 | ... K32: =IF(K$4="",0,+'Business Expenses'!$C8/'Rental Setup'!$B$1) -> 0 | L32: =SUM(B32:K32) -> 0
A33: Audible or E book subscriptions | B33: =IF(B$4="",0,+'Business Expenses'!$C9/'Rental Setup'!$B$1) -> 0 | C33: =IF(C$4="",0,+'Business Expenses'!$C9/'Rental Setup'!$B$1) -> 0 | D33: =IF(D$4="",0,+'Business Expenses'!$C9/'Rental Setup'!$B$1) -> 0 | E33: =IF(E$4="",0,+'Business Expenses'!$C9/'Rental Setup'!$B$1) -> 0 | F33: =IF(F$4="",0,+'Business Expenses'!$C9/'Rental Setup'!$B$1) -> 0 | G33: =IF(G$4="",0,+'Business Expenses'!$C9/'Rental Setup'!$B$1) -> 0 | H33: =IF(H$4="",0,+'Business Expenses'!$C9/'Rental Setup'!$B$1) -> 0 | I33: =IF(I$4="",0,+'Business Expenses'!$C9/'Rental Setup'!$B$1) -> 0 | ... K33: =IF(K$4="",0,+'Business Expenses'!$C9/'Rental Setup'!$B$1) -> 0 | L33: =SUM(B33:K33) -> 0
A34: Software | B34: =IF(B$4="",0,+'Business Expenses'!$C10/'Rental Setup'!$B$1) -> 0 | C34: =IF(C$4="",0,+'Business Expenses'!$C10/'Rental Setup'!$B$1) -> 0 | D34: =IF(D$4="",0,+'Business Expenses'!$C10/'Rental Setup'!$B$1) -> 0 | E34: =IF(E$4="",0,+'Business Expenses'!$C10/'Rental Setup'!$B$1) -> 0 | F34: =IF(F$4="",0,+'Business Expenses'!$C10/'Rental Setup'!$B$1) -> 0 | G34: =IF(G$4="",0,+'Business Expenses'!$C10/'Rental Setup'!$B$1) -> 0 | H34: =IF(H$4="",0,+'Business Expenses'!$C10/'Rental Setup'!$B$1) -> 0 | I34: =IF(I$4="",0,+'Business Expenses'!$C10/'Rental Setup'!$B$1) -> 0 | ... K34: =IF(K$4="",0,+'Business Expenses'!$C10/'Rental Setup'!$B$1) -> 0 | L34: =SUM(B34:K34) -> 0
A35: Web site and services | B35: =IF(B$4="",0,+'Business Expenses'!$C11/'Rental Setup'!$B$1) -> 0 | C35: =IF(C$4="",0,+'Business Expenses'!$C11/'Rental Setup'!$B$1) -> 0 | D35: =IF(D$4="",0,+'Business Expenses'!$C11/'Rental Setup'!$B$1) -> 0 | E35: =IF(E$4="",0,+'Business Expenses'!$C11/'Rental Setup'!$B$1) -> 0 | F35: =IF(F$4="",0,+'Business Expenses'!$C11/'Rental Setup'!$B$1) -> 0 | G35: =IF(G$4="",0,+'Business Expenses'!$C11/'Rental Setup'!$B$1) -> 0 | H35: =IF(H$4="",0,+'Business Expenses'!$C11/'Rental Setup'!$B$1) -> 0 | I35: =IF(I$4="",0,+'Business Expenses'!$C11/'Rental Setup'!$B$1) -> 0 | ... K35: =IF(K$4="",0,+'Business Expenses'!$C11/'Rental Setup'!$B$1) -> 0 | L35: =SUM(B35:K35) -> 0
A36: Meals | B36: =IF(B$4="",0,+'Business Expenses'!$C12/'Rental Setup'!$B$1) -> 0 | C36: =IF(C$4="",0,+'Business Expenses'!$C12/'Rental Setup'!$B$1) -> 0 | D36: =IF(D$4="",0,+'Business Expenses'!$C12/'Rental Setup'!$B$1) -> 0 | E36: =IF(E$4="",0,+'Business Expenses'!$C12/'Rental Setup'!$B$1) -> 0 | F36: =IF(F$4="",0,+'Business Expenses'!$C12/'Rental Setup'!$B$1) -> 0 | G36: =IF(G$4="",0,+'Business Expenses'!$C12/'Rental Setup'!$B$1) -> 0 | H36: =IF(H$4="",0,+'Business Expenses'!$C12/'Rental Setup'!$B$1) -> 0 | I36: =IF(I$4="",0,+'Business Expenses'!$C12/'Rental Setup'!$B$1) -> 0 | ... K36: =IF(K$4="",0,+'Business Expenses'!$C12/'Rental Setup'!$B$1) -> 0 | L36: =SUM(B36:K36) -> 0
A37: Meetup entry fees | B37: =IF(B$4="",0,+'Business Expenses'!$C13/'Rental Setup'!$B$1) -> 0 | C37: =IF(C$4="",0,+'Business Expenses'!$C13/'Rental Setup'!$B$1) -> 0 | D37: =IF(D$4="",0,+'Business Expenses'!$C13/'Rental Setup'!$B$1) -> 0 | E37: =IF(E$4="",0,+'Business Expenses'!$C13/'Rental Setup'!$B$1) -> 0 | F37: =IF(F$4="",0,+'Business Expenses'!$C13/'Rental Setup'!$B$1) -> 0 | G37: =IF(G$4="",0,+'Business Expenses'!$C13/'Rental Setup'!$B$1) -> 0 | H37: =IF(H$4="",0,+'Business Expenses'!$C13/'Rental Setup'!$B$1) -> 0 | I37: =IF(I$4="",0,+'Business Expenses'!$C13/'Rental Setup'!$B$1) -> 0 | ... K37: =IF(K$4="",0,+'Business Expenses'!$C13/'Rental Setup'!$B$1) -> 0 | L37: =SUM(B37:K37) -> 0
A38: Expo attendance fees | B38: =IF(B$4="",0,+'Business Expenses'!$C14/'Rental Setup'!$B$1) -> 0 | C38: =IF(C$4="",0,+'Business Expenses'!$C14/'Rental Setup'!$B$1) -> 0 | D38: =IF(D$4="",0,+'Business Expenses'!$C14/'Rental Setup'!$B$1) -> 0 | E38: =IF(E$4="",0,+'Business Expenses'!$C14/'Rental Setup'!$B$1) -> 0 | F38: =IF(F$4="",0,+'Business Expenses'!$C14/'Rental Setup'!$B$1) -> 0 | G38: =IF(G$4="",0,+'Business Expenses'!$C14/'Rental Setup'!$B$1) -> 0 | H38: =IF(H$4="",0,+'Business Expenses'!$C14/'Rental Setup'!$B$1) -> 0 | I38: =IF(I$4="",0,+'Business Expenses'!$C14/'Rental Setup'!$B$1) -> 0 | ... K38: =IF(K$4="",0,+'Business Expenses'!$C14/'Rental Setup'!$B$1) -> 0 | L38: =SUM(B38:K38) -> 0
A39: Po box | B39: =IF(B$4="",0,+'Business Expenses'!$C15/'Rental Setup'!$B$1) -> 0 | C39: =IF(C$4="",0,+'Business Expenses'!$C15/'Rental Setup'!$B$1) -> 0 | D39: =IF(D$4="",0,+'Business Expenses'!$C15/'Rental Setup'!$B$1) -> 0 | E39: =IF(E$4="",0,+'Business Expenses'!$C15/'Rental Setup'!$B$1) -> 0 | F39: =IF(F$4="",0,+'Business Expenses'!$C15/'Rental Setup'!$B$1) -> 0 | G39: =IF(G$4="",0,+'Business Expenses'!$C15/'Rental Setup'!$B$1) -> 0 | H39: =IF(H$4="",0,+'Business Expenses'!$C15/'Rental Setup'!$B$1) -> 0 | I39: =IF(I$4="",0,+'Business Expenses'!$C15/'Rental Setup'!$B$1) -> 0 | ... K39: =IF(K$4="",0,+'Business Expenses'!$C15/'Rental Setup'!$B$1) -> 0 | L39: =SUM(B39:K39) -> 0
A40: Bookkeeping | B40: =IF(B$4="",0,+'Business Expenses'!$C16/'Rental Setup'!$B$1) -> 0 | C40: =IF(C$4="",0,+'Business Expenses'!$C16/'Rental Setup'!$B$1) -> 0 | D40: =IF(D$4="",0,+'Business Expenses'!$C16/'Rental Setup'!$B$1) -> 0 | E40: =IF(E$4="",0,+'Business Expenses'!$C16/'Rental Setup'!$B$1) -> 0 | F40: =IF(F$4="",0,+'Business Expenses'!$C16/'Rental Setup'!$B$1) -> 0 | G40: =IF(G$4="",0,+'Business Expenses'!$C16/'Rental Setup'!$B$1) -> 0 | H40: =IF(H$4="",0,+'Business Expenses'!$C16/'Rental Setup'!$B$1) -> 0 | I40: =IF(I$4="",0,+'Business Expenses'!$C16/'Rental Setup'!$B$1) -> 0 | ... K40: =IF(K$4="",0,+'Business Expenses'!$C16/'Rental Setup'!$B$1) -> 0 | L40: =SUM(B40:K40) -> 0
... A43: Other | B43: =IF(B$4="",0,+'Business Expenses'!$C19/'Rental Setup'!$B$1) -> 0 | C43: =IF(C$4="",0,+'Business Expenses'!$C19/'Rental Setup'!$B$1) -> 0 | D43: =IF(D$4="",0,+'Business Expenses'!$C19/'Rental Setup'!$B$1) -> 0 | E43: =IF(E$4="",0,+'Business Expenses'!$C19/'Rental Setup'!$B$1) -> 0 | F43: =IF(F$4="",0,+'Business Expenses'!$C19/'Rental Setup'!$B$1) -> 0 | G43: =IF(G$4="",0,+'Business Expenses'!$C19/'Rental Setup'!$B$1) -> 0 | H43: =IF(H$4="",0,+'Business Expenses'!$C19/'Rental Setup'!$B$1) -> 0 | I43: =IF(I$4="",0,+'Business Expenses'!$C19/'Rental Setup'!$B$1) -> 0 | ... K43: =IF(K$4="",0,+'Business Expenses'!$C19/'Rental Setup'!$B$1) -> 0 | L43: =SUM(B43:K43) -> 0
A45: Net Income or Loss | B45: =B8-B12-B28 -> 0 | C45: =C8-C12-C28 -> 0 | D45: =D8-D12-D28 -> 0 | E45: =E8-E12-E28 -> 0 | F45: =F8-F12-F28 -> 0 | G45: =G8-G12-G28 -> 0 | H45: =H8-H12-H28 -> 0 | I45: =I8-I12-I28 -> 0 | ... L45: =L8-L12-L28 -> 0

Sheet FEB - Repairs
A1: REPAIRS
A2: Some elements of renovations can be expensed all at once, and do not need to be capitalized. Please provide the details for renovations/repair
A3: costs related to each property here. Include the total cost of supplies and labor related to each item.
A5: REPAIRS | B5: RENTAL 1 | C5: RENTAL 2 | D5: RENTAL 3 | E5: RENTAL 4 | F5: RENTAL 5 | G5: RENTAL 6 | H5: RENTAL 7 | I5: RENTAL 8 | J5: RENTAL 9 | K5: RENTAL 10 | L5: TOTAL
A6: Address | B6: =IF(+'Rental Setup'!B4="","",+'Rental Setup'!B4) | C6: =IF(+'Rental Setup'!C4="","",+'Rental Setup'!C4) | D6: =IF(+'Rental Setup'!D4="","",+'Rental Setup'!D4) | E6: =IF(+'Rental Setup'!E4="","",+'Rental Setup'!E4) | F6: =IF(+'Rental Setup'!F4="","",+'Rental Setup'!F4) | G6: =IF(+'Rental Setup'!G4="","",+'Rental Setup'!G4) | H6: =IF(+'Rental Setup'!H4="","",+'Rental Setup'!H4) | I6: =IF(+'Rental Setup'!I4="","",+'Rental Setup'!I4) | ... K6: =IF(+'Rental Setup'!K4="","",+'Rental Setup'!K4)
A7: City | B7: =IF(+'Rental Setup'!B5="","",+'Rental Setup'!B5) | C7: =IF(+'Rental Setup'!C5="","",+'Rental Setup'!C5) | D7: =IF(+'Rental Setup'!D5="","",+'Rental Setup'!D5) | E7: =IF(+'Rental Setup'!E5="","",+'Rental Setup'!E5) | F7: =IF(+'Rental Setup'!F5="","",+'Rental Setup'!F5) | G7: =IF(+'Rental Setup'!G5="","",+'Rental Setup'!G5) | H7: =IF(+'Rental Setup'!H5="","",+'Rental Setup'!H5) | I7: =IF(+'Rental Setup'!I5="","",+'Rental Setup'!I5) | ... K7: =IF(+'Rental Setup'!K5="","",+'Rental Setup'!K5)
A8: State Zip | B8: =IF(+'Rental Setup'!B6="","",+'Rental Setup'!B6) | C8: =IF(+'Rental Setup'!C6="","",+'Rental Setup'!C6) | D8: =IF(+'Rental Setup'!D6="","",+'Rental Setup'!D6) | E8: =IF(+'Rental Setup'!E6="","",+'Rental Setup'!E6) | F8: =IF(+'Rental Setup'!F6="","",+'Rental Setup'!F6) | G8: =IF(+'Rental Setup'!G6="","",+'Rental Setup'!G6) | H8: =IF(+'Rental Setup'!H6="","",+'Rental Setup'!H6) | I8: =IF(+'Rental Setup'!I6="","",+'Rental Setup'!I6) | ... K8: =IF(+'Rental Setup'!K6="","",+'Rental Setup'!K6)
A10: GENERAL | B10: =SUM(B11:B18) -> 0 | C10: =SUM(C11:C18) -> 0 | D10: =SUM(D11:D18) -> 0 | E10: =SUM(E11:E18) -> 0 | F10: =SUM(F11:F18) -> 0 | G10: =SUM(G11:G18) -> 0 | H10: =SUM(H11:H18) -> 0 | I10: =SUM(I11:I18) -> 0 | ... L10: =SUM(L11:L18) -> 0
A11: Appliances | L11: =SUM(B11:K11) -> 0
A12: Carpet (Not other flooring) | L12: =SUM(B12:K12) -> 0
A13: Paint | L13: =SUM(B13:K13) -> 0
A14: Landscaping/ fencing/ paving | L14: =SUM(B14:K14) -> 0
A15: Window Treatments | L15: =SUM(B15:K15) -> 0
A16: Kitchen Cabinets | L16: =SUM(B16:K16) -> 0
A17: Kitchen Counters | L17: =SUM(B17:K17) -> 0
A18: Light Fixtures | L18: =SUM(B18:K18) -> 0
A20: REPAIRS UNDER $2,500 | B20: =SUM(B21:B40) -> 0 | C20: =SUM(C21:C40) -> 0 | D20: =SUM(D21:D40) -> 0 | E20: =SUM(E21:E40) -> 0 | F20: =SUM(F21:F40) -> 0 | G20: =SUM(G21:G40) -> 0 | H20: =SUM(H21:H40) -> 0 | I20: =SUM(I21:I40) -> 0 | ... L20: =SUM(L21:L40) -> 0
L21: =SUM(B21:K21) -> 0
L22: =SUM(B22:K22) -> 0
L23: =SUM(B23:K23) -> 0
L24: =SUM(B24:K24) -> 0
L25: =SUM(B25:K25) -> 0
L26: =SUM(B26:K26) -> 0
L27: =SUM(B27:K27) -> 0
L28: =SUM(B28:K28) -> 0
L29: =SUM(B29:K29) -> 0
L30: =SUM(B30:K30) -> 0
L31: =SUM(B31:K31) -> 0
L32: =SUM(B32:K32) -> 0
... L40: =SUM(B40:K40) -> 0
A42: TOTAL RENOVATIONS (NOT including the items) separated out above | B42: =SUM(B43:B70) -> 0 | C42: =SUM(C43:C70) -> 0 | D42: =SUM(D43:D70) -> 0 | E42: =SUM(E43:E70) -> 0 | F42: =SUM(F43:F70) -> 0 | G42: =SUM(G43:G70) -> 0 | H42: =SUM(H43:H70) -> 0 | I42: =SUM(I43:I70) -> 0 | ... L42: =SUM(L43:L70) -> 0
L43: =SUM(B43:K43) -> 0
L44: =SUM(B44:K44) -> 0
L45: =SUM(B45:K45) -> 0
L46: =SUM(B46:K46) -> 0
L47: =SUM(B47:K47) -> 0
L48: =SUM(B48:K48) -> 0
L49: =SUM(B49:K49) -> 0
L50: =SUM(B50:K50) -> 0
L51: =SUM(B51:K51) -> 0
L52: =SUM(B52:K52) -> 0
L53: =SUM(B53:K53) -> 0
L54: =SUM(B54:K54) -> 0
... L70: =SUM(B70:K70) -> 0

Sheet MAR
A1: MARCH
A3: =+A1 -> MARCH | B3: RENTAL 1 | C3: RENTAL 2 | D3: RENTAL 3 | E3: RENTAL 4 | F3: RENTAL 5 | G3: RENTAL 6 | H3: RENTAL 7 | I3: RENTAL 8 | J3: RENTAL 9 | K3: RENTAL 10 | L3: TOTAL
A4: Address | B4: =IF(+'Rental Setup'!B4="","",+'Rental Setup'!B4) | C4: =IF(+'Rental Setup'!C4="","",+'Rental Setup'!C4) | D4: =IF(+'Rental Setup'!D4="","",+'Rental Setup'!D4) | E4: =IF(+'Rental Setup'!E4="","",+'Rental Setup'!E4) | F4: =IF(+'Rental Setup'!F4="","",+'Rental Setup'!F4) | G4: =IF(+'Rental Setup'!G4="","",+'Rental Setup'!G4) | H4: =IF(+'Rental Setup'!H4="","",+'Rental Setup'!H4) | I4: =IF(+'Rental Setup'!I4="","",+'Rental Setup'!I4) | ... K4: =IF(+'Rental Setup'!K4="","",+'Rental Setup'!K4)
A5: City | B5: =IF(+'Rental Setup'!B5="","",+'Rental Setup'!B5) | C5: =IF(+'Rental Setup'!C5="","",+'Rental Setup'!C5) | D5: =IF(+'Rental Setup'!D5="","",+'Rental Setup'!D5) | E5: =IF(+'Rental Setup'!E5="","",+'Rental Setup'!E5) | F5: =IF(+'Rental Setup'!F5="","",+'Rental Setup'!F5) | G5: =IF(+'Rental Setup'!G5="","",+'Rental Setup'!G5) | H5: =IF(+'Rental Setup'!H5="","",+'Rental Setup'!H5) | I5: =IF(+'Rental Setup'!I5="","",+'Rental Setup'!I5) | ... K5: =IF(+'Rental Setup'!K5="","",+'Rental Setup'!K5)
A6: State Zip | B6: =IF(+'Rental Setup'!B6="","",+'Rental Setup'!B6) | C6: =IF(+'Rental Setup'!C6="","",+'Rental Setup'!C6) | D6: =IF(+'Rental Setup'!D6="","",+'Rental Setup'!D6) | E6: =IF(+'Rental Setup'!E6="","",+'Rental Setup'!E6) | F6: =IF(+'Rental Setup'!F6="","",+'Rental Setup'!F6) | G6: =IF(+'Rental Setup'!G6="","",+'Rental Setup'!G6) | H6: =IF(+'Rental Setup'!H6="","",+'Rental Setup'!H6) | I6: =IF(+'Rental Setup'!I6="","",+'Rental Setup'!I6) | ... K6: =IF(+'Rental Setup'!K6="","",+'Rental Setup'!K6)
A8: INCOME | B8: =SUM(B9:B10) -> 0 | C8: =SUM(C9:C10) -> 0 | D8: =SUM(D9:D10) -> 0 | E8: =SUM(E9:E10) -> 0 | F8: =SUM(F9:F10) -> 0 | G8: =SUM(G9:G10) -> 0 | H8: =SUM(H9:H10) -> 0 | I8: =SUM(I9:I10) -> 0 | ... L8: =SUM(L9:L10) -> 0
A9: Rents | L9: =SUM(B9:K9) -> 0
A10: Other Income | L10: =SUM(B10:K10) -> 0
A12: EXPENSES | B12: =SUM(B13:B26) -> 0 | C12: =SUM(C13:C26) -> 0 | D12: =SUM(D13:D26) -> 0 | E12: =SUM(E13:E26) -> 0 | F12: =SUM(F13:F26) -> 0 | G12: =SUM(G13:G26) -> 0 | H12: =SUM(H13:H26) -> 0 | I12: =SUM(I13:I26) -> 0 | ... L12: =SUM(L13:L26) -> 0
A13: Advertising | L13: =SUM(B13:K13) -> 0
A14: Miles Driven | L14: =SUM(B14:K14) -> 0
A15: Cleaning and Maintance | L15: =SUM(B15:K15) -> 0
A16: Commissions | L16: =SUM(B16:K16) -> 0
A17: Insurance | L17: =SUM(B17:K17) -> 0
A18: Legal and professional Fees | L18: =SUM(B18:K18) -> 0
A19: Management Fees | L19: =SUM(B19:K19) -> 0
A20: Mortgage Interest | L20: =SUM(B20:K20) -> 0
A21: Other Interest | L21: =SUM(B21:K21) -> 0
A22: Repairs | B22: =+'MAR - Repairs'!B10+'MAR - Repairs'!B20 -> 0 | C22: =+'MAR - Repairs'!C10+'MAR - Repairs'!C20 -> 0 | D22: =+'MAR - Repairs'!D10+'MAR - Repairs'!D20 -> 0 | E22: =+'MAR - Repairs'!E10+'MAR - Repairs'!E20 -> 0 | F22: =+'MAR - Repairs'!F10+'MAR - Repairs'!F20 -> 0 | G22: =+'MAR - Repairs'!G10+'MAR - Repairs'!G20 -> 0 | H22: =+'MAR - Repairs'!H10+'MAR - Repairs'!H20 -> 0 | I22: =+'MAR - Repairs'!I10+'MAR - Repairs'!I20 -> 0 | ... K22: =+'MAR - Repairs'!K10+'MAR - Repairs'!K20 -> 0 | L22: =SUM(B22:K22) -> 0
A23: Supplies | L23: =SUM(B23:K23) -> 0
A24: Taxes | L24: =SUM(B24:K24) -> 0
A25: Utilities | L25: =SUM(B25:K25) -> 0
A26: Other | L26: =SUM(B26:K26) -> 0
A28: ALLOCATED EXPENSES | B28: =SUM(B29:B43) -> 0 | C28: =SUM(C29:C43) -> 0 | D28: =SUM(D29:D43) -> 0 | E28: =SUM(E29:E43) -> 0 | F28: =SUM(F29:F43) -> 0 | G28: =SUM(G29:G43) -> 0 | H28: =SUM(H29:H43) -> 0 | I28: =SUM(I29:I43) -> 0 | ... L28: =SUM(L29:L43) -> 0
A29: Personal Phone | B29: =IF(B$4="",0,+'Business Expenses'!$C5/'Rental Setup'!$B$1) -> 0 | C29: =IF(C$4="",0,+'Business Expenses'!$C5/'Rental Setup'!$B$1) -> 0 | D29: =IF(D$4="",0,+'Business Expenses'!$C5/'Rental Setup'!$B$1) -> 0 | E29: =IF(E$4="",0,+'Business Expenses'!$C5/'Rental Setup'!$B$1) -> 0 | F29: =IF(F$4="",0,+'Business Expenses'!$C5/'Rental Setup'!$B$1) -> 0 | G29: =IF(G$4="",0,+'Business Expenses'!$C5/'Rental Setup'!$B$1) -> 0 | H29: =IF(H$4="",0,+'Business Expenses'!$C5/'Rental Setup'!$B$1) -> 0 | I29: =IF(I$4="",0,+'Business Expenses'!$C5/'Rental Setup'!$B$1) -> 0 | ... K29: =IF(K$4="",0,+'Business Expenses'!$C5/'Rental Setup'!$B$1) -> 0 | L29: =SUM(B29:K29) -> 0
A30: Personal Internet | B30: =IF(B$4="",0,+'Business Expenses'!$C6/'Rental Setup'!$B$1) -> 0 | C30: =IF(C$4="",0,+'Business Expenses'!$C6/'Rental Setup'!$B$1) -> 0 | D30: =IF(D$4="",0,+'Business Expenses'!$C6/'Rental Setup'!$B$1) -> 0 | E30: =IF(E$4="",0,+'Business Expenses'!$C6/'Rental Setup'!$B$1) -> 0 | F30: =IF(F$4="",0,+'Business Expenses'!$C6/'Rental Setup'!$B$1) -> 0 | G30: =IF(G$4="",0,+'Business Expenses'!$C6/'Rental Setup'!$B$1) -> 0 | H30: =IF(H$4="",0,+'Business Expenses'!$C6/'Rental Setup'!$B$1) -> 0 | I30: =IF(I$4="",0,+'Business Expenses'!$C6/'Rental Setup'!$B$1) -> 0 | ... K30: =IF(K$4="",0,+'Business Expenses'!$C6/'Rental Setup'!$B$1) -> 0 | L30: =SUM(B30:K30) -> 0
A31: Education | B31: =IF(B$4="",0,+'Business Expenses'!$C7/'Rental Setup'!$B$1) -> 0 | C31: =IF(C$4="",0,+'Business Expenses'!$C7/'Rental Setup'!$B$1) -> 0 | D31: =IF(D$4="",0,+'Business Expenses'!$C7/'Rental Setup'!$B$1) -> 0 | E31: =IF(E$4="",0,+'Business Expenses'!$C7/'Rental Setup'!$B$1) -> 0 | F31: =IF(F$4="",0,+'Business Expenses'!$C7/'Rental Setup'!$B$1) -> 0 | G31: =IF(G$4="",0,+'Business Expenses'!$C7/'Rental Setup'!$B$1) -> 0 | H31: =IF(H$4="",0,+'Business Expenses'!$C7/'Rental Setup'!$B$1) -> 0 | I31: =IF(I$4="",0,+'Business Expenses'!$C7/'Rental Setup'!$B$1) -> 0 | ... K31: =IF(K$4="",0,+'Business Expenses'!$C7/'Rental Setup'!$B$1) -> 0 | L31: =SUM(B31:K31) -> 0
A32: Books | B32: =IF(B$4="",0,+'Business Expenses'!$C8/'Rental Setup'!$B$1) -> 0 | C32: =IF(C$4="",0,+'Business Expenses'!$C8/'Rental Setup'!$B$1) -> 0 | D32: =IF(D$4="",0,+'Business Expenses'!$C8/'Rental Setup'!$B$1) -> 0 | E32: =IF(E$4="",0,+'Business Expenses'!$C8/'Rental Setup'!$B$1) -> 0 | F32: =IF(F$4="",0,+'Business Expenses'!$C8/'Rental Setup'!$B$1) -> 0 | G32: =IF(G$4="",0,+'Business Expenses'!$C8/'Rental Setup'!$B$1) -> 0 | H32: =IF(H$4="",0,+'Business Expenses'!$C8/'Rental Setup'!$B$1) -> 0 | I32: =IF(I$4="",0,+'Business Expenses'!$C8/'Rental Setup'!$B$1) -> 0 | ... K32: =IF(K$4="",0,+'Business Expenses'!$C8/'Rental Setup'!$B$1) -> 0 | L32: =SUM(B32:K32) -> 0
A33: Audible or E book subscriptions | B33: =IF(B$4="",0,+'Business Expenses'!$C9/'Rental Setup'!$B$1) -> 0 | C33: =IF(C$4="",0,+'Business Expenses'!$C9/'Rental Setup'!$B$1) -> 0 | D33: =IF(D$4="",0,+'Business Expenses'!$C9/'Rental Setup'!$B$1) -> 0 | E33: =IF(E$4="",0,+'Business Expenses'!$C9/'Rental Setup'!$B$1) -> 0 | F33: =IF(F$4="",0,+'Business Expenses'!$C9/'Rental Setup'!$B$1) -> 0 | G33: =IF(G$4="",0,+'Business Expenses'!$C9/'Rental Setup'!$B$1) -> 0 | H33: =IF(H$4="",0,+'Business Expenses'!$C9/'Rental Setup'!$B$1) -> 0 | I33: =IF(I$4="",0,+'Business Expenses'!$C9/'Rental Setup'!$B$1) -> 0 | ... K33: =IF(K$4="",0,+'Business Expenses'!$C9/'Rental Setup'!$B$1) -> 0 | L33: =SUM(B33:K33) -> 0
A34: Software | B34: =IF(B$4="",0,+'Business Expenses'!$C10/'Rental Setup'!$B$1) -> 0 | C34: =IF(C$4="",0,+'Business Expenses'!$C10/'Rental Setup'!$B$1) -> 0 | D34: =IF(D$4="",0,+'Business Expenses'!$C10/'Rental Setup'!$B$1) -> 0 | E34: =IF(E$4="",0,+'Business Expenses'!$C10/'Rental Setup'!$B$1) -> 0 | F34: =IF(F$4="",0,+'Business Expenses'!$C10/'Rental Setup'!$B$1) -> 0 | G34: =IF(G$4="",0,+'Business Expenses'!$C10/'Rental Setup'!$B$1) -> 0 | H34: =IF(H$4="",0,+'Business Expenses'!$C10/'Rental Setup'!$B$1) -> 0 | I34: =IF(I$4="",0,+'Business Expenses'!$C10/'Rental Setup'!$B$1) -> 0 | ... K34: =IF(K$4="",0,+'Business Expenses'!$C10/'Rental Setup'!$B$1) -> 0 | L34: =SUM(B34:K34) -> 0
A35: Web site and services | B35: =IF(B$4="",0,+'Business Expenses'!$C11/'Rental Setup'!$B$1) -> 0 | C35: =IF(C$4="",0,+'Business Expenses'!$C11/'Rental Setup'!$B$1) -> 0 | D35: =IF(D$4="",0,+'Business Expenses'!$C11/'Rental Setup'!$B$1) -> 0 | E35: =IF(E$4="",0,+'Business Expenses'!$C11/'Rental Setup'!$B$1) -> 0 | F35: =IF(F$4="",0,+'Business Expenses'!$C11/'Rental Setup'!$B$1) -> 0 | G35: =IF(G$4="",0,+'Business Expenses'!$C11/'Rental Setup'!$B$1) -> 0 | H35: =IF(H$4="",0,+'Business Expenses'!$C11/'Rental Setup'!$B$1) -> 0 | I35: =IF(I$4="",0,+'Business Expenses'!$C11/'Rental Setup'!$B$1) -> 0 | ... K35: =IF(K$4="",0,+'Business Expenses'!$C11/'Rental Setup'!$B$1) -> 0 | L35: =SUM(B35:K35) -> 0
A36: Meals | B36: =IF(B$4="",0,+'Business Expenses'!$C12/'Rental Setup'!$B$1) -> 0 | C36: =IF(C$4="",0,+'Business Expenses'!$C12/'Rental Setup'!$B$1) -> 0 | D36: =IF(D$4="",0,+'Business Expenses'!$C12/'Rental Setup'!$B$1) -> 0 | E36: =IF(E$4="",0,+'Business Expenses'!$C12/'Rental Setup'!$B$1) -> 0 | F36: =IF(F$4="",0,+'Business Expenses'!$C12/'Rental Setup'!$B$1) -> 0 | G36: =IF(G$4="",0,+'Business Expenses'!$C12/'Rental Setup'!$B$1) -> 0 | H36: =IF(H$4="",0,+'Business Expenses'!$C12/'Rental Setup'!$B$1) -> 0 | I36: =IF(I$4="",0,+'Business Expenses'!$C12/'Rental Setup'!$B$1) -> 0 | ... K36: =IF(K$4="",0,+'Business Expenses'!$C12/'Rental Setup'!$B$1) -> 0 | L36: =SUM(B36:K36) -> 0
A37: Meetup entry fees | B37: =IF(B$4="",0,+'Business Expenses'!$C13/'Rental Setup'!$B$1) -> 0 | C37: =IF(C$4="",0,+'Business Expenses'!$C13/'Rental Setup'!$B$1) -> 0 | D37: =IF(D$4="",0,+'Business Expenses'!$C13/'Rental Setup'!$B$1) -> 0 | E37: =IF(E$4="",0,+'Business Expenses'!$C13/'Rental Setup'!$B$1) -> 0 | F37: =IF(F$4="",0,+'Business Expenses'!$C13/'Rental Setup'!$B$1) -> 0 | G37: =IF(G$4="",0,+'Business Expenses'!$C13/'Rental Setup'!$B$1) -> 0 | H37: =IF(H$4="",0,+'Business Expenses'!$C13/'Rental Setup'!$B$1) -> 0 | I37: =IF(I$4="",0,+'Business Expenses'!$C13/'Rental Setup'!$B$1) -> 0 | ... K37: =IF(K$4="",0,+'Business Expenses'!$C13/'Rental Setup'!$B$1) -> 0 | L37: =SUM(B37:K37) -> 0
A38: Expo attendance fees | B38: =IF(B$4="",0,+'Business Expenses'!$C14/'Rental Setup'!$B$1) -> 0 | C38: =IF(C$4="",0,+'Business Expenses'!$C14/'Rental Setup'!$B$1) -> 0 | D38: =IF(D$4="",0,+'Business Expenses'!$C14/'Rental Setup'!$B$1) -> 0 | E38: =IF(E$4="",0,+'Business Expenses'!$C14/'Rental Setup'!$B$1) -> 0 | F38: =IF(F$4="",0,+'Business Expenses'!$C14/'Rental Setup'!$B$1) -> 0 | G38: =IF(G$4="",0,+'Business Expenses'!$C14/'Rental Setup'!$B$1) -> 0 | H38: =IF(H$4="",0,+'Business Expenses'!$C14/'Rental Setup'!$B$1) -> 0 | I38: =IF(I$4="",0,+'Business Expenses'!$C14/'Rental Setup'!$B$1) -> 0 | ... K38: =IF(K$4="",0,+'Business Expenses'!$C14/'Rental Setup'!$B$1) -> 0 | L38: =SUM(B38:K38) -> 0
A39: Po box | B39: =IF(B$4="",0,+'Business Expenses'!$C15/'Rental Setup'!$B$1) -> 0 | C39: =IF(C$4="",0,+'Business Expenses'!$C15/'Rental Setup'!$B$1) -> 0 | D39: =IF(D$4="",0,+'Business Expenses'!$C15/'Rental Setup'!$B$1) -> 0 | E39: =IF(E$4="",0,+'Business Expenses'!$C15/'Rental Setup'!$B$1) -> 0 | F39: =IF(F$4="",0,+'Business Expenses'!$C15/'Rental Setup'!$B$1) -> 0 | G39: =IF(G$4="",0,+'Business Expenses'!$C15/'Rental Setup'!$B$1) -> 0 | H39: =IF(H$4="",0,+'Business Expenses'!$C15/'Rental Setup'!$B$1) -> 0 | I39: =IF(I$4="",0,+'Business Expenses'!$C15/'Rental Setup'!$B$1) -> 0 | ... K39: =IF(K$4="",0,+'Business Expenses'!$C15/'Rental Setup'!$B$1) -> 0 | L39: =SUM(B39:K39) -> 0
A40: Bookkeeping | B40: =IF(B$4="",0,+'Business Expenses'!$C16/'Rental Setup'!$B$1) -> 0 | C40: =IF(C$4="",0,+'Business Expenses'!$C16/'Rental Setup'!$B$1) -> 0 | D40: =IF(D$4="",0,+'Business Expenses'!$C16/'Rental Setup'!$B$1) -> 0 | E40: =IF(E$4="",0,+'Business Expenses'!$C16/'Rental Setup'!$B$1) -> 0 | F40: =IF(F$4="",0,+'Business Expenses'!$C16/'Rental Setup'!$B$1) -> 0 | G40: =IF(G$4="",0,+'Business Expenses'!$C16/'Rental Setup'!$B$1) -> 0 | H40: =IF(H$4="",0,+'Business Expenses'!$C16/'Rental Setup'!$B$1) -> 0 | I40: =IF(I$4="",0,+'Business Expenses'!$C16/'Rental Setup'!$B$1) -> 0 | ... K40: =IF(K$4="",0,+'Business Expenses'!$C16/'Rental Setup'!$B$1) -> 0 | L40: =SUM(B40:K40) -> 0
... A43: Other | B43: =IF(B$4="",0,+'Business Expenses'!$C19/'Rental Setup'!$B$1) -> 0 | C43: =IF(C$4="",0,+'Business Expenses'!$C19/'Rental Setup'!$B$1) -> 0 | D43: =IF(D$4="",0,+'Business Expenses'!$C19/'Rental Setup'!$B$1) -> 0 | E43: =IF(E$4="",0,+'Business Expenses'!$C19/'Rental Setup'!$B$1) -> 0 | F43: =IF(F$4="",0,+'Business Expenses'!$C19/'Rental Setup'!$B$1) -> 0 | G43: =IF(G$4="",0,+'Business Expenses'!$C19/'Rental Setup'!$B$1) -> 0 | H43: =IF(H$4="",0,+'Business Expenses'!$C19/'Rental Setup'!$B$1) -> 0 | I43: =IF(I$4="",0,+'Business Expenses'!$C19/'Rental Setup'!$B$1) -> 0 | ... K43: =IF(K$4="",0,+'Business Expenses'!$C19/'Rental Setup'!$B$1) -> 0 | L43: =SUM(B43:K43) -> 0
A45: Net Income or Loss | B45: =B8-B12-B28 -> 0 | C45: =C8-C12-C28 -> 0 | D45: =D8-D12-D28 -> 0 | E45: =E8-E12-E28 -> 0 | F45: =F8-F12-F28 -> 0 | G45: =G8-G12-G28 -> 0 | H45: =H8-H12-H28 -> 0 | I45: =I8-I12-I28 -> 0 | ... L45: =L8-L12-L28 -> 0

Sheet MAR - Repairs
A1: REPAIRS
A2: Some elements of renovations can be expensed all at once, and do not need to be capitalized. Please provide the details for renovations/repair
A3: costs related to each property here. Include the total cost of supplies and labor related to each item.
A5: REPAIRS | B5: RENTAL 1 | C5: RENTAL 2 | D5: RENTAL 3 | E5: RENTAL 4 | F5: RENTAL 5 | G5: RENTAL 6 | H5: RENTAL 7 | I5: RENTAL 8 | J5: RENTAL 9 | K5: RENTAL 10 | L5: TOTAL
A6: Address | B6: =IF(+'Rental Setup'!B4="","",+'Rental Setup'!B4) | C6: =IF(+'Rental Setup'!C4="","",+'Rental Setup'!C4) | D6: =IF(+'Rental Setup'!D4="","",+'Rental Setup'!D4) | E6: =IF(+'Rental Setup'!E4="","",+'Rental Setup'!E4) | F6: =IF(+'Rental Setup'!F4="","",+'Rental Setup'!F4) | G6: =IF(+'Rental Setup'!G4="","",+'Rental Setup'!G4) | H6: =IF(+'Rental Setup'!H4="","",+'Rental Setup'!H4) | I6: =IF(+'Rental Setup'!I4="","",+'Rental Setup'!I4) | ... K6: =IF(+'Rental Setup'!K4="","",+'Rental Setup'!K4)
A7: City | B7: =IF(+'Rental Setup'!B5="","",+'Rental Setup'!B5) | C7: =IF(+'Rental Setup'!C5="","",+'Rental Setup'!C5) | D7: =IF(+'Rental Setup'!D5="","",+'Rental Setup'!D5) | E7: =IF(+'Rental Setup'!E5="","",+'Rental Setup'!E5) | F7: =IF(+'Rental Setup'!F5="","",+'Rental Setup'!F5) | G7: =IF(+'Rental Setup'!G5="","",+'Rental Setup'!G5) | H7: =IF(+'Rental Setup'!H5="","",+'Rental Setup'!H5) | I7: =IF(+'Rental Setup'!I5="","",+'Rental Setup'!I5) | ... K7: =IF(+'Rental Setup'!K5="","",+'Rental Setup'!K5)
A8: State Zip | B8: =IF(+'Rental Setup'!B6="","",+'Rental Setup'!B6) | C8: =IF(+'Rental Setup'!C6="","",+'Rental Setup'!C6) | D8: =IF(+'Rental Setup'!D6="","",+'Rental Setup'!D6) | E8: =IF(+'Rental Setup'!E6="","",+'Rental Setup'!E6) | F8: =IF(+'Rental Setup'!F6="","",+'Rental Setup'!F6) | G8: =IF(+'Rental Setup'!G6="","",+'Rental Setup'!G6) | H8: =IF(+'Rental Setup'!H6="","",+'Rental Setup'!H6) | I8: =IF(+'Rental Setup'!I6="","",+'Rental Setup'!I6) | ... K8: =IF(+'Rental Setup'!K6="","",+'Rental Setup'!K6)
A10: GENERAL | B10: =SUM(B11:B18) -> 0 | C10: =SUM(C11:C18) -> 0 | D10: =SUM(D11:D18) -> 0 | E10: =SUM(E11:E18) -> 0 | F10: =SUM(F11:F18) -> 0 | G10: =SUM(G11:G18) -> 0 | H10: =SUM(H11:H18) -> 0 | I10: =SUM(I11:I18) -> 0 | ... L10: =SUM(L11:L18) -> 0
A11: Appliances | L11: =SUM(B11:K11) -> 0
A12: Carpet (Not other flooring) | L12: =SUM(B12:K12) -> 0
A13: Paint | L13: =SUM(B13:K13) -> 0
A14: Landscaping/ fencing/ paving | L14: =SUM(B14:K14) -> 0
A15: Window Treatments | L15: =SUM(B15:K15) -> 0
A16: Kitchen Cabinets | L16: =SUM(B16:K16) -> 0
A17: Kitchen Counters | L17: =SUM(B17:K17) -> 0
A18: Light Fixtures | L18: =SUM(B18:K18) -> 0
A20: REPAIRS UNDER $2,500 | B20: =SUM(B21:B40) -> 0 | C20: =SUM(C21:C40) -> 0 | D20: =SUM(D21:D40) -> 0 | E20: =SUM(E21:E40) -> 0 | F20: =SUM(F21:F40) -> 0 | G20: =SUM(G21:G40) -> 0 | H20: =SUM(H21:H40) -> 0 | I20: =SUM(I21:I40) -> 0 | ... L20: =SUM(L21:L40) -> 0
L21: =SUM(B21:K21) -> 0
L22: =SUM(B22:K22) -> 0
L23: =SUM(B23:K23) -> 0
L24: =SUM(B24:K24) -> 0
L25: =SUM(B25:K25) -> 0
L26: =SUM(B26:K26) -> 0
L27: =SUM(B27:K27) -> 0
L28: =SUM(B28:K28) -> 0
L29: =SUM(B29:K29) -> 0
L30: =SUM(B30:K30) -> 0
L31: =SUM(B31:K31) -> 0
L32: =SUM(B32:K32) -> 0
... L40: =SUM(B40:K40) -> 0
A42: TOTAL RENOVATIONS (NOT including the items) separated out above | B42: =SUM(B43:B70) -> 0 | C42: =SUM(C43:C70) -> 0 | D42: =SUM(D43:D70) -> 0 | E42: =SUM(E43:E70) -> 0 | F42: =SUM(F43:F70) -> 0 | G42: =SUM(G43:G70) -> 0 | H42: =SUM(H43:H70) -> 0 | I42: =SUM(I43:I70) -> 0 | ... L42: =SUM(L43:L70) -> 0
L43: =SUM(B43:K43) -> 0
L44: =SUM(B44:K44) -> 0
L45: =SUM(B45:K45) -> 0
L46: =SUM(B46:K46) -> 0
L47: =SUM(B47:K47) -> 0
L48: =SUM(B48:K48) -> 0
L49: =SUM(B49:K49) -> 0
L50: =SUM(B50:K50) -> 0
L51: =SUM(B51:K51) -> 0
L52: =SUM(B52:K52) -> 0
L53: =SUM(B53:K53) -> 0
L54: =SUM(B54:K54) -> 0
... L70: =SUM(B70:K70) -> 0

Sheet APR
A1: APRIL
A3: =+A1 -> APRIL | B3: RENTAL 1 | C3: RENTAL 2 | D3: RENTAL 3 | E3: RENTAL 4 | F3: RENTAL 5 | G3: RENTAL 6 | H3: RENTAL 7 | I3: RENTAL 8 | J3: RENTAL 9 | K3: RENTAL 10 | L3: TOTAL
A4: Address | B4: =IF(+'Rental Setup'!B4="","",+'Rental Setup'!B4) | C4: =IF(+'Rental Setup'!C4="","",+'Rental Setup'!C4) | D4: =IF(+'Rental Setup'!D4="","",+'Rental Setup'!D4) | E4: =IF(+'Rental Setup'!E4="","",+'Rental Setup'!E4) | F4: =IF(+'Rental Setup'!F4="","",+'Rental Setup'!F4) | G4: =IF(+'Rental Setup'!G4="","",+'Rental Setup'!G4) | H4: =IF(+'Rental Setup'!H4="","",+'Rental Setup'!H4) | I4: =IF(+'Rental Setup'!I4="","",+'Rental Setup'!I4) | ... K4: =IF(+'Rental Setup'!K4="","",+'Rental Setup'!K4)
A5: City | B5: =IF(+'Rental Setup'!B5="","",+'Rental Setup'!B5) | C5: =IF(+'Rental Setup'!C5="","",+'Rental Setup'!C5) | D5: =IF(+'Rental Setup'!D5="","",+'Rental Setup'!D5) | E5: =IF(+'Rental Setup'!E5="","",+'Rental Setup'!E5) | F5: =IF(+'Rental Setup'!F5="","",+'Rental Setup'!F5) | G5: =IF(+'Rental Setup'!G5="","",+'Rental Setup'!G5) | H5: =IF(+'Rental Setup'!H5="","",+'Rental Setup'!H5) | I5: =IF(+'Rental Setup'!I5="","",+'Rental Setup'!I5) | ... K5: =IF(+'Rental Setup'!K5="","",+'Rental Setup'!K5)
A6: State Zip | B6: =IF(+'Rental Setup'!B6="","",+'Rental Setup'!B6) | C6: =IF(+'Rental Setup'!C6="","",+'Rental Setup'!C6) | D6: =IF(+'Rental Setup'!D6="","",+'Rental Setup'!D6) | E6: =IF(+'Rental Setup'!E6="","",+'Rental Setup'!E6) | F6: =IF(+'Rental Setup'!F6="","",+'Rental Setup'!F6) | G6: =IF(+'Rental Setup'!G6="","",+'Rental Setup'!G6) | H6: =IF(+'Rental Setup'!H6="","",+'Rental Setup'!H6) | I6: =IF(+'Rental Setup'!I6="","",+'Rental Setup'!I6) | ... K6: =IF(+'Rental Setup'!K6="","",+'Rental Setup'!K6)
A8: INCOME | B8: =SUM(B9:B10) -> 0 | C8: =SUM(C9:C10) -> 0 | D8: =SUM(D9:D10) -> 0 | E8: =SUM(E9:E10) -> 0 | F8: =SUM(F9:F10) -> 0 | G8: =SUM(G9:G10) -> 0 | H8: =SUM(H9:H10) -> 0 | I8: =SUM(I9:I10) -> 0 | ... L8: =SUM(L9:L10) -> 0
A9: Rents | L9: =SUM(B9:K9) -> 0
A10: Other Income | L10: =SUM(B10:K10) -> 0
A12: EXPENSES | B12: =SUM(B13:B26) -> 0 | C12: =SUM(C13:C26) -> 0 | D12: =SUM(D13:D26) -> 0 | E12: =SUM(E13:E26) -> 0 | F12: =SUM(F13:F26) -> 0 | G12: =SUM(G13:G26) -> 0 | H12: =SUM(H13:H26) -> 0 | I12: =SUM(I13:I26) -> 0 | ... L12: =SUM(L13:L26) -> 0
A13: Advertising | L13: =SUM(B13:K13) -> 0
A14: Miles Driven | L14: =SUM(B14:K14) -> 0
A15: Cleaning and Maintance | L15: =SUM(B15:K15) -> 0
A16: Commissions | L16: =SUM(B16:K16) -> 0
A17: Insurance | L17: =SUM(B17:K17) -> 0
A18: Legal and professional Fees | L18: =SUM(B18:K18) -> 0
A19: Management Fees | L19: =SUM(B19:K19) -> 0
A20: Mortgage Interest | L20: =SUM(B20:K20) -> 0
A21: Other Interest | L21: =SUM(B21:K21) -> 0
A22: Repairs | B22: =+'APR - Repairs'!B10+'APR - Repairs'!B20 -> 0 | C22: =+'APR - Repairs'!C10+'APR - Repairs'!C20 -> 0 | D22: =+'APR - Repairs'!D10+'APR - Repairs'!D20 -> 0 | E22: =+'APR - Repairs'!E10+'APR - Repairs'!E20 -> 0 | G22: =+'APR - Repairs'!G10+'APR - Repairs'!G20 -> 0 | H22: =+'APR - Repairs'!H10+'APR - Repairs'!H20 -> 0 | I22: =+'APR - Repairs'!I10+'APR - Repairs'!I20 -> 0 | J22: =+'APR - Repairs'!J10+'APR - Repairs'!J20 -> 0 | K22: =+'APR - Repairs'!K10+'APR - Repairs'!K20 -> 0 | L22: =SUM(B22:K22) -> 0
A23: Supplies | L23: =SUM(B23:K23) -> 0
A24: Taxes | L24: =SUM(B24:K24) -> 0
A25: Utilities | L25: =SUM(B25:K25) -> 0
A26: Other | L26: =SUM(B26:K26) -> 0
A28: ALLOCATED EXPENSES | B28: =SUM(B29:B43) -> 0 | C28: =SUM(C29:C43) -> 0 | D28: =SUM(D29:D43) -> 0 | E28: =SUM(E29:E43) -> 0 | F28: =SUM(F29:F43) -> 0 | G28: =SUM(G29:G43) -> 0 | H28: =SUM(H29:H43) -> 0 | I28: =SUM(I29:I43) -> 0 | ... L28: =SUM(L29:L43) -> 0
A29: Personal Phone | B29: =IF(B$4="",0,+'Business Expenses'!$C5/'Rental Setup'!$B$1) -> 0 | C29: =IF(C$4="",0,+'Business Expenses'!$C5/'Rental Setup'!$B$1) -> 0 | D29: =IF(D$4="",0,+'Business Expenses'!$C5/'Rental Setup'!$B$1) -> 0 | E29: =IF(E$4="",0,+'Business Expenses'!$C5/'Rental Setup'!$B$1) -> 0 | F29: =IF(F$4="",0,+'Business Expenses'!$C5/'Rental Setup'!$B$1) -> 0 | G29: =IF(G$4="",0,+'Business Expenses'!$C5/'Rental Setup'!$B$1) -> 0 | H29: =IF(H$4="",0,+'Business Expenses'!$C5/'Rental Setup'!$B$1) -> 0 | I29: =IF(I$4="",0,+'Business Expenses'!$C5/'Rental Setup'!$B$1) -> 0 | ... K29: =IF(K$4="",0,+'Business Expenses'!$C5/'Rental Setup'!$B$1) -> 0 | L29: =SUM(B29:K29) -> 0
A30: Personal Internet | B30: =IF(B$4="",0,+'Business Expenses'!$C6/'Rental Setup'!$B$1) -> 0 | C30: =IF(C$4="",0,+'Business Expenses'!$C6/'Rental Setup'!$B$1) -> 0 | D30: =IF(D$4="",0,+'Business Expenses'!$C6/'Rental Setup'!$B$1) -> 0 | E30: =IF(E$4="",0,+'Business Expenses'!$C6/'Rental Setup'!$B$1) -> 0 | F30: =IF(F$4="",0,+'Business Expenses'!$C6/'Rental Setup'!$B$1) -> 0 | G30: =IF(G$4="",0,+'Business Expenses'!$C6/'Rental Setup'!$B$1) -> 0 | H30: =IF(H$4="",0,+'Business Expenses'!$C6/'Rental Setup'!$B$1) -> 0 | I30: =IF(I$4="",0,+'Business Expenses'!$C6/'Rental Setup'!$B$1) -> 0 | ... K30: =IF(K$4="",0,+'Business Expenses'!$C6/'Rental Setup'!$B$1) -> 0 | L30: =SUM(B30:K30) -> 0
A31: Education | B31: =IF(B$4="",0,+'Business Expenses'!$C7/'Rental Setup'!$B$1) -> 0 | C31: =IF(C$4="",0,+'Business Expenses'!$C7/'Rental Setup'!$B$1) -> 0 | D31: =IF(D$4="",0,+'Business Expenses'!$C7/'Rental Setup'!$B$1) -> 0 | E31: =IF(E$4="",0,+'Business Expenses'!$C7/'Rental Setup'!$B$1) -> 0 | F31: =IF(F$4="",0,+'Business Expenses'!$C7/'Rental Setup'!$B$1) -> 0 | G31: =IF(G$4="",0,+'Business Expenses'!$C7/'Rental Setup'!$B$1) -> 0 | H31: =IF(H$4="",0,+'Business Expenses'!$C7/'Rental Setup'!$B$1) -> 0 | I31: =IF(I$4="",0,+'Business Expenses'!$C7/'Rental Setup'!$B$1) -> 0 | ... K31: =IF(K$4="",0,+'Business Expenses'!$C7/'Rental Setup'!$B$1) -> 0 | L31: =SUM(B31:K31) -> 0
A32: Books | B32: =IF(B$4="",0,+'Business Expenses'!$C8/'Rental Setup'!$B$1) -> 0 | C32: =IF(C$4="",0,+'Business Expenses'!$C8/'Rental Setup'!$B$1) -> 0 | D32: =IF(D$4="",0,+'Business Expenses'!$C8/'Rental Setup'!$B$1) -> 0 | E32: =IF(E$4="",0,+'Business Expenses'!$C8/'Rental Setup'!$B$1) -> 0 | F32: =IF(F$4="",0,+'Business Expenses'!$C8/'Rental Setup'!$B$1) -> 0 | G32: =IF(G$4="",0,+'Business Expenses'!$C8/'Rental Setup'!$B$1) -> 0 | H32: =IF(H$4="",0,+'Business Expenses'!$C8/'Rental Setup'!$B$1) -> 0 | I32: =IF(I$4="",0,+'Business Expenses'!$C8/'Rental Setup'!$B$1) -> 0 | ... K32: =IF(K$4="",0,+'Business Expenses'!$C8/'Rental Setup'!$B$1) -> 0 | L32: =SUM(B32:K32) -> 0
A33: Audible or E book subscriptions | B33: =IF(B$4="",0,+'Business Expenses'!$C9/'Rental Setup'!$B$1) -> 0 | C33: =IF(C$4="",0,+'Business Expenses'!$C9/'Rental Setup'!$B$1) -> 0 | D33: =IF(D$4="",0,+'Business Expenses'!$C9/'Rental Setup'!$B$1) -> 0 | E33: =IF(E$4="",0,+'Business Expenses'!$C9/'Rental Setup'!$B$1) -> 0 | F33: =IF(F$4="",0,+'Business Expenses'!$C9/'Rental Setup'!$B$1) -> 0 | G33: =IF(G$4="",0,+'Business Expenses'!$C9/'Rental Setup'!$B$1) -> 0 | H33: =IF(H$4="",0,+'Business Expenses'!$C9/'Rental Setup'!$B$1) -> 0 | I33: =IF(I$4="",0,+'Business Expenses'!$C9/'Rental Setup'!$B$1) -> 0 | ... K33: =IF(K$4="",0,+'Business Expenses'!$C9/'Rental Setup'!$B$1) -> 0 | L33: =SUM(B33:K33) -> 0
A34: Software | B34: =IF(B$4="",0,+'Business Expenses'!$C10/'Rental Setup'!$B$1) -> 0 | C34: =IF(C$4="",0,+'Business Expenses'!$C10/'Rental Setup'!$B$1) -> 0 | D34: =IF(D$4="",0,+'Business Expenses'!$C10/'Rental Setup'!$B$1) -> 0 | E34: =IF(E$4="",0,+'Business Expenses'!$C10/'Rental Setup'!$B$1) -> 0 | F34: =IF(F$4="",0,+'Business Expenses'!$C10/'Rental Setup'!$B$1) -> 0 | G34: =IF(G$4="",0,+'Business Expenses'!$C10/'Rental Setup'!$B$1) -> 0 | H34: =IF(H$4="",0,+'Business Expenses'!$C10/'Rental Setup'!$B$1) -> 0 | I34: =IF(I$4="",0,+'Business Expenses'!$C10/'Rental Setup'!$B$1) -> 0 | ... K34: =IF(K$4="",0,+'Business Expenses'!$C10/'Rental Setup'!$B$1) -> 0 | L34: =SUM(B34:K34) -> 0
A35: Web site and services | B35: =IF(B$4="",0,+'Business Expenses'!$C11/'Rental Setup'!$B$1) -> 0 | C35: =IF(C$4="",0,+'Business Expenses'!$C11/'Rental Setup'!$B$1) -> 0 | D35: =IF(D$4="",0,+'Business Expenses'!$C11/'Rental Setup'!$B$1) -> 0 | E35: =IF(E$4="",0,+'Business Expenses'!$C11/'Rental Setup'!$B$1) -> 0 | F35: =IF(F$4="",0,+'Business Expenses'!$C11/'Rental Setup'!$B$1) -> 0 | G35: =IF(G$4="",0,+'Business Expenses'!$C11/'Rental Setup'!$B$1) -> 0 | H35: =IF(H$4="",0,+'Business Expenses'!$C11/'Rental Setup'!$B$1) -> 0 | I35: =IF(I$4="",0,+'Business Expenses'!$C11/'Rental Setup'!$B$1) -> 0 | ... K35: =IF(K$4="",0,+'Business Expenses'!$C11/'Rental Setup'!$B$1) -> 0 | L35: =SUM(B35:K35) -> 0
A36: Meals | B36: =IF(B$4="",0,+'Business Expenses'!$C12/'Rental Setup'!$B$1) -> 0 | C36: =IF(C$4="",0,+'Business Expenses'!$C12/'Rental Setup'!$B$1) -> 0 | D36: =IF(D$4="",0,+'Business Expenses'!$C12/'Rental Setup'!$B$1) -> 0 | E36: =IF(E$4="",0,+'Business Expenses'!$C12/'Rental Setup'!$B$1) -> 0 | F36: =IF(F$4="",0,+'Business Expenses'!$C12/'Rental Setup'!$B$1) -> 0 | G36: =IF(G$4="",0,+'Business Expenses'!$C12/'Rental Setup'!$B$1) -> 0 | H36: =IF(H$4="",0,+'Business Expenses'!$C12/'Rental Setup'!$B$1) -> 0 | I36: =IF(I$4="",0,+'Business Expenses'!$C12/'Rental Setup'!$B$1) -> 0 | ... K36: =IF(K$4="",0,+'Business Expenses'!$C12/'Rental Setup'!$B$1) -> 0 | L36: =SUM(B36:K36) -> 0
A37: Meetup entry fees | B37: =IF(B$4="",0,+'Business Expenses'!$C13/'Rental Setup'!$B$1) -> 0 | C37: =IF(C$4="",0,+'Business Expenses'!$C13/'Rental Setup'!$B$1) -> 0 | D37: =IF(D$4="",0,+'Business Expenses'!$C13/'Rental Setup'!$B$1) -> 0 | E37: =IF(E$4="",0,+'Business Expenses'!$C13/'Rental Setup'!$B$1) -> 0 | F37: =IF(F$4="",0,+'Business Expenses'!$C13/'Rental Setup'!$B$1) -> 0 | G37: =IF(G$4="",0,+'Business Expenses'!$C13/'Rental Setup'!$B$1) -> 0 | H37: =IF(H$4="",0,+'Business Expenses'!$C13/'Rental Setup'!$B$1) -> 0 | I37: =IF(I$4="",0,+'Business Expenses'!$C13/'Rental Setup'!$B$1) -> 0 | ... K37: =IF(K$4="",0,+'Business Expenses'!$C13/'Rental Setup'!$B$1) -> 0 | L37: =SUM(B37:K37) -> 0
A38: Expo attendance fees | B38: =IF(B$4="",0,+'Business Expenses'!$C14/'Rental Setup'!$B$1) -> 0 | C38: =IF(C$4="",0,+'Business Expenses'!$C14/'Rental Setup'!$B$1) -> 0 | D38: =IF(D$4="",0,+'Business Expenses'!$C14/'Rental Setup'!$B$1) -> 0 | E38: =IF(E$4="",0,+'Business Expenses'!$C14/'Rental Setup'!$B$1) -> 0 | F38: =IF(F$4="",0,+'Business Expenses'!$C14/'Rental Setup'!$B$1) -> 0 | G38: =IF(G$4="",0,+'Business Expenses'!$C14/'Rental Setup'!$B$1) -> 0 | H38: =IF(H$4="",0,+'Business Expenses'!$C14/'Rental Setup'!$B$1) -> 0 | I38: =IF(I$4="",0,+'Business Expenses'!$C14/'Rental Setup'!$B$1) -> 0 | ... K38: =IF(K$4="",0,+'Business Expenses'!$C14/'Rental Setup'!$B$1) -> 0 | L38: =SUM(B38:K38) -> 0
A39: Po box | B39: =IF(B$4="",0,+'Business Expenses'!$C15/'Rental Setup'!$B$1) -> 0 | C39: =IF(C$4="",0,+'Business Expenses'!$C15/'Rental Setup'!$B$1) -> 0 | D39: =IF(D$4="",0,+'Business Expenses'!$C15/'Rental Setup'!$B$1) -> 0 | E39: =IF(E$4="",0,+'Business Expenses'!$C15/'Rental Setup'!$B$1) -> 0 | F39: =IF(F$4="",0,+'Business Expenses'!$C15/'Rental Setup'!$B$1) -> 0 | G39: =IF(G$4="",0,+'Business Expenses'!$C15/'Rental Setup'!$B$1) -> 0 | H39: =IF(H$4="",0,+'Business Expenses'!$C15/'Rental Setup'!$B$1) -> 0 | I39: =IF(I$4="",0,+'Business Expenses'!$C15/'Rental Setup'!$B$1) -> 0 | ... K39: =IF(K$4="",0,+'Business Expenses'!$C15/'Rental Setup'!$B$1) -> 0 | L39: =SUM(B39:K39) -> 0
A40: Bookkeeping | B40: =IF(B$4="",0,+'Business Expenses'!$C16/'Rental Setup'!$B$1) -> 0 | C40: =IF(C$4="",0,+'Business Expenses'!$C16/'Rental Setup'!$B$1) -> 0 | D40: =IF(D$4="",0,+'Business Expenses'!$C16/'Rental Setup'!$B$1) -> 0 | E40: =IF(E$4="",0,+'Business Expenses'!$C16/'Rental Setup'!$B$1) -> 0 | F40: =IF(F$4="",0,+'Business Expenses'!$C16/'Rental Setup'!$B$1) -> 0 | G40: =IF(G$4="",0,+'Business Expenses'!$C16/'Rental Setup'!$B$1) -> 0 | H40: =IF(H$4="",0,+'Business Expenses'!$C16/'Rental Setup'!$B$1) -> 0 | I40: =IF(I$4="",0,+'Business Expenses'!$C16/'Rental Setup'!$B$1) -> 0 | ... K40: =IF(K$4="",0,+'Business Expenses'!$C16/'Rental Setup'!$B$1) -> 0 | L40: =SUM(B40:K40) -> 0
... A43: Other | B43: =IF(B$4="",0,+'Business Expenses'!$C19/'Rental Setup'!$B$1) -> 0 | C43: =IF(C$4="",0,+'Business Expenses'!$C19/'Rental Setup'!$B$1) -> 0 | D43: =IF(D$4="",0,+'Business Expenses'!$C19/'Rental Setup'!$B$1) -> 0 | E43: =IF(E$4="",0,+'Business Expenses'!$C19/'Rental Setup'!$B$1) -> 0 | F43: =IF(F$4="",0,+'Business Expenses'!$C19/'Rental Setup'!$B$1) -> 0 | G43: =IF(G$4="",0,+'Business Expenses'!$C19/'Rental Setup'!$B$1) -> 0 | H43: =IF(H$4="",0,+'Business Expenses'!$C19/'Rental Setup'!$B$1) -> 0 | I43: =IF(I$4="",0,+'Business Expenses'!$C19/'Rental Setup'!$B$1) -> 0 | ... K43: =IF(K$4="",0,+'Business Expenses'!$C19/'Rental Setup'!$B$1) -> 0 | L43: =SUM(B43:K43) -> 0
A45: Net Income or Loss | B45: =B8-B12-B28 -> 0 | C45: =C8-C12-C28 -> 0 | D45: =D8-D12-D28 -> 0 | E45: =E8-E12-E28 -> 0 | F45: =F8-F12-F28 -> 0 | G45: =G8-G12-G28 -> 0 | H45: =H8-H12-H28 -> 0 | I45: =I8-I12-I28 -> 0 | ... L45: =L8-L12-L28 -> 0

Sheet APR - Repairs
A1: REPAIRS
A2: Some elements of renovations can be expensed all at once, and do not need to be capitalized. Please provide the details for renovations/repair
A3: costs related to each property here. Include the total cost of supplies and labor related to each item.
A5: REPAIRS | B5: RENTAL 1 | C5: RENTAL 2 | D5: RENTAL 3 | E5: RENTAL 4 | F5: RENTAL 5 | G5: RENTAL 6 | H5: RENTAL 7 | I5: RENTAL 8 | J5: RENTAL 9 | K5: RENTAL 10 | L5: TOTAL
A6: Address | B6: =IF(+'Rental Setup'!B4="","",+'Rental Setup'!B4) | C6: =IF(+'Rental Setup'!C4="","",+'Rental Setup'!C4) | D6: =IF(+'Rental Setup'!D4="","",+'Rental Setup'!D4) | E6: =IF(+'Rental Setup'!E4="","",+'Rental Setup'!E4) | F6: =IF(+'Rental Setup'!F4="","",+'Rental Setup'!F4) | G6: =IF(+'Rental Setup'!G4="","",+'Rental Setup'!G4) | H6: =IF(+'Rental Setup'!H4="","",+'Rental Setup'!H4) | I6: =IF(+'Rental Setup'!I4="","",+'Rental Setup'!I4) | ... K6: =IF(+'Rental Setup'!K4="","",+'Rental Setup'!K4)
A7: City | B7: =IF(+'Rental Setup'!B5="","",+'Rental Setup'!B5) | C7: =IF(+'Rental Setup'!C5="","",+'Rental Setup'!C5) | D7: =IF(+'Rental Setup'!D5="","",+'Rental Setup'!D5) | E7: =IF(+'Rental Setup'!E5="","",+'Rental Setup'!E5) | F7: =IF(+'Rental Setup'!F5="","",+'Rental Setup'!F5) | G7: =IF(+'Rental Setup'!G5="","",+'Rental Setup'!G5) | H7: =IF(+'Rental Setup'!H5="","",+'Rental Setup'!H5) | I7: =IF(+'Rental Setup'!I5="","",+'Rental Setup'!I5) | ... K7: =IF(+'Rental Setup'!K5="","",+'Rental Setup'!K5)
A8: State Zip | B8: =IF(+'Rental Setup'!B6="","",+'Rental Setup'!B6) | C8: =IF(+'Rental Setup'!C6="","",+'Rental Setup'!C6) | D8: =IF(+'Rental Setup'!D6="","",+'Rental Setup'!D6) | E8: =IF(+'Rental Setup'!E6="","",+'Rental Setup'!E6) | F8: =IF(+'Rental Setup'!F6="","",+'Rental Setup'!F6) | G8: =IF(+'Rental Setup'!G6="","",+'Rental Setup'!G6) | H8: =IF(+'Rental Setup'!H6="","",+'Rental Setup'!H6) | I8: =IF(+'Rental Setup'!I6="","",+'Rental Setup'!I6) | ... K8: =IF(+'Rental Setup'!K6="","",+'Rental Setup'!K6)
A10: GENERAL | B10: =SUM(B11:B18) -> 0 | C10: =SUM(C11:C18) -> 0 | D10: =SUM(D11:D18) -> 0 | E10: =SUM(E11:E18) -> 0 | F10: =SUM(F11:F18) -> 0 | G10: =SUM(G11:G18) -> 0 | H10: =SUM(H11:H18) -> 0 | I10: =SUM(I11:I18) -> 0 | ... L10: =SUM(L11:L18) -> 0
A11: Appliances | L11: =SUM(B11:K11) -> 0
A12: Carpet (Not other flooring) | L12: =SUM(B12:K12) -> 0
A13: Paint | L13: =SUM(B13:K13) -> 0
A14: Landscaping/ fencing/ paving | L14: =SUM(B14:K14) -> 0
A15: Window Treatments | L15: =SUM(B15:K15) -> 0
A16: Kitchen Cabinets | L16: =SUM(B16:K16) -> 0
A17: Kitchen Counters | L17: =SUM(B17:K17) -> 0
A18: Light Fixtures | L18: =SUM(B18:K18) -> 0
A20: REPAIRS UNDER $2,500 | B20: =SUM(B21:B40) -> 0 | C20: =SUM(C21:C40) -> 0 | D20: =SUM(D21:D40) -> 0 | E20: =SUM(E21:E40) -> 0 | F20: =SUM(F21:F40) -> 0 | G20: =SUM(G21:G40) -> 0 | H20: =SUM(H21:H40) -> 0 | I20: =SUM(I21:I40) -> 0 | ... L20: =SUM(L21:L40) -> 0
L21: =SUM(B21:K21) -> 0
L22: =SUM(B22:K22) -> 0
L23: =SUM(B23:K23) -> 0
L24: =SUM(B24:K24) -> 0
L25: =SUM(B25:K25) -> 0
L26: =SUM(B26:K26) -> 0
L27: =SUM(B27:K27) -> 0
L28: =SUM(B28:K28) -> 0
L29: =SUM(B29:K29) -> 0
L30: =SUM(B30:K30) -> 0
L31: =SUM(B31:K31) -> 0
L32: =SUM(B32:K32) -> 0
... L40: =SUM(B40:K40) -> 0
A42: TOTAL RENOVATIONS (NOT including the items) separated out above | B42: =SUM(B43:B70) -> 0 | C42: =SUM(C43:C70) -> 0 | D42: =SUM(D43:D70) -> 0 | E42: =SUM(E43:E70) -> 0 | F42: =SUM(F43:F70) -> 0 | G42: =SUM(G43:G70) -> 0 | H42: =SUM(H43:H70) -> 0 | I42: =SUM(I43:I70) -> 0 | ... L42: =SUM(L43:L70) -> 0
L43: =SUM(B43:K43) -> 0
L44: =SUM(B44:K44) -> 0
L45: =SUM(B45:K45) -> 0
L46: =SUM(B46:K46) -> 0
L47: =SUM(B47:K47) -> 0
L48: =SUM(B48:K48) -> 0
L49: =SUM(B49:K49) -> 0
L50: =SUM(B50:K50) -> 0
L51: =SUM(B51:K51) -> 0
L52: =SUM(B52:K52) -> 0
L53: =SUM(B53:K53) -> 0
L54: =SUM(B54:K54) -> 0
... L70: =SUM(B70:K70) -> 0

Sheet MAY
A1: MAY
A3: =+A1 -> MAY | B3: RENTAL 1 | C3: RENTAL 2 | D3: RENTAL 3 | E3: RENTAL 4 | F3: RENTAL 5 | G3: RENTAL 6 | H3: RENTAL 7 | I3: RENTAL 8 | J3: RENTAL 9 | K3: RENTAL 10 | L3: TOTAL
A4: Address | B4: =IF(+'Rental Setup'!B4="","",+'Rental Setup'!B4) | C4: =IF(+'Rental Setup'!C4="","",+'Rental Setup'!C4) | D4: =IF(+'Rental Setup'!D4="","",+'Rental Setup'!D4) | E4: =IF(+'Rental Setup'!E4="","",+'Rental Setup'!E4) | F4: =IF(+'Rental Setup'!F4="","",+'Rental Setup'!F4) | G4: =IF(+'Rental Setup'!G4="","",+'Rental Setup'!G4) | H4: =IF(+'Rental Setup'!H4="","",+'Rental Setup'!H4) | I4: =IF(+'Rental Setup'!I4="","",+'Rental Setup'!I4) | ... K4: =IF(+'Rental Setup'!K4="","",+'Rental Setup'!K4)
A5: City | B5: =IF(+'Rental Setup'!B5="","",+'Rental Setup'!B5) | C5: =IF(+'Rental Setup'!C5="","",+'Rental Setup'!C5) | D5: =IF(+'Rental Setup'!D5="","",+'Rental Setup'!D5) | E5: =IF(+'Rental Setup'!E5="","",+'Rental Setup'!E5) | F5: =IF(+'Rental Setup'!F5="","",+'Rental Setup'!F5) | G5: =IF(+'Rental Setup'!G5="","",+'Rental Setup'!G5) | H5: =IF(+'Rental Setup'!H5="","",+'Rental Setup'!H5) | I5: =IF(+'Rental Setup'!I5="","",+'Rental Setup'!I5) | ... K5: =IF(+'Rental Setup'!K5="","",+'Rental Setup'!K5)
A6: State Zip | B6: =IF(+'Rental Setup'!B6="","",+'Rental Setup'!B6) | C6: =IF(+'Rental Setup'!C6="","",+'Rental Setup'!C6) | D6: =IF(+'Rental Setup'!D6="","",+'Rental Setup'!D6) | E6: =IF(+'Rental Setup'!E6="","",+'Rental Setup'!E6) | F6: =IF(+'Rental Setup'!F6="","",+'Rental Setup'!F6) | G6: =IF(+'Rental Setup'!G6="","",+'Rental Setup'!G6) | H6: =IF(+'Rental Setup'!H6="","",+'Rental Setup'!H6) | I6: =IF(+'Rental Setup'!I6="","",+'Rental Setup'!I6) | ... K6: =IF(+'Rental Setup'!K6="","",+'Rental Setup'!K6)
A8: INCOME | B8: =SUM(B9:B10) -> 0 | C8: =SUM(C9:C10) -> 0 | D8: =SUM(D9:D10) -> 0 | E8: =SUM(E9:E10) -> 0 | F8: =SUM(F9:F10) -> 0 | G8: =SUM(G9:G10) -> 0 | H8: =SUM(H9:H10) -> 0 | I8: =SUM(I9:I10) -> 0 | ... L8: =SUM(L9:L10) -> 0
A9: Rents | L9: =SUM(B9:K9) -> 0
A10: Other Income | L10: =SUM(B10:K10) -> 0
A12: EXPENSES | B12: =SUM(B13:B26) -> 0 | C12: =SUM(C13:C26) -> 0 | D12: =SUM(D13:D26) -> 0 | E12: =SUM(E13:E26) -> 0 | F12: =SUM(F13:F26) -> 0 | G12: =SUM(G13:G26) -> 0 | H12: =SUM(H13:H26) -> 0 | I12: =SUM(I13:I26) -> 0 | ... L12: =SUM(L13:L26) -> 0
A13: Advertising | L13: =SUM(B13:K13) -> 0
A14: Miles Driven | L14: =SUM(B14:K14) -> 0
A15: Cleaning and Maintance | L15: =SUM(B15:K15) -> 0
A16: Commissions | L16: =SUM(B16:K16) -> 0
A17: Insurance | L17: =SUM(B17:K17) -> 0
A18: Legal and professional Fees | L18: =SUM(B18:K18) -> 0
A19: Management Fees | L19: =SUM(B19:K19) -> 0
A20: Mortgage Interest | L20: =SUM(B20:K20) -> 0
A21: Other Interest | L21: =SUM(B21:K21) -> 0
A22: Repairs | B22: =+'MAY - Repairs'!B10+'MAY - Repairs'!B20 -> 0 | C22: =+'MAY - Repairs'!C10+'MAY - Repairs'!C20 -> 0 | D22: =+'MAY - Repairs'!D10+'MAY - Repairs'!D20 -> 0 | E22: =+'MAY - Repairs'!E10+'MAY - Repairs'!E20 -> 0 | G22: =+'MAY - Repairs'!G10+'MAY - Repairs'!G20 -> 0 | H22: =+'MAY - Repairs'!H10+'MAY - Repairs'!H20 -> 0 | I22: =+'MAY - Repairs'!I10+'MAY - Repairs'!I20 -> 0 | J22: =+'MAY - Repairs'!J10+'MAY - Repairs'!J20 -> 0 | K22: =+'MAY - Repairs'!K10+'MAY - Repairs'!K20 -> 0 | L22: =SUM(B22:K22) -> 0
A23: Supplies | L23: =SUM(B23:K23) -> 0
A24: Taxes | L24: =SUM(B24:K24) -> 0
A25: Utilities | L25: =SUM(B25:K25) -> 0
A26: Other | L26: =SUM(B26:K26) -> 0
A28: ALLOCATED EXPENSES | B28: =SUM(B29:B43) -> 0 | C28: =SUM(C29:C43) -> 0 | D28: =SUM(D29:D43) -> 0 | E28: =SUM(E29:E43) -> 0 | F28: =SUM(F29:F43) -> 0 | G28: =SUM(G29:G43) -> 0 | H28: =SUM(H29:H43) -> 0 | I28: =SUM(I29:I43) -> 0 | ... L28: =SUM(L29:L43) -> 0
A29: Personal Phone | B29: =IF(B$4="",0,+'Business Expenses'!$C5/'Rental Setup'!$B$1) -> 0 | C29: =IF(C$4="",0,+'Business Expenses'!$C5/'Rental Setup'!$B$1) -> 0 | D29: =IF(D$4="",0,+'Business Expenses'!$C5/'Rental Setup'!$B$1) -> 0 | E29: =IF(E$4="",0,+'Business Expenses'!$C5/'Rental Setup'!$B$1) -> 0 | F29: =IF(F$4="",0,+'Business Expenses'!$C5/'Rental Setup'!$B$1) -> 0 | G29: =IF(G$4="",0,+'Business Expenses'!$C5/'Rental Setup'!$B$1) -> 0 | H29: =IF(H$4="",0,+'Business Expenses'!$C5/'Rental Setup'!$B$1) -> 0 | I29: =IF(I$4="",0,+'Business Expenses'!$C5/'Rental Setup'!$B$1) -> 0 | ... K29: =IF(K$4="",0,+'Business Expenses'!$C5/'Rental Setup'!$B$1) -> 0 | L29: =SUM(B29:K29) -> 0
A30: Personal Internet | B30: =IF(B$4="",0,+'Business Expenses'!$C6/'Rental Setup'!$B$1) -> 0 | C30: =IF(C$4="",0,+'Business Expenses'!$C6/'Rental Setup'!$B$1) -> 0 | D30: =IF(D$4="",0,+'Business Expenses'!$C6/'Rental Setup'!$B$1) -> 0 | E30: =IF(E$4="",0,+'Business Expenses'!$C6/'Rental Setup'!$B$1) -> 0 | F30: =IF(F$4="",0,+'Business Expenses'!$C6/'Rental Setup'!$B$1) -> 0 | G30: =IF(G$4="",0,+'Business Expenses'!$C6/'Rental Setup'!$B$1) -> 0 | H30: =IF(H$4="",0,+'Business Expenses'!$C6/'Rental Setup'!$B$1) -> 0 | I30: =IF(I$4="",0,+'Business Expenses'!$C6/'Rental Setup'!$B$1) -> 0 | ... K30: =IF(K$4="",0,+'Business Expenses'!$C6/'Rental Setup'!$B$1) -> 0 | L30: =SUM(B30:K30) -> 0
A31: Education | B31: =IF(B$4="",0,+'Business Expenses'!$C7/'Rental Setup'!$B$1) -> 0 | C31: =IF(C$4="",0,+'Business Expenses'!$C7/'Rental Setup'!$B$1) -> 0 | D31: =IF(D$4="",0,+'Business Expenses'!$C7/'Rental Setup'!$B$1) -> 0 | E31: =IF(E$4="",0,+'Business Expenses'!$C7/'Rental Setup'!$B$1) -> 0 | F31: =IF(F$4="",0,+'Business Expenses'!$C7/'Rental Setup'!$B$1) -> 0 | G31: =IF(G$4="",0,+'Business Expenses'!$C7/'Rental Setup'!$B$1) -> 0 | H31: =IF(H$4="",0,+'Business Expenses'!$C7/'Rental Setup'!$B$1) -> 0 | I31: =IF(I$4="",0,+'Business Expenses'!$C7/'Rental Setup'!$B$1) -> 0 | ... K31: =IF(K$4="",0,+'Business Expenses'!$C7/'Rental Setup'!$B$1) -> 0 | L31: =SUM(B31:K31) -> 0
A32: Books | B32: =IF(B$4="",0,+'Business Expenses'!$C8/'Rental Setup'!$B$1) -> 0 | C32: =IF(C$4="",0,+'Business Expenses'!$C8/'Rental Setup'!$B$1) -> 0 | D32: =IF(D$4="",0,+'Business Expenses'!$C8/'Rental Setup'!$B$1) -> 0 | E32: =IF(E$4="",0,+'Business Expenses'!$C8/'Rental Setup'!$B$1) -> 0 | F32: =IF(F$4="",0,+'Business Expenses'!$C8/'Rental Setup'!$B$1) -> 0 | G32: =IF(G$4="",0,+'Business Expenses'!$C8/'Rental Setup'!$B$1) -> 0 | H32: =IF(H$4="",0,+'Business Expenses'!$C8/'Rental Setup'!$B$1) -> 0 | I32: =IF(I$4="",0,+'Business Expenses'!$C8/'Rental Setup'!$B$1) -> 0 | ... K32: =IF(K$4="",0,+'Business Expenses'!$C8/'Rental Setup'!$B$1) -> 0 | L32: =SUM(B32:K32) -> 0
A33: Audible or E book subscriptions | B33: =IF(B$4="",0,+'Business Expenses'!$C9/'Rental Setup'!$B$1) -> 0 | C33: =IF(C$4="",0,+'Business Expenses'!$C9/'Rental Setup'!$B$1) -> 0 | D33: =IF(D$4="",0,+'Business Expenses'!$C9/'Rental Setup'!$B$1) -> 0 | E33: =IF(E$4="",0,+'Business Expenses'!$C9/'Rental Setup'!$B$1) -> 0 | F33: =IF(F$4="",0,+'Business Expenses'!$C9/'Rental Setup'!$B$1) -> 0 | G33: =IF(G$4="",0,+'Business Expenses'!$C9/'Rental Setup'!$B$1) -> 0 | H33: =IF(H$4="",0,+'Business Expenses'!$C9/'Rental Setup'!$B$1) -> 0 | I33: =IF(I$4="",0,+'Business Expenses'!$C9/'Rental Setup'!$B$1) -> 0 | ... K33: =IF(K$4="",0,+'Business Expenses'!$C9/'Rental Setup'!$B$1) -> 0 | L33: =SUM(B33:K33) -> 0
A34: Software | B34: =IF(B$4="",0,+'Business Expenses'!$C10/'Rental Setup'!$B$1) -> 0 | C34: =IF(C$4="",0,+'Business Expenses'!$C10/'Rental Setup'!$B$1) -> 0 | D34: =IF(D$4="",0,+'Business Expenses'!$C10/'Rental Setup'!$B$1) -> 0 | E34: =IF(E$4="",0,+'Business Expenses'!$C10/'Rental Setup'!$B$1) -> 0 | F34: =IF(F$4="",0,+'Business Expenses'!$C10/'Rental Setup'!$B$1) -> 0 | G34: =IF(G$4="",0,+'Business Expenses'!$C10/'Rental Setup'!$B$1) -> 0 | H34: =IF(H$4="",0,+'Business Expenses'!$C10/'Rental Setup'!$B$1) -> 0 | I34: =IF(I$4="",0,+'Business Expenses'!$C10/'Rental Setup'!$B$1) -> 0 | ... K34: =IF(K$4="",0,+'Business Expenses'!$C10/'Rental Setup'!$B$1) -> 0 | L34: =SUM(B34:K34) -> 0
A35: Web site and services | B35: =IF(B$4="",0,+'Business Expenses'!$C11/'Rental Setup'!$B$1) -> 0 | C35: =IF(C$4="",0,+'Business Expenses'!$C11/'Rental Setup'!$B$1) -> 0 | D35: =IF(D$4="",0,+'Business Expenses'!$C11/'Rental Setup'!$B$1) -> 0 | E35: =IF(E$4="",0,+'Business Expenses'!$C11/'Rental Setup'!$B$1) -> 0 | F35: =IF(F$4="",0,+'Business Expenses'!$C11/'Rental Setup'!$B$1) -> 0 | G35: =IF(G$4="",0,+'Business Expenses'!$C11/'Rental Setup'!$B$1) -> 0 | H35: =IF(H$4="",0,+'Business Expenses'!$C11/'Rental Setup'!$B$1) -> 0 | I35: =IF(I$4="",0,+'Business Expenses'!$C11/'Rental Setup'!$B$1) -> 0 | ... K35: =IF(K$4="",0,+'Business Expenses'!$C11/'Rental Setup'!$B$1) -> 0 | L35: =SUM(B35:K35) -> 0
A36: Meals | B36: =IF(B$4="",0,+'Business Expenses'!$C12/'Rental Setup'!$B$1) -> 0 | C36: =IF(C$4="",0,+'Business Expenses'!$C12/'Rental Setup'!$B$1) -> 0 | D36: =IF(D$4="",0,+'Business Expenses'!$C12/'Rental Setup'!$B$1) -> 0 | E36: =IF(E$4="",0,+'Business Expenses'!$C12/'Rental Setup'!$B$1) -> 0 | F36: =IF(F$4="",0,+'Business Expenses'!$C12/'Rental Setup'!$B$1) -> 0 | G36: =IF(G$4="",0,+'Business Expenses'!$C12/'Rental Setup'!$B$1) -> 0 | H36: =IF(H$4="",0,+'Business Expenses'!$C12/'Rental Setup'!$B$1) -> 0 | I36: =IF(I$4="",0,+'Business Expenses'!$C12/'Rental Setup'!$B$1) -> 0 | ... K36: =IF(K$4="",0,+'Business Expenses'!$C12/'Rental Setup'!$B$1) -> 0 | L36: =SUM(B36:K36) -> 0
A37: Meetup entry fees | B37: =IF(B$4="",0,+'Business Expenses'!$C13/'Rental Setup'!$B$1) -> 0 | C37: =IF(C$4="",0,+'Business Expenses'!$C13/'Rental Setup'!$B$1) -> 0 | D37: =IF(D$4="",0,+'Business Expenses'!$C13/'Rental Setup'!$B$1) -> 0 | E37: =IF(E$4="",0,+'Business Expenses'!$C13/'Rental Setup'!$B$1) -> 0 | F37: =IF(F$4="",0,+'Business Expenses'!$C13/'Rental Setup'!$B$1) -> 0 | G37: =IF(G$4="",0,+'Business Expenses'!$C13/'Rental Setup'!$B$1) -> 0 | H37: =IF(H$4="",0,+'Business Expenses'!$C13/'Rental Setup'!$B$1) -> 0 | I37: =IF(I$4="",0,+'Business Expenses'!$C13/'Rental Setup'!$B$1) -> 0 | ... K37: =IF(K$4="",0,+'Business Expenses'!$C13/'Rental Setup'!$B$1) -> 0 | L37: =SUM(B37:K37) -> 0
A38: Expo attendance fees | B38: =IF(B$4="",0,+'Business Expenses'!$C14/'Rental Setup'!$B$1) -> 0 | C38: =IF(C$4="",0,+'Business Expenses'!$C14/'Rental Setup'!$B$1) -> 0 | D38: =IF(D$4="",0,+'Business Expenses'!$C14/'Rental Setup'!$B$1) -> 0 | E38: =IF(E$4="",0,+'Business Expenses'!$C14/'Rental Setup'!$B$1) -> 0 | F38: =IF(F$4="",0,+'Business Expenses'!$C14/'Rental Setup'!$B$1) -> 0 | G38: =IF(G$4="",0,+'Business Expenses'!$C14/'Rental Setup'!$B$1) -> 0 | H38: =IF(H$4="",0,+'Business Expenses'!$C14/'Rental Setup'!$B$1) -> 0 | I38: =IF(I$4="",0,+'Business Expenses'!$C14/'Rental Setup'!$B$1) -> 0 | ... K38: =IF(K$4="",0,+'Business Expenses'!$C14/'Rental Setup'!$B$1) -> 0 | L38: =SUM(B38:K38) -> 0
A39: Po box | B39: =IF(B$4="",0,+'Business Expenses'!$C15/'Rental Setup'!$B$1) -> 0 | C39: =IF(C$4="",0,+'Business Expenses'!$C15/'Rental Setup'!$B$1) -> 0 | D39: =IF(D$4="",0,+'Business Expenses'!$C15/'Rental Setup'!$B$1) -> 0 | E39: =IF(E$4="",0,+'Business Expenses'!$C15/'Rental Setup'!$B$1) -> 0 | F39: =IF(F$4="",0,+'Business Expenses'!$C15/'Rental Setup'!$B$1) -> 0 | G39: =IF(G$4="",0,+'Business Expenses'!$C15/'Rental Setup'!$B$1) -> 0 | H39: =IF(H$4="",0,+'Business Expenses'!$C15/'Rental Setup'!$B$1) -> 0 | I39: =IF(I$4="",0,+'Business Expenses'!$C15/'Rental Setup'!$B$1) -> 0 | ... K39: =IF(K$4="",0,+'Business Expenses'!$C15/'Rental Setup'!$B$1) -> 0 | L39: =SUM(B39:K39) -> 0
A40: Bookkeeping | B40: =IF(B$4="",0,+'Business Expenses'!$C16/'Rental Setup'!$B$1) -> 0 | C40: =IF(C$4="",0,+'Business Expenses'!$C16/'Rental Setup'!$B$1) -> 0 | D40: =IF(D$4="",0,+'Business Expenses'!$C16/'Rental Setup'!$B$1) -> 0 | E40: =IF(E$4="",0,+'Business Expenses'!$C16/'Rental Setup'!$B$1) -> 0 | F40: =IF(F$4="",0,+'Business Expenses'!$C16/'Rental Setup'!$B$1) -> 0 | G40: =IF(G$4="",0,+'Business Expenses'!$C16/'Rental Setup'!$B$1) -> 0 | H40: =IF(H$4="",0,+'Business Expenses'!$C16/'Rental Setup'!$B$1) -> 0 | I40: =IF(I$4="",0,+'Business Expenses'!$C16/'Rental Setup'!$B$1) -> 0 | ... K40: =IF(K$4="",0,+'Business Expenses'!$C16/'Rental Setup'!$B$1) -> 0 | L40: =SUM(B40:K40) -> 0
... A43: Other | B43: =IF(B$4="",0,+'Business Expenses'!$C19/'Rental Setup'!$B$1) -> 0 | C43: =IF(C$4="",0,+'Business Expenses'!$C19/'Rental Setup'!$B$1) -> 0 | D43: =IF(D$4="",0,+'Business Expenses'!$C19/'Rental Setup'!$B$1) -> 0 | E43: =IF(E$4="",0,+'Business Expenses'!$C19/'Rental Setup'!$B$1) -> 0 | F43: =IF(F$4="",0,+'Business Expenses'!$C19/'Rental Setup'!$B$1) -> 0 | G43: =IF(G$4="",0,+'Business Expenses'!$C19/'Rental Setup'!$B$1) -> 0 | H43: =IF(H$4="",0,+'Business Expenses'!$C19/'Rental Setup'!$B$1) -> 0 | I43: =IF(I$4="",0,+'Business Expenses'!$C19/'Rental Setup'!$B$1) -> 0 | ... K43: =IF(K$4="",0,+'Business Expenses'!$C19/'Rental Setup'!$B$1) -> 0 | L43: =SUM(B43:K43) -> 0
A45: Net Income or Loss | B45: =B8-B12-B28 -> 0 | C45: =C8-C12-C28 -> 0 | D45: =D8-D12-D28 -> 0 | E45: =E8-E12-E28 -> 0 | F45: =F8-F12-F28 -> 0 | G45: =G8-G12-G28 -> 0 | H45: =H8-H12-H28 -> 0 | I45: =I8-I12-I28 -> 0 | ... L45: =L8-L12-L28 -> 0

Sheet MAY - Repairs
A1: REPAIRS
A2: Some elements of renovations can be expensed all at once, and do not need to be capitalized. Please provide the details for renovations/repair
A3: costs related to each property here. Include the total cost of supplies and labor related to each item.
A5: REPAIRS | B5: RENTAL 1 | C5: RENTAL 2 | D5: RENTAL 3 | E5: RENTAL 4 | F5: RENTAL 5 | G5: RENTAL 6 | H5: RENTAL 7 | I5: RENTAL 8 | J5: RENTAL 9 | K5: RENTAL 10 | L5: TOTAL
A6: Address | B6: =IF(+'Rental Setup'!B4="","",+'Rental Setup'!B4) | C6: =IF(+'Rental Setup'!C4="","",+'Rental Setup'!C4) | D6: =IF(+'Rental Setup'!D4="","",+'Rental Setup'!D4) | E6: =IF(+'Rental Setup'!E4="","",+'Rental Setup'!E4) | F6: =IF(+'Rental Setup'!F4="","",+'Rental Setup'!F4) | G6: =IF(+'Rental Setup'!G4="","",+'Rental Setup'!G4) | H6: =IF(+'Rental Setup'!H4="","",+'Rental Setup'!H4) | I6: =IF(+'Rental Setup'!I4="","",+'Rental Setup'!I4) | ... K6: =IF(+'Rental Setup'!K4="","",+'Rental Setup'!K4)
A7: City | B7: =IF(+'Rental Setup'!B5="","",+'Rental Setup'!B5) | C7: =IF(+'Rental Setup'!C5="","",+'Rental Setup'!C5) | D7: =IF(+'Rental Setup'!D5="","",+'Rental Setup'!D5) | E7: =IF(+'Rental Setup'!E5="","",+'Rental Setup'!E5) | F7: =IF(+'Rental Setup'!F5="","",+'Rental Setup'!F5) | G7: =IF(+'Rental Setup'!G5="","",+'Rental Setup'!G5) | H7: =IF(+'Rental Setup'!H5="","",+'Rental Setup'!H5) | I7: =IF(+'Rental Setup'!I5="","",+'Rental Setup'!I5) | ... K7: =IF(+'Rental Setup'!K5="","",+'Rental Setup'!K5)
A8: State Zip | B8: =IF(+'Rental Setup'!B6="","",+'Rental Setup'!B6) | C8: =IF(+'Rental Setup'!C6="","",+'Rental Setup'!C6) | D8: =IF(+'Rental Setup'!D6="","",+'Rental Setup'!D6) | E8: =IF(+'Rental Setup'!E6="","",+'Rental Setup'!E6) | F8: =IF(+'Rental Setup'!F6="","",+'Rental Setup'!F6) | G8: =IF(+'Rental Setup'!G6="","",+'Rental Setup'!G6) | H8: =IF(+'Rental Setup'!H6="","",+'Rental Setup'!H6) | I8: =IF(+'Rental Setup'!I6="","",+'Rental Setup'!I6) | ... K8: =IF(+'Rental Setup'!K6="","",+'Rental Setup'!K6)
A10: GENERAL | B10: =SUM(B11:B18) -> 0 | C10: =SUM(C11:C18) -> 0 | D10: =SUM(D11:D18) -> 0 | E10: =SUM(E11:E18) -> 0 | F10: =SUM(F11:F18) -> 0 | G10: =SUM(G11:G18) -> 0 | H10: =SUM(H11:H18) -> 0 | I10: =SUM(I11:I18) -> 0 | ... L10: =SUM(L11:L18) -> 0
A11: Appliances | L11: =SUM(B11:K11) -> 0
A12: Carpet (Not other flooring) | L12: =SUM(B12:K12) -> 0
A13: Paint | L13: =SUM(B13:K13) -> 0
A14: Landscaping/ fencing/ paving | L14: =SUM(B14:K14) -> 0
A15: Window Treatments | L15: =SUM(B15:K15) -> 0
A16: Kitchen Cabinets | L16: =SUM(B16:K16) -> 0
A17: Kitchen Counters | L17: =SUM(B17:K17) -> 0
A18: Light Fixtures | L18: =SUM(B18:K18) -> 0
A20: REPAIRS UNDER $2,500 | B20: =SUM(B21:B40) -> 0 | C20: =SUM(C21:C40) -> 0 | D20: =SUM(D21:D40) -> 0 | E20: =SUM(E21:E40) -> 0 | F20: =SUM(F21:F40) -> 0 | G20: =SUM(G21:G40) -> 0 | H20: =SUM(H21:H40) -> 0 | I20: =SUM(I21:I40) -> 0 | ... L20: =SUM(L21:L40) -> 0
L21: =SUM(B21:K21) -> 0
L22: =SUM(B22:K22) -> 0
L23: =SUM(B23:K23) -> 0
L24: =SUM(B24:K24) -> 0
L25: =SUM(B25:K25) -> 0
L26: =SUM(B26:K26) -> 0
L27: =SUM(B27:K27) -> 0
L28: =SUM(B28:K28) -> 0
L29: =SUM(B29:K29) -> 0
L30: =SUM(B30:K30) -> 0
L31: =SUM(B31:K31) -> 0
L32: =SUM(B32:K32) -> 0
... L40: =SUM(B40:K40) -> 0
A42: TOTAL RENOVATIONS (NOT including the items) separated out above | B42: =SUM(B43:B70) -> 0 | C42: =SUM(C43:C70) -> 0 | D42: =SUM(D43:D70) -> 0 | E42: =SUM(E43:E70) -> 0 | F42: =SUM(F43:F70) -> 0 | G42: =SUM(G43:G70) -> 0 | H42: =SUM(H43:H70) -> 0 | I42: =SUM(I43:I70) -> 0 | ... L42: =SUM(L43:L70) -> 0
L43: =SUM(B43:K43) -> 0
L44: =SUM(B44:K44) -> 0
L45: =SUM(B45:K45) -> 0
L46: =SUM(B46:K46) -> 0
L47: =SUM(B47:K47) -> 0
L48: =SUM(B48:K48) -> 0
L49: =SUM(B49:K49) -> 0
L50: =SUM(B50:K50) -> 0
L51: =SUM(B51:K51) -> 0
L52: =SUM(B52:K52) -> 0
L53: =SUM(B53:K53) -> 0
L54: =SUM(B54:K54) -> 0
... L70: =SUM(B70:K70) -> 0

Sheet JUN
A1: JUNE
A3: =+A1 -> JUNE | B3: RENTAL 1 | C3: RENTAL 2 | D3: RENTAL 3 | E3: RENTAL 4 | F3: RENTAL 5 | G3: RENTAL 6 | H3: RENTAL 7 | I3: RENTAL 8 | J3: RENTAL 9 | K3: RENTAL 10 | L3: TOTAL
A4: Address | B4: =IF(+'Rental Setup'!B4="","",+'Rental Setup'!B4) | C4: =IF(+'Rental Setup'!C4="","",+'Rental Setup'!C4) | D4: =IF(+'Rental Setup'!D4="","",+'Rental Setup'!D4) | E4: =IF(+'Rental Setup'!E4="","",+'Rental Setup'!E4) | F4: =IF(+'Rental Setup'!F4="","",+'Rental Setup'!F4) | G4: =IF(+'Rental Setup'!G4="","",+'Rental Setup'!G4) | H4: =IF(+'Rental Setup'!H4="","",+'Rental Setup'!H4) | I4: =IF(+'Rental Setup'!I4="","",+'Rental Setup'!I4) | ... K4: =IF(+'Rental Setup'!K4="","",+'Rental Setup'!K4)
A5: City | B5: =IF(+'Rental Setup'!B5="","",+'Rental Setup'!B5) | C5: =IF(+'Rental Setup'!C5="","",+'Rental Setup'!C5) | D5: =IF(+'Rental Setup'!D5="","",+'Rental Setup'!D5) | E5: =IF(+'Rental Setup'!E5="","",+'Rental Setup'!E5) | F5: =IF(+'Rental Setup'!F5="","",+'Rental Setup'!F5) | G5: =IF(+'Rental Setup'!G5="","",+'Rental Setup'!G5) | H5: =IF(+'Rental Setup'!H5="","",+'Rental Setup'!H5) | I5: =IF(+'Rental Setup'!I5="","",+'Rental Setup'!I5) | ... K5: =IF(+'Rental Setup'!K5="","",+'Rental Setup'!K5)
A6: State Zip | B6: =IF(+'Rental Setup'!B6="","",+'Rental Setup'!B6) | C6: =IF(+'Rental Setup'!C6="","",+'Rental Setup'!C6) | D6: =IF(+'Rental Setup'!D6="","",+'Rental Setup'!D6) | E6: =IF(+'Rental Setup'!E6="","",+'Rental Setup'!E6) | F6: =IF(+'Rental Setup'!F6="","",+'Rental Setup'!F6) | G6: =IF(+'Rental Setup'!G6="","",+'Rental Setup'!G6) | H6: =IF(+'Rental Setup'!H6="","",+'Rental Setup'!H6) | I6: =IF(+'Rental Setup'!I6="","",+'Rental Setup'!I6) | ... K6: =IF(+'Rental Setup'!K6="","",+'Rental Setup'!K6)
A8: INCOME | B8: =SUM(B9:B10) -> 0 | C8: =SUM(C9:C10) -> 0 | D8: =SUM(D9:D10) -> 0 | E8: =SUM(E9:E10) -> 0 | F8: =SUM(F9:F10) -> 0 | G8: =SUM(G9:G10) -> 0 | H8: =SUM(H9:H10) -> 0 | I8: =SUM(I9:I10) -> 0 | ... L8: =SUM(L9:L10) -> 0
A9: Rents | L9: =SUM(B9:K9) -> 0
A10: Other Income | L10: =SUM(B10:K10) -> 0
A12: EXPENSES | B12: =SUM(B13:B26) -> 0 | C12: =SUM(C13:C26) -> 0 | D12: =SUM(D13:D26) -> 0 | E12: =SUM(E13:E26) -> 0 | F12: =SUM(F13:F26) -> 0 | G12: =SUM(G13:G26) -> 0 | H12: =SUM(H13:H26) -> 0 | I12: =SUM(I13:I26) -> 0 | ... L12: =SUM(L13:L26) -> 0
A13: Advertising | L13: =SUM(B13:K13) -> 0
A14: Miles Driven | L14: =SUM(B14:K14) -> 0
A15: Cleaning and Maintance | L15: =SUM(B15:K15) -> 0
A16: Commissions | L16: =SUM(B16:K16) -> 0
A17: Insurance | L17: =SUM(B17:K17) -> 0
A18: Legal and professional Fees | L18: =SUM(B18:K18) -> 0
A19: Management Fees | L19: =SUM(B19:K19) -> 0
A20: Mortgage Interest | L20: =SUM(B20:K20) -> 0
A21: Other Interest | L21: =SUM(B21:K21) -> 0
A22: Repairs | B22: =+'JUN - Repairs'!B10+'JUN - Repairs'!B20 -> 0 | C22: =+'JUN - Repairs'!C10+'JUN - Repairs'!C20 -> 0 | D22: =+'JUN - Repairs'!D10+'JUN - Repairs'!D20 -> 0 | E22: =+'JUN - Repairs'!E10+'JUN - Repairs'!E20 -> 0 | G22: =+'JUN - Repairs'!G10+'JUN - Repairs'!G20 -> 0 | H22: =+'JUN - Repairs'!H10+'JUN - Repairs'!H20 -> 0 | I22: =+'JUN - Repairs'!I10+'JUN - Repairs'!I20 -> 0 | J22: =+'JUN - Repairs'!J10+'JUN - Repairs'!J20 -> 0 | K22: =+'JUN - Repairs'!K10+'JUN - Repairs'!K20 -> 0 | L22: =SUM(B22:K22) -> 0
A23: Supplies | L23: =SUM(B23:K23) -> 0
A24: Taxes | L24: =SUM(B24:K24) -> 0
A25: Utilities | L25: =SUM(B25:K25) -> 0
A26: Other | L26: =SUM(B26:K26) -> 0
A28: ALLOCATED EXPENSES | B28: =SUM(B29:B43) -> 0 | C28: =SUM(C29:C43) -> 0 | D28: =SUM(D29:D43) -> 0 | E28: =SUM(E29:E43) -> 0 | F28: =SUM(F29:F43) -> 0 | G28: =SUM(G29:G43) -> 0 | H28: =SUM(H29:H43) -> 0 | I28: =SUM(I29:I43) -> 0 | ... L28: =SUM(L29:L43) -> 0
A29: Personal Phone | B29: =IF(B$4="",0,+'Business Expenses'!$C5/'Rental Setup'!$B$1) -> 0 | C29: =IF(C$4="",0,+'Business Expenses'!$C5/'Rental Setup'!$B$1) -> 0 | D29: =IF(D$4="",0,+'Business Expenses'!$C5/'Rental Setup'!$B$1) -> 0 | E29: =IF(E$4="",0,+'Business Expenses'!$C5/'Rental Setup'!$B$1) -> 0 | F29: =IF(F$4="",0,+'Business Expenses'!$C5/'Rental Setup'!$B$1) -> 0 | G29: =IF(G$4="",0,+'Business Expenses'!$C5/'Rental Setup'!$B$1) -> 0 | H29: =IF(H$4="",0,+'Business Expenses'!$C5/'Rental Setup'!$B$1) -> 0 | I29: =IF(I$4="",0,+'Business Expenses'!$C5/'Rental Setup'!$B$1) -> 0 | ... K29: =IF(K$4="",0,+'Business Expenses'!$C5/'Rental Setup'!$B$1) -> 0 | L29: =SUM(B29:K29) -> 0
A30: Personal Internet | B30: =IF(B$4="",0,+'Business Expenses'!$C6/'Rental Setup'!$B$1) -> 0 | C30: =IF(C$4="",0,+'Business Expenses'!$C6/'Rental Setup'!$B$1) -> 0 | D30: =IF(D$4="",0,+'Business Expenses'!$C6/'Rental Setup'!$B$1) -> 0 | E30: =IF(E$4="",0,+'Business Expenses'!$C6/'Rental Setup'!$B$1) -> 0 | F30: =IF(F$4="",0,+'Business Expenses'!$C6/'Rental Setup'!$B$1) -> 0 | G30: =IF(G$4="",0,+'Business Expenses'!$C6/'Rental Setup'!$B$1) -> 0 | H30: =IF(H$4="",0,+'Business Expenses'!$C6/'Rental Setup'!$B$1) -> 0 | I30: =IF(I$4="",0,+'Business Expenses'!$C6/'Rental Setup'!$B$1) -> 0 | ... K30: =IF(K$4="",0,+'Business Expenses'!$C6/'Rental Setup'!$B$1) -> 0 | L30: =SUM(B30:K30) -> 0
A31: Education | B31: =IF(B$4="",0,+'Business Expenses'!$C7/'Rental Setup'!$B$1) -> 0 | C31: =IF(C$4="",0,+'Business Expenses'!$C7/'Rental Setup'!$B$1) -> 0 | D31: =IF(D$4="",0,+'Business Expenses'!$C7/'Rental Setup'!$B$1) -> 0 | E31: =IF(E$4="",0,+'Business Expenses'!$C7/'Rental Setup'!$B$1) -> 0 | F31: =IF(F$4="",0,+'Business Expenses'!$C7/'Rental Setup'!$B$1) -> 0 | G31: =IF(G$4="",0,+'Business Expenses'!$C7/'Rental Setup'!$B$1) -> 0 | H31: =IF(H$4="",0,+'Business Expenses'!$C7/'Rental Setup'!$B$1) -> 0 | I31: =IF(I$4="",0,+'Business Expenses'!$C7/'Rental Setup'!$B$1) -> 0 | ... K31: =IF(K$4="",0,+'Business Expenses'!$C7/'Rental Setup'!$B$1) -> 0 | L31: =SUM(B31:K31) -> 0
A32: Books | B32: =IF(B$4="",0,+'Business Expenses'!$C8/'Rental Setup'!$B$1) -> 0 | C32: =IF(C$4="",0,+'Business Expenses'!$C8/'Rental Setup'!$B$1) -> 0 | D32: =IF(D$4="",0,+'Business Expenses'!$C8/'Rental Setup'!$B$1) -> 0 | E32: =IF(E$4="",0,+'Business Expenses'!$C8/'Rental Setup'!$B$1) -> 0 | F32: =IF(F$4="",0,+'Business Expenses'!$C8/'Rental Setup'!$B$1) -> 0 | G32: =IF(G$4="",0,+'Business Expenses'!$C8/'Rental Setup'!$B$1) -> 0 | H32: =IF(H$4="",0,+'Business Expenses'!$C8/'Rental Setup'!$B$1) -> 0 | I32: =IF(I$4="",0,+'Business Expenses'!$C8/'Rental Setup'!$B$1) -> 0 | ... K32: =IF(K$4="",0,+'Business Expenses'!$C8/'Rental Setup'!$B$1) -> 0 | L32: =SUM(B32:K32) -> 0
A33: Audible or E book subscriptions | B33: =IF(B$4="",0,+'Business Expenses'!$C9/'Rental Setup'!$B$1) -> 0 | C33: =IF(C$4="",0,+'Business Expenses'!$C9/'Rental Setup'!$B$1) -> 0 | D33: =IF(D$4="",0,+'Business Expenses'!$C9/'Rental Setup'!$B$1) -> 0 | E33: =IF(E$4="",0,+'Business Expenses'!$C9/'Rental Setup'!$B$1) -> 0 | F33: =IF(F$4="",0,+'Business Expenses'!$C9/'Rental Setup'!$B$1) -> 0 | G33: =IF(G$4="",0,+'Business Expenses'!$C9/'Rental Setup'!$B$1) -> 0 | H33: =IF(H$4="",0,+'Business Expenses'!$C9/'Rental Setup'!$B$1) -> 0 | I33: =IF(I$4="",0,+'Business Expenses'!$C9/'Rental Setup'!$B$1) -> 0 | ... K33: =IF(K$4="",0,+'Business Expenses'!$C9/'Rental Setup'!$B$1) -> 0 | L33: =SUM(B33:K33) -> 0
A34: Software | B34: =IF(B$4="",0,+'Business Expenses'!$C10/'Rental Setup'!$B$1) -> 0 | C34: =IF(C$4="",0,+'Business Expenses'!$C10/'Rental Setup'!$B$1) -> 0 | D34: =IF(D$4="",0,+'Business Expenses'!$C10/'Rental Setup'!$B$1) -> 0 | E34: =IF(E$4="",0,+'Business Expenses'!$C10/'Rental Setup'!$B$1) -> 0 | F34: =IF(F$4="",0,+'Business Expenses'!$C10/'Rental Setup'!$B$1) -> 0 | G34: =IF(G$4="",0,+'Business Expenses'!$C10/'Rental Setup'!$B$1) -> 0 | H34: =IF(H$4="",0,+'Business Expenses'!$C10/'Rental Setup'!$B$1) -> 0 | I34: =IF(I$4="",0,+'Business Expenses'!$C10/'Rental Setup'!$B$1) -> 0 | ... K34: =IF(K$4="",0,+'Business Expenses'!$C10/'Rental Setup'!$B$1) -> 0 | L34: =SUM(B34:K34) -> 0
A35: Web site and services | B35: =IF(B$4="",0,+'Business Expenses'!$C11/'Rental Setup'!$B$1) -> 0 | C35: =IF(C$4="",0,+'Business Expenses'!$C11/'Rental Setup'!$B$1) -> 0 | D35: =IF(D$4="",0,+'Business Expenses'!$C11/'Rental Setup'!$B$1) -> 0 | E35: =IF(E$4="",0,+'Business Expenses'!$C11/'Rental Setup'!$B$1) -> 0 | F35: =IF(F$4="",0,+'Business Expenses'!$C11/'Rental Setup'!$B$1) -> 0 | G35: =IF(G$4="",0,+'Business Expenses'!$C11/'Rental Setup'!$B$1) -> 0 | H35: =IF(H$4="",0,+'Business Expenses'!$C11/'Rental Setup'!$B$1) -> 0 | I35: =IF(I$4="",0,+'Business Expenses'!$C11/'Rental Setup'!$B$1) -> 0 | ... K35: =IF(K$4="",0,+'Business Expenses'!$C11/'Rental Setup'!$B$1) -> 0 | L35: =SUM(B35:K35) -> 0
A36: Meals | B36: =IF(B$4="",0,+'Business Expenses'!$C12/'Rental Setup'!$B$1) -> 0 | C36: =IF(C$4="",0,+'Business Expenses'!$C12/'Rental Setup'!$B$1) -> 0 | D36: =IF(D$4="",0,+'Business Expenses'!$C12/'Rental Setup'!$B$1) -> 0 | E36: =IF(E$4="",0,+'Business Expenses'!$C12/'Rental Setup'!$B$1) -> 0 | F36: =IF(F$4="",0,+'Business Expenses'!$C12/'Rental Setup'!$B$1) -> 0 | G36: =IF(G$4="",0,+'Business Expenses'!$C12/'Rental Setup'!$B$1) -> 0 | H36: =IF(H$4="",0,+'Business Expenses'!$C12/'Rental Setup'!$B$1) -> 0 | I36: =IF(I$4="",0,+'Business Expenses'!$C12/'Rental Setup'!$B$1) -> 0 | ... K36: =IF(K$4="",0,+'Business Expenses'!$C12/'Rental Setup'!$B$1) -> 0 | L36: =SUM(B36:K36) -> 0
A37: Meetup entry fees | B37: =IF(B$4="",0,+'Business Expenses'!$C13/'Rental Setup'!$B$1) -> 0 | C37: =IF(C$4="",0,+'Business Expenses'!$C13/'Rental Setup'!$B$1) -> 0 | D37: =IF(D$4="",0,+'Business Expenses'!$C13/'Rental Setup'!$B$1) -> 0 | E37: =IF(E$4="",0,+'Business Expenses'!$C13/'Rental Setup'!$B$1) -> 0 | F37: =IF(F$4="",0,+'Business Expenses'!$C13/'Rental Setup'!$B$1) -> 0 | G37: =IF(G$4="",0,+'Business Expenses'!$C13/'Rental Setup'!$B$1) -> 0 | H37: =IF(H$4="",0,+'Business Expenses'!$C13/'Rental Setup'!$B$1) -> 0 | I37: =IF(I$4="",0,+'Business Expenses'!$C13/'Rental Setup'!$B$1) -> 0 | ... K37: =IF(K$4="",0,+'Business Expenses'!$C13/'Rental Setup'!$B$1) -> 0 | L37: =SUM(B37:K37) -> 0
A38: Expo attendance fees | B38: =IF(B$4="",0,+'Business Expenses'!$C14/'Rental Setup'!$B$1) -> 0 | C38: =IF(C$4="",0,+'Business Expenses'!$C14/'Rental Setup'!$B$1) -> 0 | D38: =IF(D$4="",0,+'Business Expenses'!$C14/'Rental Setup'!$B$1) -> 0 | E38: =IF(E$4="",0,+'Business Expenses'!$C14/'Rental Setup'!$B$1) -> 0 | F38: =IF(F$4="",0,+'Business Expenses'!$C14/'Rental Setup'!$B$1) -> 0 | G38: =IF(G$4="",0,+'Business Expenses'!$C14/'Rental Setup'!$B$1) -> 0 | H38: =IF(H$4="",0,+'Business Expenses'!$C14/'Rental Setup'!$B$1) -> 0 | I38: =IF(I$4="",0,+'Business Expenses'!$C14/'Rental Setup'!$B$1) -> 0 | ... K38: =IF(K$4="",0,+'Business Expenses'!$C14/'Rental Setup'!$B$1) -> 0 | L38: =SUM(B38:K38) -> 0
A39: Po box | B39: =IF(B$4="",0,+'Business Expenses'!$C15/'Rental Setup'!$B$1) -> 0 | C39: =IF(C$4="",0,+'Business Expenses'!$C15/'Rental Setup'!$B$1) -> 0 | D39: =IF(D$4="",0,+'Business Expenses'!$C15/'Rental Setup'!$B$1) -> 0 | E39: =IF(E$4="",0,+'Business Expenses'!$C15/'Rental Setup'!$B$1) -> 0 | F39: =IF(F$4="",0,+'Business Expenses'!$C15/'Rental Setup'!$B$1) -> 0 | G39: =IF(G$4="",0,+'Business Expenses'!$C15/'Rental Setup'!$B$1) -> 0 | H39: =IF(H$4="",0,+'Business Expenses'!$C15/'Rental Setup'!$B$1) -> 0 | I39: =IF(I$4="",0,+'Business Expenses'!$C15/'Rental Setup'!$B$1) -> 0 | ... K39: =IF(K$4="",0,+'Business Expenses'!$C15/'Rental Setup'!$B$1) -> 0 | L39: =SUM(B39:K39) -> 0
A40: Bookkeeping | B40: =IF(B$4="",0,+'Business Expenses'!$C16/'Rental Setup'!$B$1) -> 0 | C40: =IF(C$4="",0,+'Business Expenses'!$C16/'Rental Setup'!$B$1) -> 0 | D40: =IF(D$4="",0,+'Business Expenses'!$C16/'Rental Setup'!$B$1) -> 0 | E40: =IF(E$4="",0,+'Business Expenses'!$C16/'Rental Setup'!$B$1) -> 0 | F40: =IF(F$4="",0,+'Business Expenses'!$C16/'Rental Setup'!$B$1) -> 0 | G40: =IF(G$4="",0,+'Business Expenses'!$C16/'Rental Setup'!$B$1) -> 0 | H40: =IF(H$4="",0,+'Business Expenses'!$C16/'Rental Setup'!$B$1) -> 0 | I40: =IF(I$4="",0,+'Business Expenses'!$C16/'Rental Setup'!$B$1) -> 0 | ... K40: =IF(K$4="",0,+'Business Expenses'!$C16/'Rental Setup'!$B$1) -> 0 | L40: =SUM(B40:K40) -> 0
... A43: Other | B43: =IF(B$4="",0,+'Business Expenses'!$C19/'Rental Setup'!$B$1) -> 0 | C43: =IF(C$4="",0,+'Business Expenses'!$C19/'Rental Setup'!$B$1) -> 0 | D43: =IF(D$4="",0,+'Business Expenses'!$C19/'Rental Setup'!$B$1) -> 0 | E43: =IF(E$4="",0,+'Business Expenses'!$C19/'Rental Setup'!$B$1) -> 0 | F43: =IF(F$4="",0,+'Business Expenses'!$C19/'Rental Setup'!$B$1) -> 0 | G43: =IF(G$4="",0,+'Business Expenses'!$C19/'Rental Setup'!$B$1) -> 0 | H43: =IF(H$4="",0,+'Business Expenses'!$C19/'Rental Setup'!$B$1) -> 0 | I43: =IF(I$4="",0,+'Business Expenses'!$C19/'Rental Setup'!$B$1) -> 0 | ... K43: =IF(K$4="",0,+'Business Expenses'!$C19/'Rental Setup'!$B$1) -> 0 | L43: =SUM(B43:K43) -> 0
A45: Net Income or Loss | B45: =B8-B12-B28 -> 0 | C45: =C8-C12-C28 -> 0 | D45: =D8-D12-D28 -> 0 | E45: =E8-E12-E28 -> 0 | F45: =F8-F12-F28 -> 0 | G45: =G8-G12-G28 -> 0 | H45: =H8-H12-H28 -> 0 | I45: =I8-I12-I28 -> 0 | ... L45: =L8-L12-L28 -> 0

Sheet JUN - Repairs
A1: REPAIRS
A2: Some elements of renovations can be expensed all at once, and do not need to be capitalized. Please provide the details for renovations/repair
A3: costs related to each property here. Include the total cost of supplies and labor related to each item.
A5: REPAIRS | B5: RENTAL 1 | C5: RENTAL 2 | D5: RENTAL 3 | E5: RENTAL 4 | F5: RENTAL 5 | G5: RENTAL 6 | H5: RENTAL 7 | I5: RENTAL 8 | J5: RENTAL 9 | K5: RENTAL 10 | L5: TOTAL
A6: Address | B6: =IF(+'Rental Setup'!B4="","",+'Rental Setup'!B4) | C6: =IF(+'Rental Setup'!C4="","",+'Rental Setup'!C4) | D6: =IF(+'Rental Setup'!D4="","",+'Rental Setup'!D4) | E6: =IF(+'Rental Setup'!E4="","",+'Rental Setup'!E4) | F6: =IF(+'Rental Setup'!F4="","",+'Rental Setup'!F4) | G6: =IF(+'Rental Setup'!G4="","",+'Rental Setup'!G4) | H6: =IF(+'Rental Setup'!H4="","",+'Rental Setup'!H4) | I6: =IF(+'Rental Setup'!I4="","",+'Rental Setup'!I4) | ... K6: =IF(+'Rental Setup'!K4="","",+'Rental Setup'!K4)
A7: City | B7: =IF(+'Rental Setup'!B5="","",+'Rental Setup'!B5) | C7: =IF(+'Rental Setup'!C5="","",+'Rental Setup'!C5) | D7: =IF(+'Rental Setup'!D5="","",+'Rental Setup'!D5) | E7: =IF(+'Rental Setup'!E5="","",+'Rental Setup'!E5) | F7: =IF(+'Rental Setup'!F5="","",+'Rental Setup'!F5) | G7: =IF(+'Rental Setup'!G5="","",+'Rental Setup'!G5) | H7: =IF(+'Rental Setup'!H5="","",+'Rental Setup'!H5) | I7: =IF(+'Rental Setup'!I5="","",+'Rental Setup'!I5) | ... K7: =IF(+'Rental Setup'!K5="","",+'Rental Setup'!K5)
A8: State Zip | B8: =IF(+'Rental Setup'!B6="","",+'Rental Setup'!B6) | C8: =IF(+'Rental Setup'!C6="","",+'Rental Setup'!C6) | D8: =IF(+'Rental Setup'!D6="","",+'Rental Setup'!D6) | E8: =IF(+'Rental Setup'!E6="","",+'Rental Setup'!E6) | F8: =IF(+'Rental Setup'!F6="","",+'Rental Setup'!F6) | G8: =IF(+'Rental Setup'!G6="","",+'Rental Setup'!G6) | H8: =IF(+'Rental Setup'!H6="","",+'Rental Setup'!H6) | I8: =IF(+'Rental Setup'!I6="","",+'Rental Setup'!I6) | ... K8: =IF(+'Rental Setup'!K6="","",+'Rental Setup'!K6)
A10: GENERAL | B10: =SUM(B11:B18) -> 0 | C10: =SUM(C11:C18) -> 0 | D10: =SUM(D11:D18) -> 0 | E10: =SUM(E11:E18) -> 0 | F10: =SUM(F11:F18) -> 0 | G10: =SUM(G11:G18) -> 0 | H10: =SUM(H11:H18) -> 0 | I10: =SUM(I11:I18) -> 0 | ... L10: =SUM(L11:L18) -> 0
A11: Appliances | L11: =SUM(B11:K11) -> 0
A12: Carpet (Not other flooring) | L12: =SUM(B12:K12) -> 0
A13: Paint | L13: =SUM(B13:K13) -> 0
A14: Landscaping/ fencing/ paving | L14: =SUM(B14:K14) -> 0
A15: Window Treatments | L15: =SUM(B15:K15) -> 0
A16: Kitchen Cabinets | L16: =SUM(B16:K16) -> 0
A17: Kitchen Counters | L17: =SUM(B17:K17) -> 0
A18: Light Fixtures | L18: =SUM(B18:K18) -> 0
A20: REPAIRS UNDER $2,500 | B20: =SUM(B21:B40) -> 0 | C20: =SUM(C21:C40) -> 0 | D20: =SUM(D21:D40) -> 0 | E20: =SUM(E21:E40) -> 0 | F20: =SUM(F21:F40) -> 0 | G20: =SUM(G21:G40) -> 0 | H20: =SUM(H21:H40) -> 0 | I20: =SUM(I21:I40) -> 0 | ... L20: =SUM(L21:L40) -> 0
L21: =SUM(B21:K21) -> 0
L22: =SUM(B22:K22) -> 0
L23: =SUM(B23:K23) -> 0
L24: =SUM(B24:K24) -> 0
L25: =SUM(B25:K25) -> 0
L26: =SUM(B26:K26) -> 0
L27: =SUM(B27:K27) -> 0
L28: =SUM(B28:K28) -> 0
L29: =SUM(B29:K29) -> 0
L30: =SUM(B30:K30) -> 0
L31: =SUM(B31:K31) -> 0
L32: =SUM(B32:K32) -> 0
... L40: =SUM(B40:K40) -> 0
A42: TOTAL RENOVATIONS (NOT including the items) separated out above | B42: =SUM(B43:B70) -> 0 | C42: =SUM(C43:C70) -> 0 | D42: =SUM(D43:D70) -> 0 | E42: =SUM(E43:E70) -> 0 | F42: =SUM(F43:F70) -> 0 | G42: =SUM(G43:G70) -> 0 | H42: =SUM(H43:H70) -> 0 | I42: =SUM(I43:I70) -> 0 | ... L42: =SUM(L43:L70) -> 0
L43: =SUM(B43:K43) -> 0
L44: =SUM(B44:K44) -> 0
L45: =SUM(B45:K45) -> 0
L46: =SUM(B46:K46) -> 0
L47: =SUM(B47:K47) -> 0
L48: =SUM(B48:K48) -> 0
L49: =SUM(B49:K49) -> 0
L50: =SUM(B50:K50) -> 0
L51: =SUM(B51:K51) -> 0
L52: =SUM(B52:K52) -> 0
L53: =SUM(B53:K53) -> 0
L54: =SUM(B54:K54) -> 0
... L70: =SUM(B70:K70) -> 0

Sheet JUL
A1: JULY
A3: =+A1 -> JULY | B3: RENTAL 1 | C3: RENTAL 2 | D3: RENTAL 3 | E3: RENTAL 4 | F3: RENTAL 5 | G3: RENTAL 6 | H3: RENTAL 7 | I3: RENTAL 8 | J3: RENTAL 9 | K3: RENTAL 10 | L3: TOTAL
A4: Address | B4: =IF(+'Rental Setup'!B4="","",+'Rental Setup'!B4) | C4: =IF(+'Rental Setup'!C4="","",+'Rental Setup'!C4) | D4: =IF(+'Rental Setup'!D4="","",+'Rental Setup'!D4) | E4: =IF(+'Rental Setup'!E4="","",+'Rental Setup'!E4) | F4: =IF(+'Rental Setup'!F4="","",+'Rental Setup'!F4) | G4: =IF(+'Rental Setup'!G4="","",+'Rental Setup'!G4) | H4: =IF(+'Rental Setup'!H4="","",+'Rental Setup'!H4) | I4: =IF(+'Rental Setup'!I4="","",+'Rental Setup'!I4) | ... K4: =IF(+'Rental Setup'!K4="","",+'Rental Setup'!K4)
A5: City | B5: =IF(+'Rental Setup'!B5="","",+'Rental Setup'!B5) | C5: =IF(+'Rental Setup'!C5="","",+'Rental Setup'!C5) | D5: =IF(+'Rental Setup'!D5="","",+'Rental Setup'!D5) | E5: =IF(+'Rental Setup'!E5="","",+'Rental Setup'!E5) | F5: =IF(+'Rental Setup'!F5="","",+'Rental Setup'!F5) | G5: =IF(+'Rental Setup'!G5="","",+'Rental Setup'!G5) | H5: =IF(+'Rental Setup'!H5="","",+'Rental Setup'!H5) | I5: =IF(+'Rental Setup'!I5="","",+'Rental Setup'!I5) | ... K5: =IF(+'Rental Setup'!K5="","",+'Rental Setup'!K5)
A6: State Zip | B6: =IF(+'Rental Setup'!B6="","",+'Rental Setup'!B6) | C6: =IF(+'Rental Setup'!C6="","",+'Rental Setup'!C6) | D6: =IF(+'Rental Setup'!D6="","",+'Rental Setup'!D6) | E6: =IF(+'Rental Setup'!E6="","",+'Rental Setup'!E6) | F6: =IF(+'Rental Setup'!F6="","",+'Rental Setup'!F6) | G6: =IF(+'Rental Setup'!G6="","",+'Rental Setup'!G6) | H6: =IF(+'Rental Setup'!H6="","",+'Rental Setup'!H6) | I6: =IF(+'Rental Setup'!I6="","",+'Rental Setup'!I6) | ... K6: =IF(+'Rental Setup'!K6="","",+'Rental Setup'!K6)
A8: INCOME | B8: =SUM(B9:B10) -> 0 | C8: =SUM(C9:C10) -> 0 | D8: =SUM(D9:D10) -> 0 | E8: =SUM(E9:E10) -> 0 | F8: =SUM(F9:F10) -> 0 | G8: =SUM(G9:G10) -> 0 | H8: =SUM(H9:H10) -> 0 | I8: =SUM(I9:I10) -> 0 | ... L8: =SUM(L9:L10) -> 0
A9: Rents | L9: =SUM(B9:K9) -> 0
A10: Other Income | L10: =SUM(B10:K10) -> 0
A12: EXPENSES | B12: =SUM(B13:B26) -> 0 | C12: =SUM(C13:C26) -> 0 | D12: =SUM(D13:D26) -> 0 | E12: =SUM(E13:E26) -> 0 | F12: =SUM(F13:F26) -> 0 | G12: =SUM(G13:G26) -> 0 | H12: =SUM(H13:H26) -> 0 | I12: =SUM(I13:I26) -> 0 | ... L12: =SUM(L13:L26) -> 0
A13: Advertising | L13: =SUM(B13:K13) -> 0
A14: Miles Driven | L14: =SUM(B14:K14) -> 0
A15: Cleaning and Maintance | L15: =SUM(B15:K15) -> 0
A16: Commissions | L16: =SUM(B16:K16) -> 0
A17: Insurance | L17: =SUM(B17:K17) -> 0
A18: Legal and professional Fees | L18: =SUM(B18:K18) -> 0
A19: Management Fees | L19: =SUM(B19:K19) -> 0
A20: Mortgage Interest | L20: =SUM(B20:K20) -> 0
A21: Other Interest | L21: =SUM(B21:K21) -> 0
A22: Repairs | B22: =+'JUL - Repairs'!B10+'JUL - Repairs'!B20 -> 0 | C22: =+'JUL - Repairs'!C10+'JUL - Repairs'!C20 -> 0 | D22: =+'JUL - Repairs'!D10+'JUL - Repairs'!D20 -> 0 | E22: =+'JUL - Repairs'!E10+'JUL - Repairs'!E20 -> 0 | F22: =+'JUL - Repairs'!F10+'JUL - Repairs'!F20 -> 0 | G22: =+'JUL - Repairs'!G10+'JUL - Repairs'!G20 -> 0 | H22: =+'JUL - Repairs'!H10+'JUL - Repairs'!H20 -> 0 | I22: =+'JUL - Repairs'!I10+'JUL - Repairs'!I20 -> 0 | ... K22: =+'JUL - Repairs'!K10+'JUL - Repairs'!K20 -> 0 | L22: =SUM(B22:K22) -> 0
A23: Supplies | L23: =SUM(B23:K23) -> 0
A24: Taxes | L24: =SUM(B24:K24) -> 0
A25: Utilities | L25: =SUM(B25:K25) -> 0
A26: Other | L26: =SUM(B26:K26) -> 0
A28: ALLOCATED EXPENSES | B28: =SUM(B29:B43) -> 0 | C28: =SUM(C29:C43) -> 0 | D28: =SUM(D29:D43) -> 0 | E28: =SUM(E29:E43) -> 0 | F28: =SUM(F29:F43) -> 0 | G28: =SUM(G29:G43) -> 0 | H28: =SUM(H29:H43) -> 0 | I28: =SUM(I29:I43) -> 0 | ... L28: =SUM(L29:L43) -> 0
A29: Personal Phone | B29: =IF(B$4="",0,+'Business Expenses'!$C5/'Rental Setup'!$B$1) -> 0 | C29: =IF(C$4="",0,+'Business Expenses'!$C5/'Rental Setup'!$B$1) -> 0 | D29: =IF(D$4="",0,+'Business Expenses'!$C5/'Rental Setup'!$B$1) -> 0 | E29: =IF(E$4="",0,+'Business Expenses'!$C5/'Rental Setup'!$B$1) -> 0 | F29: =IF(F$4="",0,+'Business Expenses'!$C5/'Rental Setup'!$B$1) -> 0 | G29: =IF(G$4="",0,+'Business Expenses'!$C5/'Rental Setup'!$B$1) -> 0 | H29: =IF(H$4="",0,+'Business Expenses'!$C5/'Rental Setup'!$B$1) -> 0 | I29: =IF(I$4="",0,+'Business Expenses'!$C5/'Rental Setup'!$B$1) -> 0 | ... K29: =IF(K$4="",0,+'Business Expenses'!$C5/'Rental Setup'!$B$1) -> 0 | L29: =SUM(B29:K29) -> 0
A30: Personal Internet | B30: =IF(B$4="",0,+'Business Expenses'!$C6/'Rental Setup'!$B$1) -> 0 | C30: =IF(C$4="",0,+'Business Expenses'!$C6/'Rental Setup'!$B$1) -> 0 | D30: =IF(D$4="",0,+'Business Expenses'!$C6/'Rental Setup'!$B$1) -> 0 | E30: =IF(E$4="",0,+'Business Expenses'!$C6/'Rental Setup'!$B$1) -> 0 | F30: =IF(F$4="",0,+'Business Expenses'!$C6/'Rental Setup'!$B$1) -> 0 | G30: =IF(G$4="",0,+'Business Expenses'!$C6/'Rental Setup'!$B$1) -> 0 | H30: =IF(H$4="",0,+'Business Expenses'!$C6/'Rental Setup'!$B$1) -> 0 | I30: =IF(I$4="",0,+'Business Expenses'!$C6/'Rental Setup'!$B$1) -> 0 | ... K30: =IF(K$4="",0,+'Business Expenses'!$C6/'Rental Setup'!$B$1) -> 0 | L30: =SUM(B30:K30) -> 0
A31: Education | B31: =IF(B$4="",0,+'Business Expenses'!$C7/'Rental Setup'!$B$1) -> 0 | C31: =IF(C$4="",0,+'Business Expenses'!$C7/'Rental Setup'!$B$1) -> 0 | D31: =IF(D$4="",0,+'Business Expenses'!$C7/'Rental Setup'!$B$1) -> 0 | E31: =IF(E$4="",0,+'Business Expenses'!$C7/'Rental Setup'!$B$1) -> 0 | F31: =IF(F$4="",0,+'Business Expenses'!$C7/'Rental Setup'!$B$1) -> 0 | G31: =IF(G$4="",0,+'Business Expenses'!$C7/'Rental Setup'!$B$1) -> 0 | H31: =IF(H$4="",0,+'Business Expenses'!$C7/'Rental Setup'!$B$1) -> 0 | I31: =IF(I$4="",0,+'Business Expenses'!$C7/'Rental Setup'!$B$1) -> 0 | ... K31: =IF(K$4="",0,+'Business Expenses'!$C7/'Rental Setup'!$B$1) -> 0 | L31: =SUM(B31:K31) -> 0
A32: Books | B32: =IF(B$4="",0,+'Business Expenses'!$C8/'Rental Setup'!$B$1) -> 0 | C32: =IF(C$4="",0,+'Business Expenses'!$C8/'Rental Setup'!$B$1) -> 0 | D32: =IF(D$4="",0,+'Business Expenses'!$C8/'Rental Setup'!$B$1) -> 0 | E32: =IF(E$4="",0,+'Business Expenses'!$C8/'Rental Setup'!$B$1) -> 0 | F32: =IF(F$4="",0,+'Business Expenses'!$C8/'Rental Setup'!$B$1) -> 0 | G32: =IF(G$4="",0,+'Business Expenses'!$C8/'Rental Setup'!$B$1) -> 0 | H32: =IF(H$4="",0,+'Business Expenses'!$C8/'Rental Setup'!$B$1) -> 0 | I32: =IF(I$4="",0,+'Business Expenses'!$C8/'Rental Setup'!$B$1) -> 0 | ... K32: =IF(K$4="",0,+'Business Expenses'!$C8/'Rental Setup'!$B$1) -> 0 | L32: =SUM(B32:K32) -> 0
A33: Audible or E book subscriptions | B33: =IF(B$4="",0,+'Business Expenses'!$C9/'Rental Setup'!$B$1) -> 0 | C33: =IF(C$4="",0,+'Business Expenses'!$C9/'Rental Setup'!$B$1) -> 0 | D33: =IF(D$4="",0,+'Business Expenses'!$C9/'Rental Setup'!$B$1) -> 0 | E33: =IF(E$4="",0,+'Business Expenses'!$C9/'Rental Setup'!$B$1) -> 0 | F33: =IF(F$4="",0,+'Business Expenses'!$C9/'Rental Setup'!$B$1) -> 0 | G33: =IF(G$4="",0,+'Business Expenses'!$C9/'Rental Setup'!$B$1) -> 0 | H33: =IF(H$4="",0,+'Business Expenses'!$C9/'Rental Setup'!$B$1) -> 0 | I33: =IF(I$4="",0,+'Business Expenses'!$C9/'Rental Setup'!$B$1) -> 0 | ... K33: =IF(K$4="",0,+'Business Expenses'!$C9/'Rental Setup'!$B$1) -> 0 | L33: =SUM(B33:K33) -> 0
A34: Software | B34: =IF(B$4="",0,+'Business Expenses'!$C10/'Rental Setup'!$B$1) -> 0 | C34: =IF(C$4="",0,+'Business Expenses'!$C10/'Rental Setup'!$B$1) -> 0 | D34: =IF(D$4="",0,+'Business Expenses'!$C10/'Rental Setup'!$B$1) -> 0 | E34: =IF(E$4="",0,+'Business Expenses'!$C10/'Rental Setup'!$B$1) -> 0 | F34: =IF(F$4="",0,+'Business Expenses'!$C10/'Rental Setup'!$B$1) -> 0 | G34: =IF(G$4="",0,+'Business Expenses'!$C10/'Rental Setup'!$B$1) -> 0 | H34: =IF(H$4="",0,+'Business Expenses'!$C10/'Rental Setup'!$B$1) -> 0 | I34: =IF(I$4="",0,+'Business Expenses'!$C10/'Rental Setup'!$B$1) -> 0 | ... K34: =IF(K$4="",0,+'Business Expenses'!$C10/'Rental Setup'!$B$1) -> 0 | L34: =SUM(B34:K34) -> 0
A35: Web site and services | B35: =IF(B$4="",0,+'Business Expenses'!$C11/'Rental Setup'!$B$1) -> 0 | C35: =IF(C$4="",0,+'Business Expenses'!$C11/'Rental Setup'!$B$1) -> 0 | D35: =IF(D$4="",0,+'Business Expenses'!$C11/'Rental Setup'!$B$1) -> 0 | E35: =IF(E$4="",0,+'Business Expenses'!$C11/'Rental Setup'!$B$1) -> 0 | F35: =IF(F$4="",0,+'Business Expenses'!$C11/'Rental Setup'!$B$1) -> 0 | G35: =IF(G$4="",0,+'Business Expenses'!$C11/'Rental Setup'!$B$1) -> 0 | H35: =IF(H$4="",0,+'Business Expenses'!$C11/'Rental Setup'!$B$1) -> 0 | I35: =IF(I$4="",0,+'Business Expenses'!$C11/'Rental Setup'!$B$1) -> 0 | ... K35: =IF(K$4="",0,+'Business Expenses'!$C11/'Rental Setup'!$B$1) -> 0 | L35: =SUM(B35:K35) -> 0
A36: Meals | B36: =IF(B$4="",0,+'Business Expenses'!$C12/'Rental Setup'!$B$1) -> 0 | C36: =IF(C$4="",0,+'Business Expenses'!$C12/'Rental Setup'!$B$1) -> 0 | D36: =IF(D$4="",0,+'Business Expenses'!$C12/'Rental Setup'!$B$1) -> 0 | E36: =IF(E$4="",0,+'Business Expenses'!$C12/'Rental Setup'!$B$1) -> 0 | F36: =IF(F$4="",0,+'Business Expenses'!$C12/'Rental Setup'!$B$1) -> 0 | G36: =IF(G$4="",0,+'Business Expenses'!$C12/'Rental Setup'!$B$1) -> 0 | H36: =IF(H$4="",0,+'Business Expenses'!$C12/'Rental Setup'!$B$1) -> 0 | I36: =IF(I$4="",0,+'Business Expenses'!$C12/'Rental Setup'!$B$1) -> 0 | ... K36: =IF(K$4="",0,+'Business Expenses'!$C12/'Rental Setup'!$B$1) -> 0 | L36: =SUM(B36:K36) -> 0
A37: Meetup entry fees | B37: =IF(B$4="",0,+'Business Expenses'!$C13/'Rental Setup'!$B$1) -> 0 | C37: =IF(C$4="",0,+'Business Expenses'!$C13/'Rental Setup'!$B$1) -> 0 | D37: =IF(D$4="",0,+'Business Expenses'!$C13/'Rental Setup'!$B$1) -> 0 | E37: =IF(E$4="",0,+'Business Expenses'!$C13/'Rental Setup'!$B$1) -> 0 | F37: =IF(F$4="",0,+'Business Expenses'!$C13/'Rental Setup'!$B$1) -> 0 | G37: =IF(G$4="",0,+'Business Expenses'!$C13/'Rental Setup'!$B$1) -> 0 | H37: =IF(H$4="",0,+'Business Expenses'!$C13/'Rental Setup'!$B$1) -> 0 | I37: =IF(I$4="",0,+'Business Expenses'!$C13/'Rental Setup'!$B$1) -> 0 | ... K37: =IF(K$4="",0,+'Business Expenses'!$C13/'Rental Setup'!$B$1) -> 0 | L37: =SUM(B37:K37) -> 0
A38: Expo attendance fees | B38: =IF(B$4="",0,+'Business Expenses'!$C14/'Rental Setup'!$B$1) -> 0 | C38: =IF(C$4="",0,+'Business Expenses'!$C14/'Rental Setup'!$B$1) -> 0 | D38: =IF(D$4="",0,+'Business Expenses'!$C14/'Rental Setup'!$B$1) -> 0 | E38: =IF(E$4="",0,+'Business Expenses'!$C14/'Rental Setup'!$B$1) -> 0 | F38: =IF(F$4="",0,+'Business Expenses'!$C14/'Rental Setup'!$B$1) -> 0 | G38: =IF(G$4="",0,+'Business Expenses'!$C14/'Rental Setup'!$B$1) -> 0 | H38: =IF(H$4="",0,+'Business Expenses'!$C14/'Rental Setup'!$B$1) -> 0 | I38: =IF(I$4="",0,+'Business Expenses'!$C14/'Rental Setup'!$B$1) -> 0 | ... K38: =IF(K$4="",0,+'Business Expenses'!$C14/'Rental Setup'!$B$1) -> 0 | L38: =SUM(B38:K38) -> 0
A39: Po box | B39: =IF(B$4="",0,+'Business Expenses'!$C15/'Rental Setup'!$B$1) -> 0 | C39: =IF(C$4="",0,+'Business Expenses'!$C15/'Rental Setup'!$B$1) -> 0 | D39: =IF(D$4="",0,+'Business Expenses'!$C15/'Rental Setup'!$B$1) -> 0 | E39: =IF(E$4="",0,+'Business Expenses'!$C15/'Rental Setup'!$B$1) -> 0 | F39: =IF(F$4="",0,+'Business Expenses'!$C15/'Rental Setup'!$B$1) -> 0 | G39: =IF(G$4="",0,+'Business Expenses'!$C15/'Rental Setup'!$B$1) -> 0 | H39: =IF(H$4="",0,+'Business Expenses'!$C15/'Rental Setup'!$B$1) -> 0 | I39: =IF(I$4="",0,+'Business Expenses'!$C15/'Rental Setup'!$B$1) -> 0 | ... K39: =IF(K$4="",0,+'Business Expenses'!$C15/'Rental Setup'!$B$1) -> 0 | L39: =SUM(B39:K39) -> 0
A40: Bookkeeping | B40: =IF(B$4="",0,+'Business Expenses'!$C16/'Rental Setup'!$B$1) -> 0 | C40: =IF(C$4="",0,+'Business Expenses'!$C16/'Rental Setup'!$B$1) -> 0 | D40: =IF(D$4="",0,+'Business Expenses'!$C16/'Rental Setup'!$B$1) -> 0 | E40: =IF(E$4="",0,+'Business Expenses'!$C16/'Rental Setup'!$B$1) -> 0 | F40: =IF(F$4="",0,+'Business Expenses'!$C16/'Rental Setup'!$B$1) -> 0 | G40: =IF(G$4="",0,+'Business Expenses'!$C16/'Rental Setup'!$B$1) -> 0 | H40: =IF(H$4="",0,+'Business Expenses'!$C16/'Rental Setup'!$B$1) -> 0 | I40: =IF(I$4="",0,+'Business Expenses'!$C16/'Rental Setup'!$B$1) -> 0 | ... K40: =IF(K$4="",0,+'Business Expenses'!$C16/'Rental Setup'!$B$1) -> 0 | L40: =SUM(B40:K40) -> 0
... A43: Other | B43: =IF(B$4="",0,+'Business Expenses'!$C19/'Rental Setup'!$B$1) -> 0 | C43: =IF(C$4="",0,+'Business Expenses'!$C19/'Rental Setup'!$B$1) -> 0 | D43: =IF(D$4="",0,+'Business Expenses'!$C19/'Rental Setup'!$B$1) -> 0 | E43: =IF(E$4="",0,+'Business Expenses'!$C19/'Rental Setup'!$B$1) -> 0 | F43: =IF(F$4="",0,+'Business Expenses'!$C19/'Rental Setup'!$B$1) -> 0 | G43: =IF(G$4="",0,+'Business Expenses'!$C19/'Rental Setup'!$B$1) -> 0 | H43: =IF(H$4="",0,+'Business Expenses'!$C19/'Rental Setup'!$B$1) -> 0 | I43: =IF(I$4="",0,+'Business Expenses'!$C19/'Rental Setup'!$B$1) -> 0 | ... K43: =IF(K$4="",0,+'Business Expenses'!$C19/'Rental Setup'!$B$1) -> 0 | L43: =SUM(B43:K43) -> 0
A45: Net Income or Loss | B45: =B8-B12-B28 -> 0 | C45: =C8-C12-C28 -> 0 | D45: =D8-D12-D28 -> 0 | E45: =E8-E12-E28 -> 0 | F45: =F8-F12-F28 -> 0 | G45: =G8-G12-G28 -> 0 | H45: =H8-H12-H28 -> 0 | I45: =I8-I12-I28 -> 0 | ... L45: =L8-L12-L28 -> 0

Sheet JUL - Repairs
A1: REPAIRS
A2: Some elements of renovations can be expensed all at once, and do not need to be capitalized. Please provide the details for renovations/repair
A3: costs related to each property here. Include the total cost of supplies and labor related to each item.
A5: REPAIRS | B5: RENTAL 1 | C5: RENTAL 2 | D5: RENTAL 3 | E5: RENTAL 4 | F5: RENTAL 5 | G5: RENTAL 6 | H5: RENTAL 7 | I5: RENTAL 8 | J5: RENTAL 9 | K5: RENTAL 10 | L5: TOTAL
A6: Address | B6: =IF(+'Rental Setup'!B4="","",+'Rental Setup'!B4) | C6: =IF(+'Rental Setup'!C4="","",+'Rental Setup'!C4) | D6: =IF(+'Rental Setup'!D4="","",+'Rental Setup'!D4) | E6: =IF(+'Rental Setup'!E4="","",+'Rental Setup'!E4) | F6: =IF(+'Rental Setup'!F4="","",+'Rental Setup'!F4) | G6: =IF(+'Rental Setup'!G4="","",+'Rental Setup'!G4) | H6: =IF(+'Rental Setup'!H4="","",+'Rental Setup'!H4) | I6: =IF(+'Rental Setup'!I4="","",+'Rental Setup'!I4) | ... K6: =IF(+'Rental Setup'!K4="","",+'Rental Setup'!K4)
A7: City | B7: =IF(+'Rental Setup'!B5="","",+'Rental Setup'!B5) | C7: =IF(+'Rental Setup'!C5="","",+'Rental Setup'!C5) | D7: =IF(+'Rental Setup'!D5="","",+'Rental Setup'!D5) | E7: =IF(+'Rental Setup'!E5="","",+'Rental Setup'!E5) | F7: =IF(+'Rental Setup'!F5="","",+'Rental Setup'!F5) | G7: =IF(+'Rental Setup'!G5="","",+'Rental Setup'!G5) | H7: =IF(+'Rental Setup'!H5="","",+'Rental Setup'!H5) | I7: =IF(+'Rental Setup'!I5="","",+'Rental Setup'!I5) | ... K7: =IF(+'Rental Setup'!K5="","",+'Rental Setup'!K5)
A8: State Zip | B8: =IF(+'Rental Setup'!B6="","",+'Rental Setup'!B6) | C8: =IF(+'Rental Setup'!C6="","",+'Rental Setup'!C6) | D8: =IF(+'Rental Setup'!D6="","",+'Rental Setup'!D6) | E8: =IF(+'Rental Setup'!E6="","",+'Rental Setup'!E6) | F8: =IF(+'Rental Setup'!F6="","",+'Rental Setup'!F6) | G8: =IF(+'Rental Setup'!G6="","",+'Rental Setup'!G6) | H8: =IF(+'Rental Setup'!H6="","",+'Rental Setup'!H6) | I8: =IF(+'Rental Setup'!I6="","",+'Rental Setup'!I6) | ... K8: =IF(+'Rental Setup'!K6="","",+'Rental Setup'!K6)
A10: GENERAL | B10: =SUM(B11:B18) -> 0 | C10: =SUM(C11:C18) -> 0 | D10: =SUM(D11:D18) -> 0 | E10: =SUM(E11:E18) -> 0 | F10: =SUM(F11:F18) -> 0 | G10: =SUM(G11:G18) -> 0 | H10: =SUM(H11:H18) -> 0 | I10: =SUM(I11:I18) -> 0 | ... L10: =SUM(L11:L18) -> 0
A11: Appliances | L11: =SUM(B11:K11) -> 0
A12: Carpet (Not other flooring) | L12: =SUM(B12:K12) -> 0
A13: Paint | L13: =SUM(B13:K13) -> 0
A14: Landscaping/ fencing/ paving | L14: =SUM(B14:K14) -> 0
A15: Window Treatments | L15: =SUM(B15:K15) -> 0
A16: Kitchen Cabinets | L16: =SUM(B16:K16) -> 0
A17: Kitchen Counters | L17: =SUM(B17:K17) -> 0
A18: Light Fixtures | L18: =SUM(B18:K18) -> 0
A20: REPAIRS UNDER $2,500 | B20: =SUM(B21:B40) -> 0 | C20: =SUM(C21:C40) -> 0 | D20: =SUM(D21:D40) -> 0 | E20: =SUM(E21:E40) -> 0 | F20: =SUM(F21:F40) -> 0 | G20: =SUM(G21:G40) -> 0 | H20: =SUM(H21:H40) -> 0 | I20: =SUM(I21:I40) -> 0 | ... L20: =SUM(L21:L40) -> 0
L21: =SUM(B21:K21) -> 0
L22: =SUM(B22:K22) -> 0
L23: =SUM(B23:K23) -> 0
L24: =SUM(B24:K24) -> 0
L25: =SUM(B25:K25) -> 0
L26: =SUM(B26:K26) -> 0
L27: =SUM(B27:K27) -> 0
L28: =SUM(B28:K28) -> 0
L29: =SUM(B29:K29) -> 0
L30: =SUM(B30:K30) -> 0
L31: =SUM(B31:K31) -> 0
L32: =SUM(B32:K32) -> 0
... L40: =SUM(B40:K40) -> 0
A42: TOTAL RENOVATIONS (NOT including the items) separated out above | B42: =SUM(B43:B70) -> 0 | C42: =SUM(C43:C70) -> 0 | D42: =SUM(D43:D70) -> 0 | E42: =SUM(E43:E70) -> 0 | F42: =SUM(F43:F70) -> 0 | G42: =SUM(G43:G70) -> 0 | H42: =SUM(H43:H70) -> 0 | I42: =SUM(I43:I70) -> 0 | ... L42: =SUM(L43:L70) -> 0
L43: =SUM(B43:K43) -> 0
L44: =SUM(B44:K44) -> 0
L45: =SUM(B45:K45) -> 0
L46: =SUM(B46:K46) -> 0
L47: =SUM(B47:K47) -> 0
L48: =SUM(B48:K48) -> 0
L49: =SUM(B49:K49) -> 0
L50: =SUM(B50:K50) -> 0
L51: =SUM(B51:K51) -> 0
L52: =SUM(B52:K52) -> 0
L53: =SUM(B53:K53) -> 0
L54: =SUM(B54:K54) -> 0
... L70: =SUM(B70:K70) -> 0

Sheet AUG
A1: AUGUST
A3: =+A1 -> AUGUST | B3: RENTAL 1 | C3: RENTAL 2 | D3: RENTAL 3 | E3: RENTAL 4 | F3: RENTAL 5 | G3: RENTAL 6 | H3: RENTAL 7 | I3: RENTAL 8 | J3: RENTAL 9 | K3: RENTAL 10 | L3: TOTAL
A4: Address | B4: =IF(+'Rental Setup'!B4="","",+'Rental Setup'!B4) | C4: =IF(+'Rental Setup'!C4="","",+'Rental Setup'!C4) | D4: =IF(+'Rental Setup'!D4="","",+'Rental Setup'!D4) | E4: =IF(+'Rental Setup'!E4="","",+'Rental Setup'!E4) | F4: =IF(+'Rental Setup'!F4="","",+'Rental Setup'!F4) | G4: =IF(+'Rental Setup'!G4="","",+'Rental Setup'!G4) | H4: =IF(+'Rental Setup'!H4="","",+'Rental Setup'!H4) | I4: =IF(+'Rental Setup'!I4="","",+'Rental Setup'!I4) | ... K4: =IF(+'Rental Setup'!K4="","",+'Rental Setup'!K4)
A5: City | B5: =IF(+'Rental Setup'!B5="","",+'Rental Setup'!B5) | C5: =IF(+'Rental Setup'!C5="","",+'Rental Setup'!C5) | D5: =IF(+'Rental Setup'!D5="","",+'Rental Setup'!D5) | E5: =IF(+'Rental Setup'!E5="","",+'Rental Setup'!E5) | F5: =IF(+'Rental Setup'!F5="","",+'Rental Setup'!F5) | G5: =IF(+'Rental Setup'!G5="","",+'Rental Setup'!G5) | H5: =IF(+'Rental Setup'!H5="","",+'Rental Setup'!H5) | I5: =IF(+'Rental Setup'!I5="","",+'Rental Setup'!I5) | ... K5: =IF(+'Rental Setup'!K5="","",+'Rental Setup'!K5)
A6: State Zip | B6: =IF(+'Rental Setup'!B6="","",+'Rental Setup'!B6) | C6: =IF(+'Rental Setup'!C6="","",+'Rental Setup'!C6) | D6: =IF(+'Rental Setup'!D6="","",+'Rental Setup'!D6) | E6: =IF(+'Rental Setup'!E6="","",+'Rental Setup'!E6) | F6: =IF(+'Rental Setup'!F6="","",+'Rental Setup'!F6) | G6: =IF(+'Rental Setup'!G6="","",+'Rental Setup'!G6) | H6: =IF(+'Rental Setup'!H6="","",+'Rental Setup'!H6) | I6: =IF(+'Rental Setup'!I6="","",+'Rental Setup'!I6) | ... K6: =IF(+'Rental Setup'!K6="","",+'Rental Setup'!K6)
A8: INCOME | B8: =SUM(B9:B10) -> 0 | C8: =SUM(C9:C10) -> 0 | D8: =SUM(D9:D10) -> 0 | E8: =SUM(E9:E10) -> 0 | F8: =SUM(F9:F10) -> 0 | G8: =SUM(G9:G10) -> 0 | H8: =SUM(H9:H10) -> 0 | I8: =SUM(I9:I10) -> 0 | ... L8: =SUM(L9:L10) -> 0
A9: Rents | L9: =SUM(B9:K9) -> 0
A10: Other Income | L10: =SUM(B10:K10) -> 0
A12: EXPENSES | B12: =SUM(B13:B26) -> 0 | C12: =SUM(C13:C26) -> 0 | D12: =SUM(D13:D26) -> 0 | E12: =SUM(E13:E26) -> 0 | F12: =SUM(F13:F26) -> 0 | G12: =SUM(G13:G26) -> 0 | H12: =SUM(H13:H26) -> 0 | I12: =SUM(I13:I26) -> 0 | ... L12: =SUM(L13:L26) -> 0
A13: Advertising | L13: =SUM(B13:K13) -> 0
A14: Miles Driven | L14: =SUM(B14:K14) -> 0
A15: Cleaning and Maintance | L15: =SUM(B15:K15) -> 0
A16: Commissions | L16: =SUM(B16:K16) -> 0
A17: Insurance | L17: =SUM(B17:K17) -> 0
A18: Legal and professional Fees | L18: =SUM(B18:K18) -> 0
A19: Management Fees | L19: =SUM(B19:K19) -> 0
A20: Mortgage Interest | L20: =SUM(B20:K20) -> 0
A21: Other Interest | L21: =SUM(B21:K21) -> 0
A22: Repairs | B22: =+'AUG - Repairs'!B10+'AUG - Repairs'!B20 -> 0 | C22: =+'AUG - Repairs'!C10+'AUG - Repairs'!C20 -> 0 | D22: =+'AUG - Repairs'!D10+'AUG - Repairs'!D20 -> 0 | E22: =+'AUG - Repairs'!E10+'AUG - Repairs'!E20 -> 0 | F22: =+'AUG - Repairs'!F10+'AUG - Repairs'!F20 -> 0 | G22: =+'AUG - Repairs'!G10+'AUG - Repairs'!G20 -> 0 | H22: =+'AUG - Repairs'!H10+'AUG - Repairs'!H20 -> 0 | I22: =+'AUG - Repairs'!I10+'AUG - Repairs'!I20 -> 0 | ... K22: =+'AUG - Repairs'!K10+'AUG - Repairs'!K20 -> 0 | L22: =SUM(B22:K22) -> 0
A23: Supplies | L23: =SUM(B23:K23) -> 0
A24: Taxes | L24: =SUM(B24:K24) -> 0
A25: Utilities | L25: =SUM(B25:K25) -> 0
A26: Other | L26: =SUM(B26:K26) -> 0
A28: ALLOCATED EXPENSES | B28: =SUM(B29:B43) -> 0 | C28: =SUM(C29:C43) -> 0 | D28: =SUM(D29:D43) -> 0 | E28: =SUM(E29:E43) -> 0 | F28: =SUM(F29:F43) -> 0 | G28: =SUM(G29:G43) -> 0 | H28: =SUM(H29:H43) -> 0 | I28: =SUM(I29:I43) -> 0 | ... L28: =SUM(L29:L43) -> 0
A29: Personal Phone | B29: =IF(B$4="",0,+'Business Expenses'!$C5/'Rental Setup'!$B$1) -> 0 | C29: =IF(C$4="",0,+'Business Expenses'!$C5/'Rental Setup'!$B$1) -> 0 | D29: =IF(D$4="",0,+'Business Expenses'!$C5/'Rental Setup'!$B$1) -> 0 | E29: =IF(E$4="",0,+'Business Expenses'!$C5/'Rental Setup'!$B$1) -> 0 | F29: =IF(F$4="",0,+'Business Expenses'!$C5/'Rental Setup'!$B$1) -> 0 | G29: =IF(G$4="",0,+'Business Expenses'!$C5/'Rental Setup'!$B$1) -> 0 | H29: =IF(H$4="",0,+'Business Expenses'!$C5/'Rental Setup'!$B$1) -> 0 | I29: =IF(I$4="",0,+'Business Expenses'!$C5/'Rental Setup'!$B$1) -> 0 | ... K29: =IF(K$4="",0,+'Business Expenses'!$C5/'Rental Setup'!$B$1) -> 0 | L29: =SUM(B29:K29) -> 0
A30: Personal Internet | B30: =IF(B$4="",0,+'Business Expenses'!$C6/'Rental Setup'!$B$1) -> 0 | C30: =IF(C$4="",0,+'Business Expenses'!$C6/'Rental Setup'!$B$1) -> 0 | D30: =IF(D$4="",0,+'Business Expenses'!$C6/'Rental Setup'!$B$1) -> 0 | E30: =IF(E$4="",0,+'Business Expenses'!$C6/'Rental Setup'!$B$1) -> 0 | F30: =IF(F$4="",0,+'Business Expenses'!$C6/'Rental Setup'!$B$1) -> 0 | G30: =IF(G$4="",0,+'Business Expenses'!$C6/'Rental Setup'!$B$1) -> 0 | H30: =IF(H$4="",0,+'Business Expenses'!$C6/'Rental Setup'!$B$1) -> 0 | I30: =IF(I$4="",0,+'Business Expenses'!$C6/'Rental Setup'!$B$1) -> 0 | ... K30: =IF(K$4="",0,+'Business Expenses'!$C6/'Rental Setup'!$B$1) -> 0 | L30: =SUM(B30:K30) -> 0
A31: Education | B31: =IF(B$4="",0,+'Business Expenses'!$C7/'Rental Setup'!$B$1) -> 0 | C31: =IF(C$4="",0,+'Business Expenses'!$C7/'Rental Setup'!$B$1) -> 0 | D31: =IF(D$4="",0,+'Business Expenses'!$C7/'Rental Setup'!$B$1) -> 0 | E31: =IF(E$4="",0,+'Business Expenses'!$C7/'Rental Setup'!$B$1) -> 0 | F31: =IF(F$4="",0,+'Business Expenses'!$C7/'Rental Setup'!$B$1) -> 0 | G31: =IF(G$4="",0,+'Business Expenses'!$C7/'Rental Setup'!$B$1) -> 0 | H31: =IF(H$4="",0,+'Business Expenses'!$C7/'Rental Setup'!$B$1) -> 0 | I31: =IF(I$4="",0,+'Business Expenses'!$C7/'Rental Setup'!$B$1) -> 0 | ... K31: =IF(K$4="",0,+'Business Expenses'!$C7/'Rental Setup'!$B$1) -> 0 | L31: =SUM(B31:K31) -> 0
A32: Books | B32: =IF(B$4="",0,+'Business Expenses'!$C8/'Rental Setup'!$B$1) -> 0 | C32: =IF(C$4="",0,+'Business Expenses'!$C8/'Rental Setup'!$B$1) -> 0 | D32: =IF(D$4="",0,+'Business Expenses'!$C8/'Rental Setup'!$B$1) -> 0 | E32: =IF(E$4="",0,+'Business Expenses'!$C8/'Rental Setup'!$B$1) -> 0 | F32: =IF(F$4="",0,+'Business Expenses'!$C8/'Rental Setup'!$B$1) -> 0 | G32: =IF(G$4="",0,+'Business Expenses'!$C8/'Rental Setup'!$B$1) -> 0 | H32: =IF(H$4="",0,+'Business Expenses'!$C8/'Rental Setup'!$B$1) -> 0 | I32: =IF(I$4="",0,+'Business Expenses'!$C8/'Rental Setup'!$B$1) -> 0 | ... K32: =IF(K$4="",0,+'Business Expenses'!$C8/'Rental Setup'!$B$1) -> 0 | L32: =SUM(B32:K32) -> 0
A33: Audible or E book subscriptions | B33: =IF(B$4="",0,+'Business Expenses'!$C9/'Rental Setup'!$B$1) -> 0 | C33: =IF(C$4="",0,+'Business Expenses'!$C9/'Rental Setup'!$B$1) -> 0 | D33: =IF(D$4="",0,+'Business Expenses'!$C9/'Rental Setup'!$B$1) -> 0 | E33: =IF(E$4="",0,+'Business Expenses'!$C9/'Rental Setup'!$B$1) -> 0 | F33: =IF(F$4="",0,+'Business Expenses'!$C9/'Rental Setup'!$B$1) -> 0 | G33: =IF(G$4="",0,+'Business Expenses'!$C9/'Rental Setup'!$B$1) -> 0 | H33: =IF(H$4="",0,+'Business Expenses'!$C9/'Rental Setup'!$B$1) -> 0 | I33: =IF(I$4="",0,+'Business Expenses'!$C9/'Rental Setup'!$B$1) -> 0 | ... K33: =IF(K$4="",0,+'Business Expenses'!$C9/'Rental Setup'!$B$1) -> 0 | L33: =SUM(B33:K33) -> 0
A34: Software | B34: =IF(B$4="",0,+'Business Expenses'!$C10/'Rental Setup'!$B$1) -> 0 | C34: =IF(C$4="",0,+'Business Expenses'!$C10/'Rental Setup'!$B$1) -> 0 | D34: =IF(D$4="",0,+'Business Expenses'!$C10/'Rental Setup'!$B$1) -> 0 | E34: =IF(E$4="",0,+'Business Expenses'!$C10/'Rental Setup'!$B$1) -> 0 | F34: =IF(F$4="",0,+'Business Expenses'!$C10/'Rental Setup'!$B$1) -> 0 | G34: =IF(G$4="",0,+'Business Expenses'!$C10/'Rental Setup'!$B$1) -> 0 | H34: =IF(H$4="",0,+'Business Expenses'!$C10/'Rental Setup'!$B$1) -> 0 | I34: =IF(I$4="",0,+'Business Expenses'!$C10/'Rental Setup'!$B$1) -> 0 | ... K34: =IF(K$4="",0,+'Business Expenses'!$C10/'Rental Setup'!$B$1) -> 0 | L34: =SUM(B34:K34) -> 0
A35: Web site and services | B35: =IF(B$4="",0,+'Business Expenses'!$C11/'Rental Setup'!$B$1) -> 0 | C35: =IF(C$4="",0,+'Business Expenses'!$C11/'Rental Setup'!$B$1) -> 0 | D35: =IF(D$4="",0,+'Business Expenses'!$C11/'Rental Setup'!$B$1) -> 0 | E35: =IF(E$4="",0,+'Business Expenses'!$C11/'Rental Setup'!$B$1) -> 0 | F35: =IF(F$4="",0,+'Business Expenses'!$C11/'Rental Setup'!$B$1) -> 0 | G35: =IF(G$4="",0,+'Business Expenses'!$C11/'Rental Setup'!$B$1) -> 0 | H35: =IF(H$4="",0,+'Business Expenses'!$C11/'Rental Setup'!$B$1) -> 0 | I35: =IF(I$4="",0,+'Business Expenses'!$C11/'Rental Setup'!$B$1) -> 0 | ... K35: =IF(K$4="",0,+'Business Expenses'!$C11/'Rental Setup'!$B$1) -> 0 | L35: =SUM(B35:K35) -> 0
A36: Meals | B36: =IF(B$4="",0,+'Business Expenses'!$C12/'Rental Setup'!$B$1) -> 0 | C36: =IF(C$4="",0,+'Business Expenses'!$C12/'Rental Setup'!$B$1) -> 0 | D36: =IF(D$4="",0,+'Business Expenses'!$C12/'Rental Setup'!$B$1) -> 0 | E36: =IF(E$4="",0,+'Business Expenses'!$C12/'Rental Setup'!$B$1) -> 0 | F36: =IF(F$4="",0,+'Business Expenses'!$C12/'Rental Setup'!$B$1) -> 0 | G36: =IF(G$4="",0,+'Business Expenses'!$C12/'Rental Setup'!$B$1) -> 0 | H36: =IF(H$4="",0,+'Business Expenses'!$C12/'Rental Setup'!$B$1) -> 0 | I36: =IF(I$4="",0,+'Business Expenses'!$C12/'Rental Setup'!$B$1) -> 0 | ... K36: =IF(K$4="",0,+'Business Expenses'!$C12/'Rental Setup'!$B$1) -> 0 | L36: =SUM(B36:K36) -> 0
A37: Meetup entry fees | B37: =IF(B$4="",0,+'Business Expenses'!$C13/'Rental Setup'!$B$1) -> 0 | C37: =IF(C$4="",0,+'Business Expenses'!$C13/'Rental Setup'!$B$1) -> 0 | D37: =IF(D$4="",0,+'Business Expenses'!$C13/'Rental Setup'!$B$1) -> 0 | E37: =IF(E$4="",0,+'Business Expenses'!$C13/'Rental Setup'!$B$1) -> 0 | F37: =IF(F$4="",0,+'Business Expenses'!$C13/'Rental Setup'!$B$1) -> 0 | G37: =IF(G$4="",0,+'Business Expenses'!$C13/'Rental Setup'!$B$1) -> 0 | H37: =IF(H$4="",0,+'Business Expenses'!$C13/'Rental Setup'!$B$1) -> 0 | I37: =IF(I$4="",0,+'Business Expenses'!$C13/'Rental Setup'!$B$1) -> 0 | ... K37: =IF(K$4="",0,+'Business Expenses'!$C13/'Rental Setup'!$B$1) -> 0 | L37: =SUM(B37:K37) -> 0
A38: Expo attendance fees | B38: =IF(B$4="",0,+'Business Expenses'!$C14/'Rental Setup'!$B$1) -> 0 | C38: =IF(C$4="",0,+'Business Expenses'!$C14/'Rental Setup'!$B$1) -> 0 | D38: =IF(D$4="",0,+'Business Expenses'!$C14/'Rental Setup'!$B$1) -> 0 | E38: =IF(E$4="",0,+'Business Expenses'!$C14/'Rental Setup'!$B$1) -> 0 | F38: =IF(F$4="",0,+'Business Expenses'!$C14/'Rental Setup'!$B$1) -> 0 | G38: =IF(G$4="",0,+'Business Expenses'!$C14/'Rental Setup'!$B$1) -> 0 | H38: =IF(H$4="",0,+'Business Expenses'!$C14/'Rental Setup'!$B$1) -> 0 | I38: =IF(I$4="",0,+'Business Expenses'!$C14/'Rental Setup'!$B$1) -> 0 | ... K38: =IF(K$4="",0,+'Business Expenses'!$C14/'Rental Setup'!$B$1) -> 0 | L38: =SUM(B38:K38) -> 0
A39: Po box | B39: =IF(B$4="",0,+'Business Expenses'!$C15/'Rental Setup'!$B$1) -> 0 | C39: =IF(C$4="",0,+'Business Expenses'!$C15/'Rental Setup'!$B$1) -> 0 | D39: =IF(D$4="",0,+'Business Expenses'!$C15/'Rental Setup'!$B$1) -> 0 | E39: =IF(E$4="",0,+'Business Expenses'!$C15/'Rental Setup'!$B$1) -> 0 | F39: =IF(F$4="",0,+'Business Expenses'!$C15/'Rental Setup'!$B$1) -> 0 | G39: =IF(G$4="",0,+'Business Expenses'!$C15/'Rental Setup'!$B$1) -> 0 | H39: =IF(H$4="",0,+'Business Expenses'!$C15/'Rental Setup'!$B$1) -> 0 | I39: =IF(I$4="",0,+'Business Expenses'!$C15/'Rental Setup'!$B$1) -> 0 | ... K39: =IF(K$4="",0,+'Business Expenses'!$C15/'Rental Setup'!$B$1) -> 0 | L39: =SUM(B39:K39) -> 0
A40: Bookkeeping | B40: =IF(B$4="",0,+'Business Expenses'!$C16/'Rental Setup'!$B$1) -> 0 | C40: =IF(C$4="",0,+'Business Expenses'!$C16/'Rental Setup'!$B$1) -> 0 | D40: =IF(D$4="",0,+'Business Expenses'!$C16/'Rental Setup'!$B$1) -> 0 | E40: =IF(E$4="",0,+'Business Expenses'!$C16/'Rental Setup'!$B$1) -> 0 | F40: =IF(F$4="",0,+'Business Expenses'!$C16/'Rental Setup'!$B$1) -> 0 | G40: =IF(G$4="",0,+'Business Expenses'!$C16/'Rental Setup'!$B$1) -> 0 | H40: =IF(H$4="",0,+'Business Expenses'!$C16/'Rental Setup'!$B$1) -> 0 | I40: =IF(I$4="",0,+'Business Expenses'!$C16/'Rental Setup'!$B$1) -> 0 | ... K40: =IF(K$4="",0,+'Business Expenses'!$C16/'Rental Setup'!$B$1) -> 0 | L40: =SUM(B40:K40) -> 0
... A43: Other | B43: =IF(B$4="",0,+'Business Expenses'!$C19/'Rental Setup'!$B$1) -> 0 | C43: =IF(C$4="",0,+'Business Expenses'!$C19/'Rental Setup'!$B$1) -> 0 | D43: =IF(D$4="",0,+'Business Expenses'!$C19/'Rental Setup'!$B$1) -> 0 | E43: =IF(E$4="",0,+'Business Expenses'!$C19/'Rental Setup'!$B$1) -> 0 | F43: =IF(F$4="",0,+'Business Expenses'!$C19/'Rental Setup'!$B$1) -> 0 | G43: =IF(G$4="",0,+'Business Expenses'!$C19/'Rental Setup'!$B$1) -> 0 | H43: =IF(H$4="",0,+'Business Expenses'!$C19/'Rental Setup'!$B$1) -> 0 | I43: =IF(I$4="",0,+'Business Expenses'!$C19/'Rental Setup'!$B$1) -> 0 | ... K43: =IF(K$4="",0,+'Business Expenses'!$C19/'Rental Setup'!$B$1) -> 0 | L43: =SUM(B43:K43) -> 0
A45: Net Income or Loss | B45: =B8-B12-B28 -> 0 | C45: =C8-C12-C28 -> 0 | D45: =D8-D12-D28 -> 0 | E45: =E8-E12-E28 -> 0 | F45: =F8-F12-F28 -> 0 | G45: =G8-G12-G28 -> 0 | H45: =H8-H12-H28 -> 0 | I45: =I8-I12-I28 -> 0 | ... L45: =L8-L12-L28 -> 0

Sheet AUG - Repairs
A1: REPAIRS
A2: Some elements of renovations can be expensed all at once, and do not need to be capitalized. Please provide the details for renovations/repair
A3: costs related to each property here. Include the total cost of supplies and labor related to each item.
A5: REPAIRS | B5: RENTAL 1 | C5: RENTAL 2 | D5: RENTAL 3 | E5: RENTAL 4 | F5: RENTAL 5 | G5: RENTAL 6 | H5: RENTAL 7 | I5: RENTAL 8 | J5: RENTAL 9 | K5: RENTAL 10 | L5: TOTAL
A6: Address | B6: =IF(+'Rental Setup'!B4="","",+'Rental Setup'!B4) | C6: =IF(+'Rental Setup'!C4="","",+'Rental Setup'!C4) | D6: =IF(+'Rental Setup'!D4="","",+'Rental Setup'!D4) | E6: =IF(+'Rental Setup'!E4="","",+'Rental Setup'!E4) | F6: =IF(+'Rental Setup'!F4="","",+'Rental Setup'!F4) | G6: =IF(+'Rental Setup'!G4="","",+'Rental Setup'!G4) | H6: =IF(+'Rental Setup'!H4="","",+'Rental Setup'!H4) | I6: =IF(+'Rental Setup'!I4="","",+'Rental Setup'!I4) | ... K6: =IF(+'Rental Setup'!K4="","",+'Rental Setup'!K4)
A7: City | B7: =IF(+'Rental Setup'!B5="","",+'Rental Setup'!B5) | C7: =IF(+'Rental Setup'!C5="","",+'Rental Setup'!C5) | D7: =IF(+'Rental Setup'!D5="","",+'Rental Setup'!D5) | E7: =IF(+'Rental Setup'!E5="","",+'Rental Setup'!E5) | F7: =IF(+'Rental Setup'!F5="","",+'Rental Setup'!F5) | G7: =IF(+'Rental Setup'!G5="","",+'Rental Setup'!G5) | H7: =IF(+'Rental Setup'!H5="","",+'Rental Setup'!H5) | I7: =IF(+'Rental Setup'!I5="","",+'Rental Setup'!I5) | ... K7: =IF(+'Rental Setup'!K5="","",+'Rental Setup'!K5)
A8: State Zip | B8: =IF(+'Rental Setup'!B6="","",+'Rental Setup'!B6) | C8: =IF(+'Rental Setup'!C6="","",+'Rental Setup'!C6) | D8: =IF(+'Rental Setup'!D6="","",+'Rental Setup'!D6) | E8: =IF(+'Rental Setup'!E6="","",+'Rental Setup'!E6) | F8: =IF(+'Rental Setup'!F6="","",+'Rental Setup'!F6) | G8: =IF(+'Rental Setup'!G6="","",+'Rental Setup'!G6) | H8: =IF(+'Rental Setup'!H6="","",+'Rental Setup'!H6) | I8: =IF(+'Rental Setup'!I6="","",+'Rental Setup'!I6) | ... K8: =IF(+'Rental Setup'!K6="","",+'Rental Setup'!K6)
A10: GENERAL | B10: =SUM(B11:B18) -> 0 | C10: =SUM(C11:C18) -> 0 | D10: =SUM(D11:D18) -> 0 | E10: =SUM(E11:E18) -> 0 | F10: =SUM(F11:F18) -> 0 | G10: =SUM(G11:G18) -> 0 | H10: =SUM(H11:H18) -> 0 | I10: =SUM(I11:I18) -> 0 | ... L10: =SUM(L11:L18) -> 0
A11: Appliances | L11: =SUM(B11:K11) -> 0
A12: Carpet (Not other flooring) | L12: =SUM(B12:K12) -> 0
A13: Paint | L13: =SUM(B13:K13) -> 0
A14: Landscaping/ fencing/ paving | L14: =SUM(B14:K14) -> 0
A15: Window Treatments | L15: =SUM(B15:K15) -> 0
A16: Kitchen Cabinets | L16: =SUM(B16:K16) -> 0
A17: Kitchen Counters | L17: =SUM(B17:K17) -> 0
A18: Light Fixtures | L18: =SUM(B18:K18) -> 0
A20: REPAIRS UNDER $2,500 | B20: =SUM(B21:B40) -> 0 | C20: =SUM(C21:C40) -> 0 | D20: =SUM(D21:D40) -> 0 | E20: =SUM(E21:E40) -> 0 | F20: =SUM(F21:F40) -> 0 | G20: =SUM(G21:G40) -> 0 | H20: =SUM(H21:H40) -> 0 | I20: =SUM(I21:I40) -> 0 | ... L20: =SUM(L21:L40) -> 0
L21: =SUM(B21:K21) -> 0
L22: =SUM(B22:K22) -> 0
L23: =SUM(B23:K23) -> 0
L24: =SUM(B24:K24) -> 0
L25: =SUM(B25:K25) -> 0
L26: =SUM(B26:K26) -> 0
L27: =SUM(B27:K27) -> 0
L28: =SUM(B28:K28) -> 0
L29: =SUM(B29:K29) -> 0
L30: =SUM(B30:K30) -> 0
L31: =SUM(B31:K31) -> 0
L32: =SUM(B32:K32) -> 0
... L40: =SUM(B40:K40) -> 0
A42: TOTAL RENOVATIONS (NOT including the items) separated out above | B42: =SUM(B43:B70) -> 0 | C42: =SUM(C43:C70) -> 0 | D42: =SUM(D43:D70) -> 0 | E42: =SUM(E43:E70) -> 0 | F42: =SUM(F43:F70) -> 0 | G42: =SUM(G43:G70) -> 0 | H42: =SUM(H43:H70) -> 0 | I42: =SUM(I43:I70) -> 0 | ... L42: =SUM(L43:L70) -> 0
L43: =SUM(B43:K43) -> 0
L44: =SUM(B44:K44) -> 0
L45: =SUM(B45:K45) -> 0
L46: =SUM(B46:K46) -> 0
L47: =SUM(B47:K47) -> 0
L48: =SUM(B48:K48) -> 0
L49: =SUM(B49:K49) -> 0
L50: =SUM(B50:K50) -> 0
L51: =SUM(B51:K51) -> 0
L52: =SUM(B52:K52) -> 0
L53: =SUM(B53:K53) -> 0
L54: =SUM(B54:K54) -> 0
... L70: =SUM(B70:K70) -> 0

Sheet SEP
A1: SEPTEMBER
A3: =+A1 -> SEPTEMBER | B3: RENTAL 1 | C3: RENTAL 2 | D3: RENTAL 3 | E3: RENTAL 4 | F3: RENTAL 5 | G3: RENTAL 6 | H3: RENTAL 7 | I3: RENTAL 8 | J3: RENTAL 9 | K3: RENTAL 10 | L3: TOTAL
A4: Address | B4: =IF(+'Rental Setup'!B4="","",+'Rental Setup'!B4) | C4: =IF(+'Rental Setup'!C4="","",+'Rental Setup'!C4) | D4: =IF(+'Rental Setup'!D4="","",+'Rental Setup'!D4) | E4: =IF(+'Rental Setup'!E4="","",+'Rental Setup'!E4) | F4: =IF(+'Rental Setup'!F4="","",+'Rental Setup'!F4) | G4: =IF(+'Rental Setup'!G4="","",+'Rental Setup'!G4) | H4: =IF(+'Rental Setup'!H4="","",+'Rental Setup'!H4) | I4: =IF(+'Rental Setup'!I4="","",+'Rental Setup'!I4) | ... K4: =IF(+'Rental Setup'!K4="","",+'Rental Setup'!K4)
A5: City | B5: =IF(+'Rental Setup'!B5="","",+'Rental Setup'!B5) | C5: =IF(+'Rental Setup'!C5="","",+'Rental Setup'!C5) | D5: =IF(+'Rental Setup'!D5="","",+'Rental Setup'!D5) | E5: =IF(+'Rental Setup'!E5="","",+'Rental Setup'!E5) | F5: =IF(+'Rental Setup'!F5="","",+'Rental Setup'!F5) | G5: =IF(+'Rental Setup'!G5="","",+'Rental Setup'!G5) | H5: =IF(+'Rental Setup'!H5="","",+'Rental Setup'!H5) | I5: =IF(+'Rental Setup'!I5="","",+'Rental Setup'!I5) | ... K5: =IF(+'Rental Setup'!K5="","",+'Rental Setup'!K5)
A6: State Zip | B6: =IF(+'Rental Setup'!B6="","",+'Rental Setup'!B6) | C6: =IF(+'Rental Setup'!C6="","",+'Rental Setup'!C6) | D6: =IF(+'Rental Setup'!D6="","",+'Rental Setup'!D6) | E6: =IF(+'Rental Setup'!E6="","",+'Rental Setup'!E6) | F6: =IF(+'Rental Setup'!F6="","",+'Rental Setup'!F6) | G6: =IF(+'Rental Setup'!G6="","",+'Rental Setup'!G6) | H6: =IF(+'Rental Setup'!H6="","",+'Rental Setup'!H6) | I6: =IF(+'Rental Setup'!I6="","",+'Rental Setup'!I6) | ... K6: =IF(+'Rental Setup'!K6="","",+'Rental Setup'!K6)
A8: INCOME | B8: =SUM(B9:B10) -> 0 | C8: =SUM(C9:C10) -> 0 | D8: =SUM(D9:D10) -> 0 | E8: =SUM(E9:E10) -> 0 | F8: =SUM(F9:F10) -> 0 | G8: =SUM(G9:G10) -> 0 | H8: =SUM(H9:H10) -> 0 | I8: =SUM(I9:I10) -> 0 | ... L8: =SUM(L9:L10) -> 0
A9: Rents | L9: =SUM(B9:K9) -> 0
A10: Other Income | L10: =SUM(B10:K10) -> 0
A12: EXPENSES | B12: =SUM(B13:B26) -> 0 | C12: =SUM(C13:C26) -> 0 | D12: =SUM(D13:D26) -> 0 | E12: =SUM(E13:E26) -> 0 | F12: =SUM(F13:F26) -> 0 | G12: =SUM(G13:G26) -> 0 | H12: =SUM(H13:H26) -> 0 | I12: =SUM(I13:I26) -> 0 | ... L12: =SUM(L13:L26) -> 0
A13: Advertising | L13: =SUM(B13:K13) -> 0
A14: Miles Driven | L14: =SUM(B14:K14) -> 0
A15: Cleaning and Maintance | L15: =SUM(B15:K15) -> 0
A16: Commissions | L16: =SUM(B16:K16) -> 0
A17: Insurance | L17: =SUM(B17:K17) -> 0
A18: Legal and professional Fees | L18: =SUM(B18:K18) -> 0
A19: Management Fees | L19: =SUM(B19:K19) -> 0
A20: Mortgage Interest | L20: =SUM(B20:K20) -> 0
A21: Other Interest | L21: =SUM(B21:K21) -> 0
A22: Repairs | B22: =+'SEP - Repairs'!B10+'SEP - Repairs'!B20 -> 0 | C22: =+'SEP - Repairs'!C10+'SEP - Repairs'!C20 -> 0 | D22: =+'SEP - Repairs'!D10+'SEP - Repairs'!D20 -> 0 | E22: =+'SEP - Repairs'!E10+'SEP - Repairs'!E20 -> 0 | F22: =+'SEP - Repairs'!F10+'SEP - Repairs'!F20 -> 0 | G22: =+'SEP - Repairs'!G10+'SEP - Repairs'!G20 -> 0 | H22: =+'SEP - Repairs'!H10+'SEP - Repairs'!H20 -> 0 | I22: =+'SEP - Repairs'!I10+'SEP - Repairs'!I20 -> 0 | ... K22: =+'SEP - Repairs'!K10+'SEP - Repairs'!K20 -> 0 | L22: =SUM(B22:K22) -> 0
A23: Supplies | L23: =SUM(B23:K23) -> 0
A24: Taxes | L24: =SUM(B24:K24) -> 0
A25: Utilities | L25: =SUM(B25:K25) -> 0
A26: Other | L26: =SUM(B26:K26) -> 0
A28: ALLOCATED EXPENSES | B28: =SUM(B29:B43) -> 0 | C28: =SUM(C29:C43) -> 0 | D28: =SUM(D29:D43) -> 0 | E28: =SUM(E29:E43) -> 0 | F28: =SUM(F29:F43) -> 0 | G28: =SUM(G29:G43) -> 0 | H28: =SUM(H29:H43) -> 0 | I28: =SUM(I29:I43) -> 0 | ... L28: =SUM(L29:L43) -> 0
